Workbook

Sheet Winst en verlies rekening
B2: Standaardformulier O15 Financieel economische onderbouwing Waddenveren Oost | H2: Instructie
E3: Versie juli 2026 | H3: Vul de oranje cellen in
B4: Inschrijver
F7: 2029 | G7: 2030 | H7: 2031 | I7: 2032 | J7: 2033 | K7: 2034 | L7: 2035 | M7: 2036
E8: Van | F8: 47127 | G8: 47484 | H8: 47849 | I8: 48214 | J8: 48580 | K8: 48945 | L8: 49310 | M8: 49675
E9: tot en met | F9: 47483 | G9: 47848 | H9: 48213 | I9: 48579 | J9: 48944 | K9: 49309 | L9: 49674 | M9: 49679
E10: Dagen | F10: =(DATEDIF(F8,F9,"D"))+1 -> 357 | G10: =(DATEDIF(G8,G9,"D"))+1 -> 365 | H10: =(DATEDIF(H8,H9,"D"))+1 -> 365 | I10: =(DATEDIF(I8,I9,"D"))+1 -> 366 | J10: =(DATEDIF(J8,J9,"D"))+1 -> 365 | K10: =(DATEDIF(K8,K9,"D"))+1 -> 365 | L10: =(DATEDIF(L8,L9,"D"))+1 -> 365 | M10: =(DATEDIF(M8,M9,"D"))+1 -> 5
C11: Directe kosten
B13: A | C13: Loonkosten direct Personeel | F13: =SUM(F14:F15) -> 0 | G13: =SUM(G14:G15) -> 0 | H13: =SUM(H14:H15) -> 0 | I13: =SUM(I14:I15) -> 0 | J13: =SUM(J14:J15) -> 0 | K13: =SUM(K14:K15) -> 0 | L13: =SUM(L14:L15) -> 0 | M13: =SUM(M14:M15) -> 0
B14: A.01 | C14: Loonkosten direct Personeel | D14: A.01 | F14: =A.01!B7 -> 0 | G14: =A.01!C7 -> 0 | H14: =A.01!D7 -> 0 | I14: =A.01!E7 -> 0 | J14: =A.01!F7 -> 0 | K14: =A.01!G7 -> 0 | L14: =A.01!H7 -> 0 | M14: =A.01!I7 -> 0
B15: A.02 | C15: Overige personeelskosten direct Pers. | F15: =SUM(F16:F17) -> 0 | G15: =SUM(G16:G17) -> 0 | H15: =SUM(H16:H17) -> 0 | I15: =SUM(I16:I17) -> 0 | J15: =SUM(J16:J17) -> 0 | K15: =SUM(K16:K17) -> 0 | L15: =SUM(L16:L17) -> 0 | M15: =SUM(M16:M17) -> 0
B16: A.02.1 | C16: … < specificeren > … | F16: 0 | G16: 0 | H16: 0 | I16: 0 | J16: 0 | K16: 0 | L16: 0 | M16: 0
B17: A.02.2 | C17: … < specificeren > … | F17: 0 | G17: 0 | H17: 0 | I17: 0 | J17: 0 | K17: 0 | L17: 0 | M17: 0
B19: B | C19: Kosten schepen | F19: =SUM(F20:F26) -> 0 | G19: =SUM(G20:G26) -> 0 | H19: =SUM(H20:H26) -> 0 | I19: =SUM(I20:I26) -> 0 | J19: =SUM(J20:J26) -> 0 | K19: =SUM(K20:K26) -> 0 | L19: =SUM(L20:L26) -> 0 | M19: =SUM(M20:M26) -> 0
B20: B.01 | C20: Afschrijvingskosten Schepen | D20: B.01 | F20: =B.01!O23 -> 0 | G20: =B.01!O24 -> 0 | H20: =B.01!O25 -> 0 | I20: =B.01!O26 -> 0 | J20: =B.01!O27 -> 0 | K20: =B.01!O28 -> 0 | L20: =B.01!O29 -> 0 | M20: =B.01!O30 -> 0
B21: B.02 | C21: Afschrijvingskosten Laadinfrastructuur | D21: B.02 | F21: =B.02!$S16 -> 0 | G21: =B.02!$S16 -> 0 | H21: =B.02!$S16 -> 0 | I21: =B.02!$S16 -> 0 | J21: =B.02!$S16 -> 0 | K21: =B.02!$S16 -> 0 | L21: =B.02!$S16 -> 0 | M21: =B.02!$S16 -> 0
B22: B.03 | C22: Onderhoudskosten Laadinfrastructuur | D22: B.03 | F22: =B.03!$J9 -> 0 | G22: =B.03!$J10 -> 0 | H22: =B.03!$J11 -> 0 | I22: =B.03!$J12 -> 0 | J22: =B.03!$J13 -> 0 | K22: =B.03!$J14 -> 0 | L22: =B.03!$J15 -> 0 | M22: =B.03!$J16 -> 0
B23: B.04 | C23: Kosten Operational lease/inhuur Schepen | F23: 0 | G23: 0 | H23: 0 | I23: 0 | J23: 0 | K23: 0 | L23: 0 | M23: 0
B24: B.05 | C24: Onderhoudskosten Schepen | D24: B.05 | F24: =B.05!$J$9 -> 0 | G24: =B.05!$J$10 -> 0 | H24: =B.05!$J$11 -> 0 | I24: =B.05!$J$12 -> 0 | J24: =B.05!$J$13 -> 0 | K24: =B.05!$J$14 -> 0 | L24: =B.05!$J$15 -> 0 | M24: =B.05!$J$16 -> 0
B25: B.06 | C25: Brandstof Schepen | D25: B.06 | F25: =B.06!B37 -> 0 | G25: =B.06!C37 -> 0 | H25: =B.06!D37 -> 0 | I25: =B.06!E37 -> 0 | J25: =B.06!F37 -> 0 | K25: =B.06!G37 -> 0 | L25: =B.06!H37 -> 0 | M25: =B.06!I37 -> 0
B26: B.07 | C26: Overige kosten Schepen | F26: =SUM(F27:F28) -> 0 | G26: =SUM(G27:G28) -> 0 | H26: =SUM(H27:H28) -> 0 | I26: =SUM(I27:I28) -> 0 | J26: =SUM(J27:J28) -> 0 | K26: =SUM(K27:K28) -> 0 | L26: =SUM(L27:L28) -> 0 | M26: =SUM(M27:M28) -> 0
B27: B.07.1 | C27: … < specificeren > … | F27: 0 | G27: 0 | H27: 0 | I27: 0 | J27: 0 | K27: 0 | L27: 0 | M27: 0
B28: B.07.2 | C28: … < specificeren > … | F28: 0 | G28: 0 | H28: 0 | I28: 0 | J28: 0 | K28: 0 | L28: 0 | M28: 0
B31: C | C31: Kosten Productiemiddelen | F31: =SUM(F32:F36) -> 0 | G31: =SUM(G32:G36) -> 0 | H31: =SUM(H32:H36) -> 0 | I31: =SUM(I32:I36) -> 0 | J31: =SUM(J32:J36) -> 0 | K31: =SUM(K32:K36) -> 0 | L31: =SUM(L32:L36) -> 0 | M31: =SUM(M32:M36) -> 0
B32: C.01 | C32: Vergoeding Productiemiddelen Vastgoedovereenkomst | F32: =0.066*(F59+F83) -> 0 | G32: =0.066*(G59+G83) -> 0 | H32: =0.066*(H59+H83) -> 0 | I32: =0.066*(I59+I83) -> 0 | J32: =0.066*(J59+J83) -> 0 | K32: =0.066*(K59+K83) -> 0 | L32: =0.066*(L59+L83) -> 0 | M32: =0.066*(M59+M83) -> 0
B33: C.02 | C33: Kosten opstalrecht Terminalgebouwen | F33: 0 | G33: 0 | H33: 0 | I33: 0 | J33: 0 | K33: 0 | L33: 0 | M33: 0
B34: C.03 | C34: Onderhoudskosten Productiemiddelen | D34: C.03 | F34: ='C.03'!$J$9 -> 0 | G34: ='C.03'!$J$10 -> 0 | H34: ='C.03'!$J$11 -> 0 | I34: ='C.03'!$J$12 -> 0 | J34: ='C.03'!$J$13 -> 0 | K34: ='C.03'!$J$14 -> 0 | L34: ='C.03'!$J$15 -> 0 | M34: ='C.03'!$J$16 -> 0
B35: C.04 | C35: Afschrijvingskosten overige roerende zaken | F35: 0 | G35: 0 | H35: 0 | I35: 0 | J35: 0 | K35: 0 | L35: 0 | M35: 0
B36: C.05 | C36: Onderhoudskosten overige roerende zaken | F36: 0 | G36: 0 | H36: 0 | I36: 0 | J36: 0 | K36: 0 | L36: 0 | M36: 0
C38: Indirecte kosten
B40: D | C40: Loonkosten indirect personeel | F40: =SUM(F41:F42) -> 0 | G40: =SUM(G41:G42) -> 0 | H40: =SUM(H41:H42) -> 0 | I40: =SUM(I41:I42) -> 0 | J40: =SUM(J41:J42) -> 0 | K40: =SUM(K41:K42) -> 0 | L40: =SUM(L41:L42) -> 0 | M40: =SUM(M41:M42) -> 0
B41: D.01 | C41: Loonkosten indirect Personeel | D41: D.01 | F41: =D.01!B7 -> 0 | G41: =D.01!C7 -> 0 | H41: =D.01!D7 -> 0 | I41: =D.01!E7 -> 0 | J41: =D.01!F7 -> 0 | K41: =D.01!G7 -> 0 | L41: =D.01!H7 -> 0 | M41: =D.01!I7 -> 0
B42: D.02 | C42: Overige personeelkst indirect Pers. | F42: =F43+F44 -> 0 | G42: =G43+G44 -> 0 | H42: =H43+H44 -> 0 | I42: =I43+I44 -> 0 | J42: =J43+J44 -> 0 | K42: =K43+K44 -> 0 | L42: =L43+L44 -> 0 | M42: =M43+M44 -> 0
B43: D.02.1 | C43: … < specificeren > … | F43: 0 | G43: 0 | H43: 0 | I43: 0 | J43: 0 | K43: 0 | L43: 0 | M43: 0
B44: D.02.2 | C44: … < specificeren > … | F44: 0 | G44: 0 | H44: 0 | I44: 0 | J44: 0 | K44: 0 | L44: 0 | M44: 0
B46: E | C46: Overige indirecte kosten | F46: =SUM(F47:F49) -> 0 | G46: =SUM(G47:G49) -> 0 | H46: =SUM(H47:H49) -> 0 | I46: =SUM(I47:I49) -> 0 | J46: =SUM(J47:J49) -> 0 | K46: =SUM(K47:K49) -> 0 | L46: =SUM(L47:L49) -> 0 | M46: =SUM(M47:M49) -> 0
B47: E.01 | C47: Huisvestingskosten (hoofd)kantoor | F47: 0 | G47: 0 | H47: 0 | I47: 0 | J47: 0 | K47: 0 | L47: 0 | M47: 0
B48: E.02 | C48: Implementatie en overdracht | D48: E.02 | F48: =E.02!J36 -> 0 | G48: =E.02!J37 -> 0 | H48: =E.02!J38 -> 0 | I48: =E.02!J39 -> 0 | J48: =E.02!J40 -> 0 | K48: =E.02!J41 -> 0 | L48: =E.02!J42 -> 0 | M48: =E.02!J43 -> 0
B49: E.03 | C49: Overige kosten | F49: =SUM(F50:F51) -> 0 | G49: =SUM(G50:G51) -> 0 | H49: =SUM(H50:H51) -> 0 | I49: =SUM(I50:I51) -> 0 | J49: =SUM(J50:J51) -> 0 | K49: =SUM(K50:K51) -> 0 | L49: =SUM(L50:L51) -> 0 | M49: =SUM(M50:M51) -> 0
B50: E.03.1 | C50: … < specificeren > … | F50: 0 | G50: 0 | H50: 0 | I50: 0 | J50: 0 | K50: 0 | L50: 0 | M50: 0
B51: E.03.2 | C51: … < specificeren > … | F51: 0 | G51: 0 | H51: 0 | I51: 0 | J51: 0 | K51: 0 | L51: 0 | M51: 0
B53: F | C53: Totale kosten (A+B+C+D+E) | F53: =F13+F19+F31+F40+F46 -> 0 | G53: =G13+G19+G31+G40+G46 -> 0 | H53: =H13+H19+H31+H40+H46 -> 0 | I53: =I13+I19+I31+I40+I46 -> 0 | J53: =J13+J19+J31+J40+J46 -> 0 | K53: =K13+K19+K31+K40+K46 -> 0 | L53: =L13+L19+L31+L40+L46 -> 0 | M53: =M13+M19+M31+M40+M46 -> 0
B56: G | C56: Opbrengsten | F56: =SUM(F57:F59) -> 0 | G56: =SUM(G57:G59) -> 0 | H56: =SUM(H57:H59) -> 0 | I56: =SUM(I57:I59) -> 0 | J56: =SUM(J57:J59) -> 0 | K56: =SUM(K57:K59) -> 0 | L56: =SUM(L57:L59) -> 0 | M56: =SUM(M57:M59) -> 0
B57: G.01 | C57: Opbrengsten kaartverkoop Reguliere dienst | D57: G.01 | F57: =G.01!J30 -> 0 | G57: =G.01!J59 -> 0 | H57: =G.01!J88 -> 0 | I57: =G.01!J117 -> 0 | J57: =G.01!J146 -> 0 | K57: =G.01!J175 -> 0 | L57: =G.01!J204 -> 0 | M57: =G.01!J233 -> 0
B58: G.02 | C58: Opbrengsten kaartverkoop Sneldienst | D58: G.02 | F58: =G.02!J13 -> 0 | G58: =G.02!J23 -> 0 | H58: =G.02!J33 -> 0 | I58: =G.02!J43 -> 0 | J58: =G.02!J53 -> 0 | K58: =G.02!J63 -> 0 | L58: =G.02!J73 -> 0 | M58: =G.02!J83 -> 0
B59: G.03 | C59: Opbrengsten uit catering aan boord van de Schepen | F59: 0 | G59: 0 | H59: 0 | I59: 0 | J59: 0 | K59: 0 | L59: 0 | M59: 0
B63: H | C63: EBITDA | F63: =(F56-F53)+(F20+F21+F35) -> 0 | G63: =(G56-G53)+(G20+G21+G35) -> 0 | H63: =(H56-H53)+(H20+H21+H35) -> 0 | I63: =(I56-I53)+(I20+I21+I35) -> 0 | J63: =(J56-J53)+(J20+J21+J35) -> 0 | K63: =(K56-K53)+(K20+K21+K35) -> 0 | L63: =(L56-L53)+(L20+L21+L35) -> 0 | M63: =(M56-M53)+(M20+M21+M35) -> 0
B65: I | C65: EBIT | F65: =(F56-F53) -> 0 | G65: =(G56-G53) -> 0 | H65: =(H56-H53) -> 0 | I65: =(I56-I53) -> 0 | J65: =(J56-J53) -> 0 | K65: =(K56-K53) -> 0 | L65: =(L56-L53) -> 0 | M65: =(M56-M53) -> 0
B68: J | C68: Overige lasten | F68: =F69-F70+F73-F74 -> 0 | G68: =G69-G70+G73-G74 -> 0 | H68: =H69-H70+H73-H74 -> 0 | I68: =I69-I70+I73-I74 -> 0 | J68: =J69-J70+J73-J74 -> 0 | K68: =K69-K70+K73-K74 -> 0 | L68: =L69-L70+L73-L74 -> 0 | M68: =M69-M70+M73-M74 -> 0
B69: J.01 | C69: Rentebaten | F69: 0 | G69: 0 | H69: 0 | I69: 0 | J69: 0 | K69: 0 | L69: 0 | M69: 0
B70: J.02 | C70: Rentelasten | F70: =SUM(F71:F72) -> 0 | G70: =SUM(G71:G72) -> 0 | H70: =SUM(H71:H72) -> 0 | I70: =SUM(I71:I72) -> 0 | J70: =SUM(J71:J72) -> 0 | K70: =SUM(K71:K72) -> 0 | L70: =SUM(L71:L72) -> 0 | M70: =SUM(M71:M72) -> 0
B71: J.02.01 | C71: Rentelasten Financial lease Schepen | F71: 0 | G71: 0 | H71: 0 | I71: 0 | J71: 0 | K71: 0 | L71: 0 | M71: 0
B72: J.02.02 | C72: Overige rentelasten | F72: 0 | G72: 0 | H72: 0 | I72: 0 | J72: 0 | K72: 0 | L72: 0 | M72: 0
B73: J.03 | C73: Resultaat deelneming | F73: 0 | G73: 0 | H73: 0 | I73: 0 | J73: 0 | K73: 0 | L73: 0 | M73: 0
B74: J.04 | C74: Vennootschapbelasting | F74: 0 | G74: 0 | H74: 0 | I74: 0 | J74: 0 | K74: 0 | L74: 0 | M74: 0
B77: K | C77: Netto resultaat | F77: =F65+F68 -> 0 | G77: =G65+G68 -> 0 | H77: =H65+H68 -> 0 | I77: =I65+I68 -> 0 | J77: =J65+J68 -> 0 | K77: =K65+K68 -> 0 | L77: =L65+L68 -> 0 | M77: =M65+M68 -> 0
B80: L | C80: Gemiddelde rendement over 3 jaar (RONAT) | D80: L.01 | H80: =L.01!E17 -> 0 | I80: =L.01!F17 -> 0 | J80: =L.01!G17 -> 0 | K80: =L.01!H17 -> 0 | L80: =L.01!I17 -> 0 | M80: =L.01!J17 -> 0
B83: M | C83: Beleidsinformatie overige opbrengsten n.v.t. berekening rendement | F83: =SUM(F84:F85) -> 0 | G83: =SUM(G84:G85) -> 0 | H83: =SUM(H84:H85) -> 0 | I83: =SUM(I84:I85) -> 0 | J83: =SUM(J84:J85) -> 0 | K83: =SUM(K84:K85) -> 0 | L83: =SUM(L84:L85) -> 0 | M83: =SUM(M84:M85) -> 0
B84: M.01 | C84: Horecavoorzieningen aan wal | F84: 0 | G84: 0 | H84: 0 | I84: 0 | J84: 0 | K84: 0 | L84: 0 | M84: 0
B85: M.02 | C85: Overige commerciële activiteiten | F85: =SUM(F86:F88) -> 0 | G85: =SUM(G86:G88) -> 0 | H85: =SUM(H86:H88) -> 0 | I85: =SUM(I86:I88) -> 0 | J85: =SUM(J86:J88) -> 0 | K85: =SUM(K86:K88) -> 0 | L85: =SUM(L86:L88) -> 0 | M85: =SUM(M86:M88) -> 0
B86: M.02.01 | C86: … < specificeren > … | F86: 0 | G86: 0 | H86: 0 | I86: 0 | J86: 0 | K86: 0 | L86: 0 | M86: 0
B87: M.02.02 | C87: … < specificeren > … | F87: 0 | G87: 0 | H87: 0 | I87: 0 | J87: 0 | K87: 0 | L87: 0 | M87: 0
B88: M.02.03 | C88: … < specificeren > … | F88: 0 | G88: 0 | H88: 0 | I88: 0 | J88: 0 | K88: 0 | L88: 0 | M88: 0

Sheet A.01
A1: A.01 Loonkosten direct Personeel | F1: Instructie | G1: Vul de oranje cellen in
A2: terug
A4: Jaar | B4: 2029 | C4: =B4+1 -> 2030 | D4: =C4+1 -> 2031 | E4: =D4+1 -> 2032 | F4: =E4+1 -> 2033 | G4: =F4+1 -> 2034 | H4: =G4+1 -> 2035 | I4: =H4+1 -> 2036
A5: Gemiddelde jaarloonsom per fte
A6: Aantal fte
A7: Totale loonsom | B7: =B5*B6 -> 0 | C7: =C5*C6 -> 0 | D7: =D5*D6 -> 0 | E7: =E5*E6 -> 0 | F7: =F5*F6 -> 0 | G7: =G5*G6 -> 0 | H7: =H5*H6 -> 0 | I7: =I5*I6 -> 0

Sheet B.01
A1: B.01 Afschrijvingskosten Schepen | F1: Instructie | H1: Vul de oranje cellen in
A2: terug
A5: Omschrijving type schip | B5: Ms Sier | C5: Ms Oerd | D5: Ms Rottum | E5: Ms Monnik | F5: Ms Esonborg | G5: Ms Fostaborg | H5: Ms Hiddeborg | I5: <Nieuw Schip>
A6: Nieuw/Overname | B6: Overname | C6: Overname | D6: Overname | E6: Overname | F6: Overname | G6: Overname | H6: Overname | I6: Nieuw | J6: Nieuw | K6: Nieuw | L6: Nieuw | M6: Nieuw | N6: Nieuw
A7: Component | B7: Totale Schip | C7: Totale Schip | D7: Totale Schip | E7: Totale Schip | F7: Totale Schip | G7: Totale Schip | H7: Totale Schip | I7: Casco (hull) | J7: Motoren | K7: Voorstuwing | L7: Hulpsystemen | M7: Elektrische & Nautische installaties | N7: Interieur & passagiers-voorzieningen | O7: Totaal aanschafprijs
A8: Aanschafprijs Component | O8: =SUM(B8:N8) -> 0
A9: Bouwjaar
A10: Leeftijd (Lc)
A11: Afschrijvingstermijn (Tc)
A12: Effectieve afschrijvingstermijn (T*c) | B12: =IF(B10="","",MAX(B10+B14,B11)) | C12: =IF(C10="","",MAX(C10+C14,C11)) | D12: =IF(D10="","",MAX(D10+D14,D11)) | E12: =IF(E10="","",MAX(E10+E14,E11)) | F12: =IF(F10="","",MAX(F10+F14,F11)) | H12: =IF(H10="","",MAX(H10+H14,H11)) | I12: =IF(I10="","",MAX(I10+I14,I11)) | J12: =IF(J10="","",MAX(J10+J14,J11)) | K12: =IF(K10="","",MAX(K10+K14,K11)) | L12: =IF(L10="","",MAX(L10+L14,L11)) | M12: =IF(M10="","",MAX(M10+M14,M11)) | N12: =IF(N10="","",MAX(N10+N14,N11))
A13: Resterende levensduur (RL*c) | B13: =IF(B10="","",MAX(B11-B10,B14)) | C13: =IF(C10="","",MAX(C11-C10,C14)) | D13: =IF(D10="","",MAX(D11-D10,D14)) | E13: =IF(E10="","",MAX(E11-E10,E14)) | F13: =IF(F10="","",MAX(F11-F10,F14)) | H13: =IF(H10="","",MAX(H11-H10,H14)) | I13: =IF(I10="","",MAX(I11-I10,I14)) | J13: =IF(J10="","",MAX(J11-J10,J14)) | K13: =IF(K10="","",MAX(K11-K10,K14)) | L13: =IF(L10="","",MAX(L11-L10,L14)) | M13: =IF(M10="","",MAX(M11-M10,M14)) | N13: =IF(N10="","",MAX(N11-N10,N14))
A14: Effectieve resterende levernsduur (ERLc)
A15: Minimale restwaarde % (r) | B15: % | C15: % | D15: % | E15: % | F15: % | G15: % | H15: % | I15: 0.05 | J15: 0.05 | K15: 0.05 | L15: 0.05 | M15: 0.05 | N15: 0.05
A16: Minimale restwaarde (RLc) | B16: =IF(B8="","",B15*B8) | C16: =IF(C8="","",C15*C8) | D16: =IF(D8="","",D15*D8) | E16: =IF(E8="","",E15*E8) | F16: =IF(F8="","",F15*F8) | H16: =IF(H8="","",H15*H8) | I16: =IF(I8="","",I15*I8) | J16: =IF(J8="","",J15*J8) | K16: =IF(K8="","",K15*K8) | L16: =IF(L8="","",L15*L8) | M16: =IF(M8="","",M15*M8) | N16: =IF(N8="","",N15*N8)
A17: Datum Instroom Concessie
A18: Datum Uitstroom Concessie
A19: Afschrijvingstermijn in dagen totaal Component | B19: =DATEDIF(B17,B18,"D")+1 -> 1 | C19: =DATEDIF(C17,C18,"D")+1 -> 1 | D19: =DATEDIF(D17,D18,"D")+1 -> 1 | E19: =DATEDIF(E17,E18,"D")+1 -> 1 | F19: =DATEDIF(F17,F18,"D")+1 -> 1 | G19: =DATEDIF(G17,G18,"D")+1 -> 1 | H19: =DATEDIF(H17,H18,"D")+1 -> 1 | I19: =DATEDIF(I17,I18,"D")+1 -> 1 | ... N19: =DATEDIF(N17,N18,"D")+1 -> 1
A20: Afschrijving per dag per Component | B20: =IF(OR(B8="",B16="",B12=""),0,(SLN(B8,B16,B12))/365) -> 0 | C20: =IF(OR(C8="",C16="",C12=""),0,(SLN(C8,C16,C12))/365) -> 0 | D20: =IF(OR(D8="",D16="",D12=""),0,(SLN(D8,D16,D12))/365) -> 0 | E20: =IF(OR(E8="",E16="",E12=""),0,(SLN(E8,E16,E12))/365) -> 0 | F20: =IF(OR(F8="",F16="",F12=""),0,(SLN(F8,F16,F12))/365) -> 0 | G20: =IF(OR(G8="",G16="",G12=""),0,(SLN(G8,G16,G12))/365) -> 0 | H20: =IF(OR(H8="",H16="",H12=""),0,(SLN(H8,H16,H12))/365) -> 0 | I20: =IF(OR(I8="",I16="",I12=""),0,(SLN(I8,I16,I12))/365) -> 0 | ... N20: =IF(OR(N8="",N16="",N12=""),0,(SLN(N8,N16,N12))/365) -> 0
A22: Jaarlijkse Afschrijving Component | O22: Totale afschrijving per jaar
A23: 2029 | B23: =IF(AND($A23>YEAR(B$17),$A23<YEAR(B$18)),(DATE($A23,12,31)-DATE($A23,1,0))*B$20,IF(AND($A23=YEAR(B$17),$A23=YEAR(B$18)),(B$18-B$17+1)*B$20,IF($A23=YEAR(B$17),(DATE(YEAR(B$17),12,31)-B$17+1)*B$20,IF($A23=YEAR(B$18),(B$18-DATE(YEAR(B$18),1,1))*B$20,0)))) -> 0 | C23: =IF(AND($A23>YEAR(C$17),$A23<YEAR(C$18)),(DATE($A23,12,31)-DATE($A23,1,0))*C$20,IF(AND($A23=YEAR(C$17),$A23=YEAR(C$18)),(C$18-C$17+1)*C$20,IF($A23=YEAR(C$17),(DATE(YEAR(C$17),12,31)-C$17+1)*C$20,IF($A23=YEAR(C$18),(C$18-DATE(YEAR(C$18),1,1))*C$20,0)))) -> 0 | D23: =IF(AND($A23>YEAR(D$17),$A23<YEAR(D$18)),(DATE($A23,12,31)-DATE($A23,1,0))*D$20,IF(AND($A23=YEAR(D$17),$A23=YEAR(D$18)),(D$18-D$17+1)*D$20,IF($A23=YEAR(D$17),(DATE(YEAR(D$17),12,31)-D$17+1)*D$20,IF($A23=YEAR(D$18),(D$18-DATE(YEAR(D$18),1,1))*D$20,0)))) -> 0 | E23: =IF(AND($A23>YEAR(E$17),$A23<YEAR(E$18)),(DATE($A23,12,31)-DATE($A23,1,0))*E$20,IF(AND($A23=YEAR(E$17),$A23=YEAR(E$18)),(E$18-E$17+1)*E$20,IF($A23=YEAR(E$17),(DATE(YEAR(E$17),12,31)-E$17+1)*E$20,IF($A23=YEAR(E$18),(E$18-DATE(YEAR(E$18),1,1))*E$20,0)))) -> 0 | F23: =IF(AND($A23>YEAR(F$17),$A23<YEAR(F$18)),(DATE($A23,12,31)-DATE($A23,1,0))*F$20,IF(AND($A23=YEAR(F$17),$A23=YEAR(F$18)),(F$18-F$17+1)*F$20,IF($A23=YEAR(F$17),(DATE(YEAR(F$17),12,31)-F$17+1)*F$20,IF($A23=YEAR(F$18),(F$18-DATE(YEAR(F$18),1,1))*F$20,0)))) -> 0 | G23: =IF(AND($A23>YEAR(G$17),$A23<YEAR(G$18)),(DATE($A23,12,31)-DATE($A23,1,0))*G$20,IF(AND($A23=YEAR(G$17),$A23=YEAR(G$18)),(G$18-G$17+1)*G$20,IF($A23=YEAR(G$17),(DATE(YEAR(G$17),12,31)-G$17+1)*G$20,IF($A23=YEAR(G$18),(G$18-DATE(YEAR(G$18),1,1))*G$20,0)))) -> 0 | H23: =IF(AND($A23>YEAR(H$17),$A23<YEAR(H$18)),(DATE($A23,12,31)-DATE($A23,1,0))*H$20,IF(AND($A23=YEAR(H$17),$A23=YEAR(H$18)),(H$18-H$17+1)*H$20,IF($A23=YEAR(H$17),(DATE(YEAR(H$17),12,31)-H$17+1)*H$20,IF($A23=YEAR(H$18),(H$18-DATE(YEAR(H$18),1,1))*H$20,0)))) -> 0 | I23: =IF(AND($A23>YEAR(I$17),$A23<YEAR(I$18)),(DATE($A23,12,31)-DATE($A23,1,0))*I$20,IF(AND($A23=YEAR(I$17),$A23=YEAR(I$18)),(I$18-I$17+1)*I$20,IF($A23=YEAR(I$17),(DATE(YEAR(I$17),12,31)-I$17+1)*I$20,IF($A23=YEAR(I$18),(I$18-DATE(YEAR(I$18),1,1))*I$20,0)))) -> 0 | ... N23: =IF(AND($A23>YEAR(N$17),$A23<YEAR(N$18)),(DATE($A23,12,31)-DATE($A23,1,0))*N$20,IF(AND($A23=YEAR(N$17),$A23=YEAR(N$18)),(N$18-N$17+1)*N$20,IF($A23=YEAR(N$17),(DATE(YEAR(N$17),12,31)-N$17+1)*N$20,IF($A23=YEAR(N$18),(N$18-DATE(YEAR(N$18),1,1))*N$20,0)))) -> 0 | O23: =SUM(B23:K23) -> 0
A24: =A23+1 -> 2030 | B24: =IF(AND($A24>YEAR(B$17),$A24<YEAR(B$18)),(DATE($A24,12,31)-DATE($A24,1,0))*B$20,IF(AND($A24=YEAR(B$17),$A24=YEAR(B$18)),(B$18-B$17+1)*B$20,IF($A24=YEAR(B$17),(DATE(YEAR(B$17),12,31)-B$17+1)*B$20,IF($A24=YEAR(B$18),(B$18-DATE(YEAR(B$18),1,1))*B$20,0)))) -> 0 | C24: =IF(AND($A24>YEAR(C$17),$A24<YEAR(C$18)),(DATE($A24,12,31)-DATE($A24,1,0))*C$20,IF(AND($A24=YEAR(C$17),$A24=YEAR(C$18)),(C$18-C$17+1)*C$20,IF($A24=YEAR(C$17),(DATE(YEAR(C$17),12,31)-C$17+1)*C$20,IF($A24=YEAR(C$18),(C$18-DATE(YEAR(C$18),1,1))*C$20,0)))) -> 0 | D24: =IF(AND($A24>YEAR(D$17),$A24<YEAR(D$18)),(DATE($A24,12,31)-DATE($A24,1,0))*D$20,IF(AND($A24=YEAR(D$17),$A24=YEAR(D$18)),(D$18-D$17+1)*D$20,IF($A24=YEAR(D$17),(DATE(YEAR(D$17),12,31)-D$17+1)*D$20,IF($A24=YEAR(D$18),(D$18-DATE(YEAR(D$18),1,1))*D$20,0)))) -> 0 | E24: =IF(AND($A24>YEAR(E$17),$A24<YEAR(E$18)),(DATE($A24,12,31)-DATE($A24,1,0))*E$20,IF(AND($A24=YEAR(E$17),$A24=YEAR(E$18)),(E$18-E$17+1)*E$20,IF($A24=YEAR(E$17),(DATE(YEAR(E$17),12,31)-E$17+1)*E$20,IF($A24=YEAR(E$18),(E$18-DATE(YEAR(E$18),1,1))*E$20,0)))) -> 0 | F24: =IF(AND($A24>YEAR(F$17),$A24<YEAR(F$18)),(DATE($A24,12,31)-DATE($A24,1,0))*F$20,IF(AND($A24=YEAR(F$17),$A24=YEAR(F$18)),(F$18-F$17+1)*F$20,IF($A24=YEAR(F$17),(DATE(YEAR(F$17),12,31)-F$17+1)*F$20,IF($A24=YEAR(F$18),(F$18-DATE(YEAR(F$18),1,1))*F$20,0)))) -> 0 | G24: =IF(AND($A24>YEAR(G$17),$A24<YEAR(G$18)),(DATE($A24,12,31)-DATE($A24,1,0))*G$20,IF(AND($A24=YEAR(G$17),$A24=YEAR(G$18)),(G$18-G$17+1)*G$20,IF($A24=YEAR(G$17),(DATE(YEAR(G$17),12,31)-G$17+1)*G$20,IF($A24=YEAR(G$18),(G$18-DATE(YEAR(G$18),1,1))*G$20,0)))) -> 0 | H24: =IF(AND($A24>YEAR(H$17),$A24<YEAR(H$18)),(DATE($A24,12,31)-DATE($A24,1,0))*H$20,IF(AND($A24=YEAR(H$17),$A24=YEAR(H$18)),(H$18-H$17+1)*H$20,IF($A24=YEAR(H$17),(DATE(YEAR(H$17),12,31)-H$17+1)*H$20,IF($A24=YEAR(H$18),(H$18-DATE(YEAR(H$18),1,1))*H$20,0)))) -> 0 | I24: =IF(AND($A24>YEAR(I$17),$A24<YEAR(I$18)),(DATE($A24,12,31)-DATE($A24,1,0))*I$20,IF(AND($A24=YEAR(I$17),$A24=YEAR(I$18)),(I$18-I$17+1)*I$20,IF($A24=YEAR(I$17),(DATE(YEAR(I$17),12,31)-I$17+1)*I$20,IF($A24=YEAR(I$18),(I$18-DATE(YEAR(I$18),1,1))*I$20,0)))) -> 0 | ... N24: =IF(AND($A24>YEAR(N$17),$A24<YEAR(N$18)),(DATE($A24,12,31)-DATE($A24,1,0))*N$20,IF(AND($A24=YEAR(N$17),$A24=YEAR(N$18)),(N$18-N$17+1)*N$20,IF($A24=YEAR(N$17),(DATE(YEAR(N$17),12,31)-N$17+1)*N$20,IF($A24=YEAR(N$18),(N$18-DATE(YEAR(N$18),1,1))*N$20,0)))) -> 0 | O24: =SUM(B24:K24) -> 0
A25: =A24+1 -> 2031 | B25: =IF(AND($A25>YEAR(B$17),$A25<YEAR(B$18)),(DATE($A25,12,31)-DATE($A25,1,0))*B$20,IF(AND($A25=YEAR(B$17),$A25=YEAR(B$18)),(B$18-B$17+1)*B$20,IF($A25=YEAR(B$17),(DATE(YEAR(B$17),12,31)-B$17+1)*B$20,IF($A25=YEAR(B$18),(B$18-DATE(YEAR(B$18),1,1))*B$20,0)))) -> 0 | C25: =IF(AND($A25>YEAR(C$17),$A25<YEAR(C$18)),(DATE($A25,12,31)-DATE($A25,1,0))*C$20,IF(AND($A25=YEAR(C$17),$A25=YEAR(C$18)),(C$18-C$17+1)*C$20,IF($A25=YEAR(C$17),(DATE(YEAR(C$17),12,31)-C$17+1)*C$20,IF($A25=YEAR(C$18),(C$18-DATE(YEAR(C$18),1,1))*C$20,0)))) -> 0 | D25: =IF(AND($A25>YEAR(D$17),$A25<YEAR(D$18)),(DATE($A25,12,31)-DATE($A25,1,0))*D$20,IF(AND($A25=YEAR(D$17),$A25=YEAR(D$18)),(D$18-D$17+1)*D$20,IF($A25=YEAR(D$17),(DATE(YEAR(D$17),12,31)-D$17+1)*D$20,IF($A25=YEAR(D$18),(D$18-DATE(YEAR(D$18),1,1))*D$20,0)))) -> 0 | E25: =IF(AND($A25>YEAR(E$17),$A25<YEAR(E$18)),(DATE($A25,12,31)-DATE($A25,1,0))*E$20,IF(AND($A25=YEAR(E$17),$A25=YEAR(E$18)),(E$18-E$17+1)*E$20,IF($A25=YEAR(E$17),(DATE(YEAR(E$17),12,31)-E$17+1)*E$20,IF($A25=YEAR(E$18),(E$18-DATE(YEAR(E$18),1,1))*E$20,0)))) -> 0 | F25: =IF(AND($A25>YEAR(F$17),$A25<YEAR(F$18)),(DATE($A25,12,31)-DATE($A25,1,0))*F$20,IF(AND($A25=YEAR(F$17),$A25=YEAR(F$18)),(F$18-F$17+1)*F$20,IF($A25=YEAR(F$17),(DATE(YEAR(F$17),12,31)-F$17+1)*F$20,IF($A25=YEAR(F$18),(F$18-DATE(YEAR(F$18),1,1))*F$20,0)))) -> 0 | G25: =IF(AND($A25>YEAR(G$17),$A25<YEAR(G$18)),(DATE($A25,12,31)-DATE($A25,1,0))*G$20,IF(AND($A25=YEAR(G$17),$A25=YEAR(G$18)),(G$18-G$17+1)*G$20,IF($A25=YEAR(G$17),(DATE(YEAR(G$17),12,31)-G$17+1)*G$20,IF($A25=YEAR(G$18),(G$18-DATE(YEAR(G$18),1,1))*G$20,0)))) -> 0 | H25: =IF(AND($A25>YEAR(H$17),$A25<YEAR(H$18)),(DATE($A25,12,31)-DATE($A25,1,0))*H$20,IF(AND($A25=YEAR(H$17),$A25=YEAR(H$18)),(H$18-H$17+1)*H$20,IF($A25=YEAR(H$17),(DATE(YEAR(H$17),12,31)-H$17+1)*H$20,IF($A25=YEAR(H$18),(H$18-DATE(YEAR(H$18),1,1))*H$20,0)))) -> 0 | I25: =IF(AND($A25>YEAR(I$17),$A25<YEAR(I$18)),(DATE($A25,12,31)-DATE($A25,1,0))*I$20,IF(AND($A25=YEAR(I$17),$A25=YEAR(I$18)),(I$18-I$17+1)*I$20,IF($A25=YEAR(I$17),(DATE(YEAR(I$17),12,31)-I$17+1)*I$20,IF($A25=YEAR(I$18),(I$18-DATE(YEAR(I$18),1,1))*I$20,0)))) -> 0 | ... N25: =IF(AND($A25>YEAR(N$17),$A25<YEAR(N$18)),(DATE($A25,12,31)-DATE($A25,1,0))*N$20,IF(AND($A25=YEAR(N$17),$A25=YEAR(N$18)),(N$18-N$17+1)*N$20,IF($A25=YEAR(N$17),(DATE(YEAR(N$17),12,31)-N$17+1)*N$20,IF($A25=YEAR(N$18),(N$18-DATE(YEAR(N$18),1,1))*N$20,0)))) -> 0 | O25: =SUM(B25:K25) -> 0
A26: =A25+1 -> 2032 | B26: =IF(AND($A26>YEAR(B$17),$A26<YEAR(B$18)),(DATE($A26,12,31)-DATE($A26,1,0))*B$20,IF(AND($A26=YEAR(B$17),$A26=YEAR(B$18)),(B$18-B$17+1)*B$20,IF($A26=YEAR(B$17),(DATE(YEAR(B$17),12,31)-B$17+1)*B$20,IF($A26=YEAR(B$18),(B$18-DATE(YEAR(B$18),1,1))*B$20,0)))) -> 0 | C26: =IF(AND($A26>YEAR(C$17),$A26<YEAR(C$18)),(DATE($A26,12,31)-DATE($A26,1,0))*C$20,IF(AND($A26=YEAR(C$17),$A26=YEAR(C$18)),(C$18-C$17+1)*C$20,IF($A26=YEAR(C$17),(DATE(YEAR(C$17),12,31)-C$17+1)*C$20,IF($A26=YEAR(C$18),(C$18-DATE(YEAR(C$18),1,1))*C$20,0)))) -> 0 | D26: =IF(AND($A26>YEAR(D$17),$A26<YEAR(D$18)),(DATE($A26,12,31)-DATE($A26,1,0))*D$20,IF(AND($A26=YEAR(D$17),$A26=YEAR(D$18)),(D$18-D$17+1)*D$20,IF($A26=YEAR(D$17),(DATE(YEAR(D$17),12,31)-D$17+1)*D$20,IF($A26=YEAR(D$18),(D$18-DATE(YEAR(D$18),1,1))*D$20,0)))) -> 0 | E26: =IF(AND($A26>YEAR(E$17),$A26<YEAR(E$18)),(DATE($A26,12,31)-DATE($A26,1,0))*E$20,IF(AND($A26=YEAR(E$17),$A26=YEAR(E$18)),(E$18-E$17+1)*E$20,IF($A26=YEAR(E$17),(DATE(YEAR(E$17),12,31)-E$17+1)*E$20,IF($A26=YEAR(E$18),(E$18-DATE(YEAR(E$18),1,1))*E$20,0)))) -> 0 | F26: =IF(AND($A26>YEAR(F$17),$A26<YEAR(F$18)),(DATE($A26,12,31)-DATE($A26,1,0))*F$20,IF(AND($A26=YEAR(F$17),$A26=YEAR(F$18)),(F$18-F$17+1)*F$20,IF($A26=YEAR(F$17),(DATE(YEAR(F$17),12,31)-F$17+1)*F$20,IF($A26=YEAR(F$18),(F$18-DATE(YEAR(F$18),1,1))*F$20,0)))) -> 0 | G26: =IF(AND($A26>YEAR(G$17),$A26<YEAR(G$18)),(DATE($A26,12,31)-DATE($A26,1,0))*G$20,IF(AND($A26=YEAR(G$17),$A26=YEAR(G$18)),(G$18-G$17+1)*G$20,IF($A26=YEAR(G$17),(DATE(YEAR(G$17),12,31)-G$17+1)*G$20,IF($A26=YEAR(G$18),(G$18-DATE(YEAR(G$18),1,1))*G$20,0)))) -> 0 | H26: =IF(AND($A26>YEAR(H$17),$A26<YEAR(H$18)),(DATE($A26,12,31)-DATE($A26,1,0))*H$20,IF(AND($A26=YEAR(H$17),$A26=YEAR(H$18)),(H$18-H$17+1)*H$20,IF($A26=YEAR(H$17),(DATE(YEAR(H$17),12,31)-H$17+1)*H$20,IF($A26=YEAR(H$18),(H$18-DATE(YEAR(H$18),1,1))*H$20,0)))) -> 0 | I26: =IF(AND($A26>YEAR(I$17),$A26<YEAR(I$18)),(DATE($A26,12,31)-DATE($A26,1,0))*I$20,IF(AND($A26=YEAR(I$17),$A26=YEAR(I$18)),(I$18-I$17+1)*I$20,IF($A26=YEAR(I$17),(DATE(YEAR(I$17),12,31)-I$17+1)*I$20,IF($A26=YEAR(I$18),(I$18-DATE(YEAR(I$18),1,1))*I$20,0)))) -> 0 | ... N26: =IF(AND($A26>YEAR(N$17),$A26<YEAR(N$18)),(DATE($A26,12,31)-DATE($A26,1,0))*N$20,IF(AND($A26=YEAR(N$17),$A26=YEAR(N$18)),(N$18-N$17+1)*N$20,IF($A26=YEAR(N$17),(DATE(YEAR(N$17),12,31)-N$17+1)*N$20,IF($A26=YEAR(N$18),(N$18-DATE(YEAR(N$18),1,1))*N$20,0)))) -> 0 | O26: =SUM(B26:K26) -> 0
A27: =A26+1 -> 2033 | B27: =IF(AND($A27>YEAR(B$17),$A27<YEAR(B$18)),(DATE($A27,12,31)-DATE($A27,1,0))*B$20,IF(AND($A27=YEAR(B$17),$A27=YEAR(B$18)),(B$18-B$17+1)*B$20,IF($A27=YEAR(B$17),(DATE(YEAR(B$17),12,31)-B$17+1)*B$20,IF($A27=YEAR(B$18),(B$18-DATE(YEAR(B$18),1,1))*B$20,0)))) -> 0 | C27: =IF(AND($A27>YEAR(C$17),$A27<YEAR(C$18)),(DATE($A27,12,31)-DATE($A27,1,0))*C$20,IF(AND($A27=YEAR(C$17),$A27=YEAR(C$18)),(C$18-C$17+1)*C$20,IF($A27=YEAR(C$17),(DATE(YEAR(C$17),12,31)-C$17+1)*C$20,IF($A27=YEAR(C$18),(C$18-DATE(YEAR(C$18),1,1))*C$20,0)))) -> 0 | D27: =IF(AND($A27>YEAR(D$17),$A27<YEAR(D$18)),(DATE($A27,12,31)-DATE($A27,1,0))*D$20,IF(AND($A27=YEAR(D$17),$A27=YEAR(D$18)),(D$18-D$17+1)*D$20,IF($A27=YEAR(D$17),(DATE(YEAR(D$17),12,31)-D$17+1)*D$20,IF($A27=YEAR(D$18),(D$18-DATE(YEAR(D$18),1,1))*D$20,0)))) -> 0 | E27: =IF(AND($A27>YEAR(E$17),$A27<YEAR(E$18)),(DATE($A27,12,31)-DATE($A27,1,0))*E$20,IF(AND($A27=YEAR(E$17),$A27=YEAR(E$18)),(E$18-E$17+1)*E$20,IF($A27=YEAR(E$17),(DATE(YEAR(E$17),12,31)-E$17+1)*E$20,IF($A27=YEAR(E$18),(E$18-DATE(YEAR(E$18),1,1))*E$20,0)))) -> 0 | F27: =IF(AND($A27>YEAR(F$17),$A27<YEAR(F$18)),(DATE($A27,12,31)-DATE($A27,1,0))*F$20,IF(AND($A27=YEAR(F$17),$A27=YEAR(F$18)),(F$18-F$17+1)*F$20,IF($A27=YEAR(F$17),(DATE(YEAR(F$17),12,31)-F$17+1)*F$20,IF($A27=YEAR(F$18),(F$18-DATE(YEAR(F$18),1,1))*F$20,0)))) -> 0 | G27: =IF(AND($A27>YEAR(G$17),$A27<YEAR(G$18)),(DATE($A27,12,31)-DATE($A27,1,0))*G$20,IF(AND($A27=YEAR(G$17),$A27=YEAR(G$18)),(G$18-G$17+1)*G$20,IF($A27=YEAR(G$17),(DATE(YEAR(G$17),12,31)-G$17+1)*G$20,IF($A27=YEAR(G$18),(G$18-DATE(YEAR(G$18),1,1))*G$20,0)))) -> 0 | H27: =IF(AND($A27>YEAR(H$17),$A27<YEAR(H$18)),(DATE($A27,12,31)-DATE($A27,1,0))*H$20,IF(AND($A27=YEAR(H$17),$A27=YEAR(H$18)),(H$18-H$17+1)*H$20,IF($A27=YEAR(H$17),(DATE(YEAR(H$17),12,31)-H$17+1)*H$20,IF($A27=YEAR(H$18),(H$18-DATE(YEAR(H$18),1,1))*H$20,0)))) -> 0 | I27: =IF(AND($A27>YEAR(I$17),$A27<YEAR(I$18)),(DATE($A27,12,31)-DATE($A27,1,0))*I$20,IF(AND($A27=YEAR(I$17),$A27=YEAR(I$18)),(I$18-I$17+1)*I$20,IF($A27=YEAR(I$17),(DATE(YEAR(I$17),12,31)-I$17+1)*I$20,IF($A27=YEAR(I$18),(I$18-DATE(YEAR(I$18),1,1))*I$20,0)))) -> 0 | ... N27: =IF(AND($A27>YEAR(N$17),$A27<YEAR(N$18)),(DATE($A27,12,31)-DATE($A27,1,0))*N$20,IF(AND($A27=YEAR(N$17),$A27=YEAR(N$18)),(N$18-N$17+1)*N$20,IF($A27=YEAR(N$17),(DATE(YEAR(N$17),12,31)-N$17+1)*N$20,IF($A27=YEAR(N$18),(N$18-DATE(YEAR(N$18),1,1))*N$20,0)))) -> 0 | O27: =SUM(B27:K27) -> 0
A28: =A27+1 -> 2034 | B28: =IF(AND($A28>YEAR(B$17),$A28<YEAR(B$18)),(DATE($A28,12,31)-DATE($A28,1,0))*B$20,IF(AND($A28=YEAR(B$17),$A28=YEAR(B$18)),(B$18-B$17+1)*B$20,IF($A28=YEAR(B$17),(DATE(YEAR(B$17),12,31)-B$17+1)*B$20,IF($A28=YEAR(B$18),(B$18-DATE(YEAR(B$18),1,1))*B$20,0)))) -> 0 | C28: =IF(AND($A28>YEAR(C$17),$A28<YEAR(C$18)),(DATE($A28,12,31)-DATE($A28,1,0))*C$20,IF(AND($A28=YEAR(C$17),$A28=YEAR(C$18)),(C$18-C$17+1)*C$20,IF($A28=YEAR(C$17),(DATE(YEAR(C$17),12,31)-C$17+1)*C$20,IF($A28=YEAR(C$18),(C$18-DATE(YEAR(C$18),1,1))*C$20,0)))) -> 0 | D28: =IF(AND($A28>YEAR(D$17),$A28<YEAR(D$18)),(DATE($A28,12,31)-DATE($A28,1,0))*D$20,IF(AND($A28=YEAR(D$17),$A28=YEAR(D$18)),(D$18-D$17+1)*D$20,IF($A28=YEAR(D$17),(DATE(YEAR(D$17),12,31)-D$17+1)*D$20,IF($A28=YEAR(D$18),(D$18-DATE(YEAR(D$18),1,1))*D$20,0)))) -> 0 | E28: =IF(AND($A28>YEAR(E$17),$A28<YEAR(E$18)),(DATE($A28,12,31)-DATE($A28,1,0))*E$20,IF(AND($A28=YEAR(E$17),$A28=YEAR(E$18)),(E$18-E$17+1)*E$20,IF($A28=YEAR(E$17),(DATE(YEAR(E$17),12,31)-E$17+1)*E$20,IF($A28=YEAR(E$18),(E$18-DATE(YEAR(E$18),1,1))*E$20,0)))) -> 0 | F28: =IF(AND($A28>YEAR(F$17),$A28<YEAR(F$18)),(DATE($A28,12,31)-DATE($A28,1,0))*F$20,IF(AND($A28=YEAR(F$17),$A28=YEAR(F$18)),(F$18-F$17+1)*F$20,IF($A28=YEAR(F$17),(DATE(YEAR(F$17),12,31)-F$17+1)*F$20,IF($A28=YEAR(F$18),(F$18-DATE(YEAR(F$18),1,1))*F$20,0)))) -> 0 | G28: =IF(AND($A28>YEAR(G$17),$A28<YEAR(G$18)),(DATE($A28,12,31)-DATE($A28,1,0))*G$20,IF(AND($A28=YEAR(G$17),$A28=YEAR(G$18)),(G$18-G$17+1)*G$20,IF($A28=YEAR(G$17),(DATE(YEAR(G$17),12,31)-G$17+1)*G$20,IF($A28=YEAR(G$18),(G$18-DATE(YEAR(G$18),1,1))*G$20,0)))) -> 0 | H28: =IF(AND($A28>YEAR(H$17),$A28<YEAR(H$18)),(DATE($A28,12,31)-DATE($A28,1,0))*H$20,IF(AND($A28=YEAR(H$17),$A28=YEAR(H$18)),(H$18-H$17+1)*H$20,IF($A28=YEAR(H$17),(DATE(YEAR(H$17),12,31)-H$17+1)*H$20,IF($A28=YEAR(H$18),(H$18-DATE(YEAR(H$18),1,1))*H$20,0)))) -> 0 | I28: =IF(AND($A28>YEAR(I$17),$A28<YEAR(I$18)),(DATE($A28,12,31)-DATE($A28,1,0))*I$20,IF(AND($A28=YEAR(I$17),$A28=YEAR(I$18)),(I$18-I$17+1)*I$20,IF($A28=YEAR(I$17),(DATE(YEAR(I$17),12,31)-I$17+1)*I$20,IF($A28=YEAR(I$18),(I$18-DATE(YEAR(I$18),1,1))*I$20,0)))) -> 0 | ... N28: =IF(AND($A28>YEAR(N$17),$A28<YEAR(N$18)),(DATE($A28,12,31)-DATE($A28,1,0))*N$20,IF(AND($A28=YEAR(N$17),$A28=YEAR(N$18)),(N$18-N$17+1)*N$20,IF($A28=YEAR(N$17),(DATE(YEAR(N$17),12,31)-N$17+1)*N$20,IF($A28=YEAR(N$18),(N$18-DATE(YEAR(N$18),1,1))*N$20,0)))) -> 0 | O28: =SUM(B28:K28) -> 0
A29: =A28+1 -> 2035 | B29: =IF(AND($A29>YEAR(B$17),$A29<YEAR(B$18)),(DATE($A29,12,31)-DATE($A29,1,0))*B$20,IF(AND($A29=YEAR(B$17),$A29=YEAR(B$18)),(B$18-B$17+1)*B$20,IF($A29=YEAR(B$17),(DATE(YEAR(B$17),12,31)-B$17+1)*B$20,IF($A29=YEAR(B$18),(B$18-DATE(YEAR(B$18),1,1))*B$20,0)))) -> 0 | C29: =IF(AND($A29>YEAR(C$17),$A29<YEAR(C$18)),(DATE($A29,12,31)-DATE($A29,1,0))*C$20,IF(AND($A29=YEAR(C$17),$A29=YEAR(C$18)),(C$18-C$17+1)*C$20,IF($A29=YEAR(C$17),(DATE(YEAR(C$17),12,31)-C$17+1)*C$20,IF($A29=YEAR(C$18),(C$18-DATE(YEAR(C$18),1,1))*C$20,0)))) -> 0 | D29: =IF(AND($A29>YEAR(D$17),$A29<YEAR(D$18)),(DATE($A29,12,31)-DATE($A29,1,0))*D$20,IF(AND($A29=YEAR(D$17),$A29=YEAR(D$18)),(D$18-D$17+1)*D$20,IF($A29=YEAR(D$17),(DATE(YEAR(D$17),12,31)-D$17+1)*D$20,IF($A29=YEAR(D$18),(D$18-DATE(YEAR(D$18),1,1))*D$20,0)))) -> 0 | E29: =IF(AND($A29>YEAR(E$17),$A29<YEAR(E$18)),(DATE($A29,12,31)-DATE($A29,1,0))*E$20,IF(AND($A29=YEAR(E$17),$A29=YEAR(E$18)),(E$18-E$17+1)*E$20,IF($A29=YEAR(E$17),(DATE(YEAR(E$17),12,31)-E$17+1)*E$20,IF($A29=YEAR(E$18),(E$18-DATE(YEAR(E$18),1,1))*E$20,0)))) -> 0 | F29: =IF(AND($A29>YEAR(F$17),$A29<YEAR(F$18)),(DATE($A29,12,31)-DATE($A29,1,0))*F$20,IF(AND($A29=YEAR(F$17),$A29=YEAR(F$18)),(F$18-F$17+1)*F$20,IF($A29=YEAR(F$17),(DATE(YEAR(F$17),12,31)-F$17+1)*F$20,IF($A29=YEAR(F$18),(F$18-DATE(YEAR(F$18),1,1))*F$20,0)))) -> 0 | G29: =IF(AND($A29>YEAR(G$17),$A29<YEAR(G$18)),(DATE($A29,12,31)-DATE($A29,1,0))*G$20,IF(AND($A29=YEAR(G$17),$A29=YEAR(G$18)),(G$18-G$17+1)*G$20,IF($A29=YEAR(G$17),(DATE(YEAR(G$17),12,31)-G$17+1)*G$20,IF($A29=YEAR(G$18),(G$18-DATE(YEAR(G$18),1,1))*G$20,0)))) -> 0 | H29: =IF(AND($A29>YEAR(H$17),$A29<YEAR(H$18)),(DATE($A29,12,31)-DATE($A29,1,0))*H$20,IF(AND($A29=YEAR(H$17),$A29=YEAR(H$18)),(H$18-H$17+1)*H$20,IF($A29=YEAR(H$17),(DATE(YEAR(H$17),12,31)-H$17+1)*H$20,IF($A29=YEAR(H$18),(H$18-DATE(YEAR(H$18),1,1))*H$20,0)))) -> 0 | I29: =IF(AND($A29>YEAR(I$17),$A29<YEAR(I$18)),(DATE($A29,12,31)-DATE($A29,1,0))*I$20,IF(AND($A29=YEAR(I$17),$A29=YEAR(I$18)),(I$18-I$17+1)*I$20,IF($A29=YEAR(I$17),(DATE(YEAR(I$17),12,31)-I$17+1)*I$20,IF($A29=YEAR(I$18),(I$18-DATE(YEAR(I$18),1,1))*I$20,0)))) -> 0 | ... N29: =IF(AND($A29>YEAR(N$17),$A29<YEAR(N$18)),(DATE($A29,12,31)-DATE($A29,1,0))*N$20,IF(AND($A29=YEAR(N$17),$A29=YEAR(N$18)),(N$18-N$17+1)*N$20,IF($A29=YEAR(N$17),(DATE(YEAR(N$17),12,31)-N$17+1)*N$20,IF($A29=YEAR(N$18),(N$18-DATE(YEAR(N$18),1,1))*N$20,0)))) -> 0 | O29: =SUM(B29:K29) -> 0
A30: =A29+1 -> 2036 | B30: =IF(AND($A30>YEAR(B$17),$A30<YEAR(B$18)),(DATE($A30,12,31)-DATE($A30,1,0))*B$20,IF(AND($A30=YEAR(B$17),$A30=YEAR(B$18)),(B$18-B$17+1)*B$20,IF($A30=YEAR(B$17),(DATE(YEAR(B$17),12,31)-B$17+1)*B$20,IF($A30=YEAR(B$18),(B$18-DATE(YEAR(B$18),1,1))*B$20,0)))) -> 0 | C30: =IF(AND($A30>YEAR(C$17),$A30<YEAR(C$18)),(DATE($A30,12,31)-DATE($A30,1,0))*C$20,IF(AND($A30=YEAR(C$17),$A30=YEAR(C$18)),(C$18-C$17+1)*C$20,IF($A30=YEAR(C$17),(DATE(YEAR(C$17),12,31)-C$17+1)*C$20,IF($A30=YEAR(C$18),(C$18-DATE(YEAR(C$18),1,1))*C$20,0)))) -> 0 | D30: =IF(AND($A30>YEAR(D$17),$A30<YEAR(D$18)),(DATE($A30,12,31)-DATE($A30,1,0))*D$20,IF(AND($A30=YEAR(D$17),$A30=YEAR(D$18)),(D$18-D$17+1)*D$20,IF($A30=YEAR(D$17),(DATE(YEAR(D$17),12,31)-D$17+1)*D$20,IF($A30=YEAR(D$18),(D$18-DATE(YEAR(D$18),1,1))*D$20,0)))) -> 0 | E30: =IF(AND($A30>YEAR(E$17),$A30<YEAR(E$18)),(DATE($A30,12,31)-DATE($A30,1,0))*E$20,IF(AND($A30=YEAR(E$17),$A30=YEAR(E$18)),(E$18-E$17+1)*E$20,IF($A30=YEAR(E$17),(DATE(YEAR(E$17),12,31)-E$17+1)*E$20,IF($A30=YEAR(E$18),(E$18-DATE(YEAR(E$18),1,1))*E$20,0)))) -> 0 | F30: =IF(AND($A30>YEAR(F$17),$A30<YEAR(F$18)),(DATE($A30,12,31)-DATE($A30,1,0))*F$20,IF(AND($A30=YEAR(F$17),$A30=YEAR(F$18)),(F$18-F$17+1)*F$20,IF($A30=YEAR(F$17),(DATE(YEAR(F$17),12,31)-F$17+1)*F$20,IF($A30=YEAR(F$18),(F$18-DATE(YEAR(F$18),1,1))*F$20,0)))) -> 0 | G30: =IF(AND($A30>YEAR(G$17),$A30<YEAR(G$18)),(DATE($A30,12,31)-DATE($A30,1,0))*G$20,IF(AND($A30=YEAR(G$17),$A30=YEAR(G$18)),(G$18-G$17+1)*G$20,IF($A30=YEAR(G$17),(DATE(YEAR(G$17),12,31)-G$17+1)*G$20,IF($A30=YEAR(G$18),(G$18-DATE(YEAR(G$18),1,1))*G$20,0)))) -> 0 | H30: =IF(AND($A30>YEAR(H$17),$A30<YEAR(H$18)),(DATE($A30,12,31)-DATE($A30,1,0))*H$20,IF(AND($A30=YEAR(H$17),$A30=YEAR(H$18)),(H$18-H$17+1)*H$20,IF($A30=YEAR(H$17),(DATE(YEAR(H$17),12,31)-H$17+1)*H$20,IF($A30=YEAR(H$18),(H$18-DATE(YEAR(H$18),1,1))*H$20,0)))) -> 0 | I30: =IF(AND($A30>YEAR(I$17),$A30<YEAR(I$18)),(DATE($A30,12,31)-DATE($A30,1,0))*I$20,IF(AND($A30=YEAR(I$17),$A30=YEAR(I$18)),(I$18-I$17+1)*I$20,IF($A30=YEAR(I$17),(DATE(YEAR(I$17),12,31)-I$17+1)*I$20,IF($A30=YEAR(I$18),(I$18-DATE(YEAR(I$18),1,1))*I$20,0)))) -> 0 | ... N30: =IF(AND($A30>YEAR(N$17),$A30<YEAR(N$18)),(DATE($A30,12,31)-DATE($A30,1,0))*N$20,IF(AND($A30=YEAR(N$17),$A30=YEAR(N$18)),(N$18-N$17+1)*N$20,IF($A30=YEAR(N$17),(DATE(YEAR(N$17),12,31)-N$17+1)*N$20,IF($A30=YEAR(N$18),(N$18-DATE(YEAR(N$18),1,1))*N$20,0)))) -> 0 | O30: =SUM(B30:K30) -> 0
A32: Totaal per Component | B32: =SUM(B23:B30) -> 0 | C32: =SUM(C23:C30) -> 0 | D32: =SUM(D23:D30) -> 0 | E32: =SUM(E23:E30) -> 0 | F32: =SUM(F23:F30) -> 0 | G32: =SUM(G23:G30) -> 0 | H32: =SUM(H23:H30) -> 0 | I32: =SUM(I23:I30) -> 0 | ... N32: =SUM(N23:N30) -> 0
A36: Boekwaarde 31-12 Componenten | O36: Totaal
A37: 2029 | B37: =IF(OR(B$8="",B$10=""),0,MAX(B23*B13+B$16,B$16)) -> 0 | C37: =IF(OR(C$8="",C$10=""),0,MAX(C23*C13+C$16,C$16)) -> 0 | D37: =IF(OR(D$8="",D$10=""),0,MAX(D23*D13+D$16,D$16)) -> 0 | E37: =IF(OR(E$8="",E$10=""),0,MAX(E23*E13+E$16,E$16)) -> 0 | F37: =IF(OR(F$8="",F$10=""),0,MAX(F23*F13+F$16,F$16)) -> 0 | G37: =IF(OR(G$8="",G$10=""),0,MAX(G23*G13+G$16,G$16)) -> 0 | H37: =IF(OR(H$8="",H$10=""),0,MAX(H23*H13+H$16,H$16)) -> 0 | I37: =IF(OR(I$8="",I$10=""),0,MAX(I23*I13+I$16,I$16)) -> 0 | ... N37: =IF(OR(N$8="",N$10=""),0,MAX(N23*N13+N$16,N$16)) -> 0 | O37: =SUM(B37:K37) -> 0
A38: =A37+1 -> 2030 | B38: =IF(OR(B$8="",B$10=""),0,MAX(B37-B24,B$16)) -> 0 | C38: =IF(OR(C$8="",C$10=""),0,MAX(C37-C24,C$16)) -> 0 | D38: =IF(OR(D$8="",D$10=""),0,MAX(D37-D24,D$16)) -> 0 | E38: =IF(OR(E$8="",E$10=""),0,MAX(E37-E24,E$16)) -> 0 | F38: =IF(OR(F$8="",F$10=""),0,MAX(F37-F24,F$16)) -> 0 | G38: =IF(OR(G$8="",G$10=""),0,MAX(G37-G24,G$16)) -> 0 | H38: =IF(OR(H$8="",H$10=""),0,MAX(H24*H14+H$16,H$16)) -> 0 | I38: =IF(OR(I$8="",I$10=""),0,MAX(I24*I14+I$16,I$16)) -> 0 | J38: =IF(OR(J$8="",J$10=""),0,MAX(J24*J14+J$16,J$16)) -> 0 | K38: =IF(OR(K$8="",K$10=""),0,MAX(K24*K14+K$16,K$16)) -> 0 | L38: =IF(OR(L$8="",L$10=""),0,MAX(L24*L14+L$16,L$16)) -> 0 | M38: =IF(OR(M$8="",M$10=""),0,MAX(M24*M14+M$16,M$16)) -> 0 | N38: =IF(OR(N$8="",N$10=""),0,MAX(N24*N14+N$16,N$16)) -> 0 | O38: =SUM(B38:K38) -> 0
A39: =A38+1 -> 2031 | B39: =IF(OR(B$8="",B$10=""),0,MAX(B38-B25,B$16)) -> 0 | C39: =IF(OR(C$8="",C$10=""),0,MAX(C38-C25,C$16)) -> 0 | D39: =IF(OR(D$8="",D$10=""),0,MAX(D38-D25,D$16)) -> 0 | E39: =IF(OR(E$8="",E$10=""),0,MAX(E38-E25,E$16)) -> 0 | F39: =IF(OR(F$8="",F$10=""),0,MAX(F38-F25,F$16)) -> 0 | G39: =IF(OR(G$8="",G$10=""),0,MAX(G38-G25,G$16)) -> 0 | H39: =IF(OR(H$8="",H$10=""),0,MAX(H25*H15+H$16,H$16)) -> 0 | I39: =IF(OR(I$8="",I$10=""),0,MAX(I25*I15+I$16,I$16)) -> 0 | J39: =IF(OR(J$8="",J$10=""),0,MAX(J25*J15+J$16,J$16)) -> 0 | K39: =IF(OR(K$8="",K$10=""),0,MAX(K25*K15+K$16,K$16)) -> 0 | L39: =IF(OR(L$8="",L$10=""),0,MAX(L25*L15+L$16,L$16)) -> 0 | M39: =IF(OR(M$8="",M$10=""),0,MAX(M25*M15+M$16,M$16)) -> 0 | N39: =IF(OR(N$8="",N$10=""),0,MAX(N25*N15+N$16,N$16)) -> 0 | O39: =SUM(B39:K39) -> 0
A40: =A39+1 -> 2032 | B40: =IF(OR(B$8="",B$10=""),0,MAX(B39-B26,B$16)) -> 0 | C40: =IF(OR(C$8="",C$10=""),0,MAX(C39-C26,C$16)) -> 0 | D40: =IF(OR(D$8="",D$10=""),0,MAX(D39-D26,D$16)) -> 0 | E40: =IF(OR(E$8="",E$10=""),0,MAX(E39-E26,E$16)) -> 0 | F40: =IF(OR(F$8="",F$10=""),0,MAX(F39-F26,F$16)) -> 0 | G40: =IF(OR(G$8="",G$10=""),0,MAX(G39-G26,G$16)) -> 0 | H40: =IF(OR(H$8="",H$10=""),0,MAX(H26*H16+H$16,H$16)) -> 0 | I40: =IF(OR(I$8="",I$10=""),0,MAX(I26*I16+I$16,I$16)) -> 0 | J40: =IF(OR(J$8="",J$10=""),0,MAX(J26*J16+J$16,J$16)) -> 0 | K40: =IF(OR(K$8="",K$10=""),0,MAX(K26*K16+K$16,K$16)) -> 0 | L40: =IF(OR(L$8="",L$10=""),0,MAX(L26*L16+L$16,L$16)) -> 0 | M40: =IF(OR(M$8="",M$10=""),0,MAX(M26*M16+M$16,M$16)) -> 0 | N40: =IF(OR(N$8="",N$10=""),0,MAX(N26*N16+N$16,N$16)) -> 0 | O40: =SUM(B40:K40) -> 0
A41: =A40+1 -> 2033 | B41: =IF(OR(B$8="",B$10=""),0,MAX(B40-B27,B$16)) -> 0 | C41: =IF(OR(C$8="",C$10=""),0,MAX(C40-C27,C$16)) -> 0 | D41: =IF(OR(D$8="",D$10=""),0,MAX(D40-D27,D$16)) -> 0 | E41: =IF(OR(E$8="",E$10=""),0,MAX(E40-E27,E$16)) -> 0 | F41: =IF(OR(F$8="",F$10=""),0,MAX(F40-F27,F$16)) -> 0 | G41: =IF(OR(G$8="",G$10=""),0,MAX(G40-G27,G$16)) -> 0 | H41: =IF(OR(H$8="",H$10=""),0,MAX(H27*H17+H$16,H$16)) -> 0 | I41: =IF(OR(I$8="",I$10=""),0,MAX(I27*I17+I$16,I$16)) -> 0 | J41: =IF(OR(J$8="",J$10=""),0,MAX(J27*J17+J$16,J$16)) -> 0 | K41: =IF(OR(K$8="",K$10=""),0,MAX(K27*K17+K$16,K$16)) -> 0 | L41: =IF(OR(L$8="",L$10=""),0,MAX(L27*L17+L$16,L$16)) -> 0 | M41: =IF(OR(M$8="",M$10=""),0,MAX(M27*M17+M$16,M$16)) -> 0 | N41: =IF(OR(N$8="",N$10=""),0,MAX(N27*N17+N$16,N$16)) -> 0 | O41: =SUM(B41:K41) -> 0
A42: =A41+1 -> 2034 | B42: =IF(OR(B$8="",B$10=""),0,MAX(B41-B28,B$16)) -> 0 | C42: =IF(OR(C$8="",C$10=""),0,MAX(C41-C28,C$16)) -> 0 | D42: =IF(OR(D$8="",D$10=""),0,MAX(D41-D28,D$16)) -> 0 | E42: =IF(OR(E$8="",E$10=""),0,MAX(E41-E28,E$16)) -> 0 | F42: =IF(OR(F$8="",F$10=""),0,MAX(F41-F28,F$16)) -> 0 | G42: =IF(OR(G$8="",G$10=""),0,MAX(G41-G28,G$16)) -> 0 | H42: =IF(OR(H$8="",H$10=""),0,MAX(H28*H18+H$16,H$16)) -> 0 | I42: =IF(OR(I$8="",I$10=""),0,MAX(I28*I18+I$16,I$16)) -> 0 | J42: =IF(OR(J$8="",J$10=""),0,MAX(J28*J18+J$16,J$16)) -> 0 | K42: =IF(OR(K$8="",K$10=""),0,MAX(K28*K18+K$16,K$16)) -> 0 | L42: =IF(OR(L$8="",L$10=""),0,MAX(L28*L18+L$16,L$16)) -> 0 | M42: =IF(OR(M$8="",M$10=""),0,MAX(M28*M18+M$16,M$16)) -> 0 | N42: =IF(OR(N$8="",N$10=""),0,MAX(N28*N18+N$16,N$16)) -> 0 | O42: =SUM(B42:K42) -> 0
A43: =A42+1 -> 2035 | B43: =IF(OR(B$8="",B$10=""),0,MAX(B42-B29,B$16)) -> 0 | C43: =IF(OR(C$8="",C$10=""),0,MAX(C42-C29,C$16)) -> 0 | D43: =IF(OR(D$8="",D$10=""),0,MAX(D42-D29,D$16)) -> 0 | E43: =IF(OR(E$8="",E$10=""),0,MAX(E42-E29,E$16)) -> 0 | F43: =IF(OR(F$8="",F$10=""),0,MAX(F42-F29,F$16)) -> 0 | G43: =IF(OR(G$8="",G$10=""),0,MAX(G42-G29,G$16)) -> 0 | H43: =IF(OR(H$8="",H$10=""),0,MAX(H29*H19+H$16,H$16)) -> 0 | I43: =IF(OR(I$8="",I$10=""),0,MAX(I29*I19+I$16,I$16)) -> 0 | J43: =IF(OR(J$8="",J$10=""),0,MAX(J29*J19+J$16,J$16)) -> 0 | K43: =IF(OR(K$8="",K$10=""),0,MAX(K29*K19+K$16,K$16)) -> 0 | L43: =IF(OR(L$8="",L$10=""),0,MAX(L29*L19+L$16,L$16)) -> 0 | M43: =IF(OR(M$8="",M$10=""),0,MAX(M29*M19+M$16,M$16)) -> 0 | N43: =IF(OR(N$8="",N$10=""),0,MAX(N29*N19+N$16,N$16)) -> 0 | O43: =SUM(B43:K43) -> 0
A44: =A43+1 -> 2036 | B44: =IF(OR(B$8="",B$10=""),0,MAX(B43-B30,B$16)) -> 0 | C44: =IF(OR(C$8="",C$10=""),0,MAX(C43-C30,C$16)) -> 0 | D44: =IF(OR(D$8="",D$10=""),0,MAX(D43-D30,D$16)) -> 0 | E44: =IF(OR(E$8="",E$10=""),0,MAX(E43-E30,E$16)) -> 0 | F44: =IF(OR(F$8="",F$10=""),0,MAX(F43-F30,F$16)) -> 0 | G44: =IF(OR(G$8="",G$10=""),0,MAX(G43-G30,G$16)) -> 0 | H44: =IF(OR(H$8="",H$10=""),0,MAX(H30*H20+H$16,H$16)) -> 0 | I44: =IF(OR(I$8="",I$10=""),0,MAX(I30*I20+I$16,I$16)) -> 0 | J44: =IF(OR(J$8="",J$10=""),0,MAX(J30*J20+J$16,J$16)) -> 0 | K44: =IF(OR(K$8="",K$10=""),0,MAX(K30*K20+K$16,K$16)) -> 0 | L44: =IF(OR(L$8="",L$10=""),0,MAX(L30*L20+L$16,L$16)) -> 0 | M44: =IF(OR(M$8="",M$10=""),0,MAX(M30*M20+M$16,M$16)) -> 0 | N44: =IF(OR(N$8="",N$10=""),0,MAX(N30*N20+N$16,N$16)) -> 0 | O44: =SUM(B44:K44) -> 0

Sheet B.02
A1: B.02 Afschrijvingskosten Laadinfrastructuur | O1: Instructie | P1: Vul de oranje cellen in
A2: terug
A4: Omschrijving Laadinfrastructuur | B4: <tekst> | C4: <tekst> | D4: <tekst> | E4: <tekst> | F4: <tekst> | G4: <tekst> | H4: <tekst> | I4: <tekst> | J4: <tekst> | K4: <tekst> | L4: <tekst> | M4: <tekst> | N4: <tekst> | O4: <tekst> | P4: <tekst> | Q4: <tekst> | R4: <tekst>
A5: Afschrijvingstermijn in jaren
A6: Aanschafprijs
A7: Subsidie
A8: Totaal Aanschafprijs | B8: =B6-B7 -> 0 | C8: =C6-C7 -> 0 | D8: =D6-D7 -> 0 | E8: =E6-E7 -> 0 | F8: =F6-F7 -> 0 | G8: =G6-G7 -> 0 | H8: =H6-H7 -> 0 | I8: =I6-I7 -> 0 | ... R8: =R6-R7 -> 0
A9: Datum Instroom concessie
A10: Datum Uitstroom concessie
A11: Afschrijvingstermijn in dagen totaal | B11: =B5*365.25 -> 0 | C11: =C5*365.25 -> 0 | D11: =D5*365.25 -> 0 | E11: =E5*365.25 -> 0 | F11: =F5*365.25 -> 0 | G11: =G5*365.25 -> 0 | H11: =H5*365.25 -> 0 | I11: =I5*365.25 -> 0 | ... R11: =R5*365.25 -> 0
A12: Afschrijvingstermijn in dagen concessie | B12: =DATEDIF(B9,B10,"D")+1 -> 1 | C12: =DATEDIF(C9,C10,"D")+1 -> 1 | D12: =DATEDIF(D9,D10,"D")+1 -> 1 | E12: =DATEDIF(E9,E10,"D")+1 -> 1 | F12: =DATEDIF(F9,F10,"D")+1 -> 1 | G12: =DATEDIF(G9,G10,"D")+1 -> 1 | H12: =DATEDIF(H9,H10,"D")+1 -> 1 | I12: =DATEDIF(I9,I10,"D")+1 -> 1 | ... R12: =DATEDIF(R9,R10,"D")+1 -> 1
A13: Afschrijving per dag | B13: =IFERROR(B8/B11,0) -> 0 | C13: =IFERROR(C8/C11,0) -> 0 | D13: =IFERROR(D8/D11,0) -> 0 | E13: =IFERROR(E8/E11,0) -> 0 | F13: =IFERROR(F8/F11,0) -> 0 | G13: =IFERROR(G8/G11,0) -> 0 | H13: =IFERROR(H8/H11,0) -> 0 | I13: =IFERROR(I8/I11,0) -> 0 | ... R13: =IFERROR(R8/R11,0) -> 0
A15: Jaren | S15: Totale Afschrijving per jaar
A16: 2029 | B16: =IF(AND($A16>YEAR(B$9),$A16<YEAR(B$10)),(DATE($A16,12,31)-DATE($A16,1,0))*B$13,IF(AND($A16=YEAR(B$9),$A16=YEAR(B$10)),(B$10-B$9)*B$13,IF($A16=YEAR(B$9),(DATE(YEAR(B$9),12,31)-B$9)*B$13,IF($A16=YEAR(B$10),(B$10-DATE(YEAR(B$10),1,0))*B$13,0)))) -> 0 | C16: =IF(AND($A16>YEAR(C$9),$A16<YEAR(C$10)),(DATE($A16,12,31)-DATE($A16,1,0))*C$13,IF(AND($A16=YEAR(C$9),$A16=YEAR(C$10)),(C$10-C$9)*C$13,IF($A16=YEAR(C$9),(DATE(YEAR(C$9),12,31)-C$9)*C$13,IF($A16=YEAR(C$10),(C$10-DATE(YEAR(C$10),1,0))*C$13,0)))) -> 0 | D16: =IF(AND($A16>YEAR(D$9),$A16<YEAR(D$10)),(DATE($A16,12,31)-DATE($A16,1,0))*D$13,IF(AND($A16=YEAR(D$9),$A16=YEAR(D$10)),(D$10-D$9)*D$13,IF($A16=YEAR(D$9),(DATE(YEAR(D$9),12,31)-D$9)*D$13,IF($A16=YEAR(D$10),(D$10-DATE(YEAR(D$10),1,0))*D$13,0)))) -> 0 | E16: =IF(AND($A16>YEAR(E$9),$A16<YEAR(E$10)),(DATE($A16,12,31)-DATE($A16,1,0))*E$13,IF(AND($A16=YEAR(E$9),$A16=YEAR(E$10)),(E$10-E$9)*E$13,IF($A16=YEAR(E$9),(DATE(YEAR(E$9),12,31)-E$9)*E$13,IF($A16=YEAR(E$10),(E$10-DATE(YEAR(E$10),1,0))*E$13,0)))) -> 0 | F16: =IF(AND($A16>YEAR(F$9),$A16<YEAR(F$10)),(DATE($A16,12,31)-DATE($A16,1,0))*F$13,IF(AND($A16=YEAR(F$9),$A16=YEAR(F$10)),(F$10-F$9)*F$13,IF($A16=YEAR(F$9),(DATE(YEAR(F$9),12,31)-F$9)*F$13,IF($A16=YEAR(F$10),(F$10-DATE(YEAR(F$10),1,0))*F$13,0)))) -> 0 | G16: =IF(AND($A16>YEAR(G$9),$A16<YEAR(G$10)),(DATE($A16,12,31)-DATE($A16,1,0))*G$13,IF(AND($A16=YEAR(G$9),$A16=YEAR(G$10)),(G$10-G$9)*G$13,IF($A16=YEAR(G$9),(DATE(YEAR(G$9),12,31)-G$9)*G$13,IF($A16=YEAR(G$10),(G$10-DATE(YEAR(G$10),1,0))*G$13,0)))) -> 0 | H16: =IF(AND($A16>YEAR(H$9),$A16<YEAR(H$10)),(DATE($A16,12,31)-DATE($A16,1,0))*H$13,IF(AND($A16=YEAR(H$9),$A16=YEAR(H$10)),(H$10-H$9)*H$13,IF($A16=YEAR(H$9),(DATE(YEAR(H$9),12,31)-H$9)*H$13,IF($A16=YEAR(H$10),(H$10-DATE(YEAR(H$10),1,0))*H$13,0)))) -> 0 | I16: =IF(AND($A16>YEAR(I$9),$A16<YEAR(I$10)),(DATE($A16,12,31)-DATE($A16,1,0))*I$13,IF(AND($A16=YEAR(I$9),$A16=YEAR(I$10)),(I$10-I$9)*I$13,IF($A16=YEAR(I$9),(DATE(YEAR(I$9),12,31)-I$9)*I$13,IF($A16=YEAR(I$10),(I$10-DATE(YEAR(I$10),1,0))*I$13,0)))) -> 0 | ... R16: =IF(AND($A16>YEAR(R$9),$A16<YEAR(R$10)),(DATE($A16,12,31)-DATE($A16,1,0))*R$13,IF(AND($A16=YEAR(R$9),$A16=YEAR(R$10)),(R$10-R$9)*R$13,IF($A16=YEAR(R$9),(DATE(YEAR(R$9),12,31)-R$9)*R$13,IF($A16=YEAR(R$10),(R$10-DATE(YEAR(R$10),1,0))*R$13,0)))) -> 0 | S16: =SUM(B16:R16) -> 0
A17: 2030 | B17: =IF(AND($A17>YEAR(B$9),$A17<YEAR(B$10)),(DATE($A17,12,31)-DATE($A17,1,0))*B$13,IF(AND($A17=YEAR(B$9),$A17=YEAR(B$10)),(B$10-B$9)*B$13,IF($A17=YEAR(B$9),(DATE(YEAR(B$9),12,31)-B$9)*B$13,IF($A17=YEAR(B$10),(B$10-DATE(YEAR(B$10),1,0))*B$13,0)))) -> 0 | C17: =IF(AND($A17>YEAR(C$9),$A17<YEAR(C$10)),(DATE($A17,12,31)-DATE($A17,1,0))*C$13,IF(AND($A17=YEAR(C$9),$A17=YEAR(C$10)),(C$10-C$9)*C$13,IF($A17=YEAR(C$9),(DATE(YEAR(C$9),12,31)-C$9)*C$13,IF($A17=YEAR(C$10),(C$10-DATE(YEAR(C$10),1,0))*C$13,0)))) -> 0 | D17: =IF(AND($A17>YEAR(D$9),$A17<YEAR(D$10)),(DATE($A17,12,31)-DATE($A17,1,0))*D$13,IF(AND($A17=YEAR(D$9),$A17=YEAR(D$10)),(D$10-D$9)*D$13,IF($A17=YEAR(D$9),(DATE(YEAR(D$9),12,31)-D$9)*D$13,IF($A17=YEAR(D$10),(D$10-DATE(YEAR(D$10),1,0))*D$13,0)))) -> 0 | E17: =IF(AND($A17>YEAR(E$9),$A17<YEAR(E$10)),(DATE($A17,12,31)-DATE($A17,1,0))*E$13,IF(AND($A17=YEAR(E$9),$A17=YEAR(E$10)),(E$10-E$9)*E$13,IF($A17=YEAR(E$9),(DATE(YEAR(E$9),12,31)-E$9)*E$13,IF($A17=YEAR(E$10),(E$10-DATE(YEAR(E$10),1,0))*E$13,0)))) -> 0 | F17: =IF(AND($A17>YEAR(F$9),$A17<YEAR(F$10)),(DATE($A17,12,31)-DATE($A17,1,0))*F$13,IF(AND($A17=YEAR(F$9),$A17=YEAR(F$10)),(F$10-F$9)*F$13,IF($A17=YEAR(F$9),(DATE(YEAR(F$9),12,31)-F$9)*F$13,IF($A17=YEAR(F$10),(F$10-DATE(YEAR(F$10),1,0))*F$13,0)))) -> 0 | G17: =IF(AND($A17>YEAR(G$9),$A17<YEAR(G$10)),(DATE($A17,12,31)-DATE($A17,1,0))*G$13,IF(AND($A17=YEAR(G$9),$A17=YEAR(G$10)),(G$10-G$9)*G$13,IF($A17=YEAR(G$9),(DATE(YEAR(G$9),12,31)-G$9)*G$13,IF($A17=YEAR(G$10),(G$10-DATE(YEAR(G$10),1,0))*G$13,0)))) -> 0 | H17: =IF(AND($A17>YEAR(H$9),$A17<YEAR(H$10)),(DATE($A17,12,31)-DATE($A17,1,0))*H$13,IF(AND($A17=YEAR(H$9),$A17=YEAR(H$10)),(H$10-H$9)*H$13,IF($A17=YEAR(H$9),(DATE(YEAR(H$9),12,31)-H$9)*H$13,IF($A17=YEAR(H$10),(H$10-DATE(YEAR(H$10),1,0))*H$13,0)))) -> 0 | I17: =IF(AND($A17>YEAR(I$9),$A17<YEAR(I$10)),(DATE($A17,12,31)-DATE($A17,1,0))*I$13,IF(AND($A17=YEAR(I$9),$A17=YEAR(I$10)),(I$10-I$9)*I$13,IF($A17=YEAR(I$9),(DATE(YEAR(I$9),12,31)-I$9)*I$13,IF($A17=YEAR(I$10),(I$10-DATE(YEAR(I$10),1,0))*I$13,0)))) -> 0 | ... R17: =IF(AND($A17>YEAR(R$9),$A17<YEAR(R$10)),(DATE($A17,12,31)-DATE($A17,1,0))*R$13,IF(AND($A17=YEAR(R$9),$A17=YEAR(R$10)),(R$10-R$9)*R$13,IF($A17=YEAR(R$9),(DATE(YEAR(R$9),12,31)-R$9)*R$13,IF($A17=YEAR(R$10),(R$10-DATE(YEAR(R$10),1,0))*R$13,0)))) -> 0 | S17: =SUM(B17:R17) -> 0
A18: 2031 | B18: =IF(AND($A18>YEAR(B$9),$A18<YEAR(B$10)),(DATE($A18,12,31)-DATE($A18,1,0))*B$13,IF(AND($A18=YEAR(B$9),$A18=YEAR(B$10)),(B$10-B$9)*B$13,IF($A18=YEAR(B$9),(DATE(YEAR(B$9),12,31)-B$9)*B$13,IF($A18=YEAR(B$10),(B$10-DATE(YEAR(B$10),1,0))*B$13,0)))) -> 0 | C18: =IF(AND($A18>YEAR(C$9),$A18<YEAR(C$10)),(DATE($A18,12,31)-DATE($A18,1,0))*C$13,IF(AND($A18=YEAR(C$9),$A18=YEAR(C$10)),(C$10-C$9)*C$13,IF($A18=YEAR(C$9),(DATE(YEAR(C$9),12,31)-C$9)*C$13,IF($A18=YEAR(C$10),(C$10-DATE(YEAR(C$10),1,0))*C$13,0)))) -> 0 | D18: =IF(AND($A18>YEAR(D$9),$A18<YEAR(D$10)),(DATE($A18,12,31)-DATE($A18,1,0))*D$13,IF(AND($A18=YEAR(D$9),$A18=YEAR(D$10)),(D$10-D$9)*D$13,IF($A18=YEAR(D$9),(DATE(YEAR(D$9),12,31)-D$9)*D$13,IF($A18=YEAR(D$10),(D$10-DATE(YEAR(D$10),1,0))*D$13,0)))) -> 0 | E18: =IF(AND($A18>YEAR(E$9),$A18<YEAR(E$10)),(DATE($A18,12,31)-DATE($A18,1,0))*E$13,IF(AND($A18=YEAR(E$9),$A18=YEAR(E$10)),(E$10-E$9)*E$13,IF($A18=YEAR(E$9),(DATE(YEAR(E$9),12,31)-E$9)*E$13,IF($A18=YEAR(E$10),(E$10-DATE(YEAR(E$10),1,0))*E$13,0)))) -> 0 | F18: =IF(AND($A18>YEAR(F$9),$A18<YEAR(F$10)),(DATE($A18,12,31)-DATE($A18,1,0))*F$13,IF(AND($A18=YEAR(F$9),$A18=YEAR(F$10)),(F$10-F$9)*F$13,IF($A18=YEAR(F$9),(DATE(YEAR(F$9),12,31)-F$9)*F$13,IF($A18=YEAR(F$10),(F$10-DATE(YEAR(F$10),1,0))*F$13,0)))) -> 0 | G18: =IF(AND($A18>YEAR(G$9),$A18<YEAR(G$10)),(DATE($A18,12,31)-DATE($A18,1,0))*G$13,IF(AND($A18=YEAR(G$9),$A18=YEAR(G$10)),(G$10-G$9)*G$13,IF($A18=YEAR(G$9),(DATE(YEAR(G$9),12,31)-G$9)*G$13,IF($A18=YEAR(G$10),(G$10-DATE(YEAR(G$10),1,0))*G$13,0)))) -> 0 | H18: =IF(AND($A18>YEAR(H$9),$A18<YEAR(H$10)),(DATE($A18,12,31)-DATE($A18,1,0))*H$13,IF(AND($A18=YEAR(H$9),$A18=YEAR(H$10)),(H$10-H$9)*H$13,IF($A18=YEAR(H$9),(DATE(YEAR(H$9),12,31)-H$9)*H$13,IF($A18=YEAR(H$10),(H$10-DATE(YEAR(H$10),1,0))*H$13,0)))) -> 0 | I18: =IF(AND($A18>YEAR(I$9),$A18<YEAR(I$10)),(DATE($A18,12,31)-DATE($A18,1,0))*I$13,IF(AND($A18=YEAR(I$9),$A18=YEAR(I$10)),(I$10-I$9)*I$13,IF($A18=YEAR(I$9),(DATE(YEAR(I$9),12,31)-I$9)*I$13,IF($A18=YEAR(I$10),(I$10-DATE(YEAR(I$10),1,0))*I$13,0)))) -> 0 | ... R18: =IF(AND($A18>YEAR(R$9),$A18<YEAR(R$10)),(DATE($A18,12,31)-DATE($A18,1,0))*R$13,IF(AND($A18=YEAR(R$9),$A18=YEAR(R$10)),(R$10-R$9)*R$13,IF($A18=YEAR(R$9),(DATE(YEAR(R$9),12,31)-R$9)*R$13,IF($A18=YEAR(R$10),(R$10-DATE(YEAR(R$10),1,0))*R$13,0)))) -> 0 | S18: =SUM(B18:R18) -> 0
A19: 2032 | B19: =IF(AND($A19>YEAR(B$9),$A19<YEAR(B$10)),(DATE($A19,12,31)-DATE($A19,1,0))*B$13,IF(AND($A19=YEAR(B$9),$A19=YEAR(B$10)),(B$10-B$9)*B$13,IF($A19=YEAR(B$9),(DATE(YEAR(B$9),12,31)-B$9)*B$13,IF($A19=YEAR(B$10),(B$10-DATE(YEAR(B$10),1,0))*B$13,0)))) -> 0 | C19: =IF(AND($A19>YEAR(C$9),$A19<YEAR(C$10)),(DATE($A19,12,31)-DATE($A19,1,0))*C$13,IF(AND($A19=YEAR(C$9),$A19=YEAR(C$10)),(C$10-C$9)*C$13,IF($A19=YEAR(C$9),(DATE(YEAR(C$9),12,31)-C$9)*C$13,IF($A19=YEAR(C$10),(C$10-DATE(YEAR(C$10),1,0))*C$13,0)))) -> 0 | D19: =IF(AND($A19>YEAR(D$9),$A19<YEAR(D$10)),(DATE($A19,12,31)-DATE($A19,1,0))*D$13,IF(AND($A19=YEAR(D$9),$A19=YEAR(D$10)),(D$10-D$9)*D$13,IF($A19=YEAR(D$9),(DATE(YEAR(D$9),12,31)-D$9)*D$13,IF($A19=YEAR(D$10),(D$10-DATE(YEAR(D$10),1,0))*D$13,0)))) -> 0 | E19: =IF(AND($A19>YEAR(E$9),$A19<YEAR(E$10)),(DATE($A19,12,31)-DATE($A19,1,0))*E$13,IF(AND($A19=YEAR(E$9),$A19=YEAR(E$10)),(E$10-E$9)*E$13,IF($A19=YEAR(E$9),(DATE(YEAR(E$9),12,31)-E$9)*E$13,IF($A19=YEAR(E$10),(E$10-DATE(YEAR(E$10),1,0))*E$13,0)))) -> 0 | F19: =IF(AND($A19>YEAR(F$9),$A19<YEAR(F$10)),(DATE($A19,12,31)-DATE($A19,1,0))*F$13,IF(AND($A19=YEAR(F$9),$A19=YEAR(F$10)),(F$10-F$9)*F$13,IF($A19=YEAR(F$9),(DATE(YEAR(F$9),12,31)-F$9)*F$13,IF($A19=YEAR(F$10),(F$10-DATE(YEAR(F$10),1,0))*F$13,0)))) -> 0 | G19: =IF(AND($A19>YEAR(G$9),$A19<YEAR(G$10)),(DATE($A19,12,31)-DATE($A19,1,0))*G$13,IF(AND($A19=YEAR(G$9),$A19=YEAR(G$10)),(G$10-G$9)*G$13,IF($A19=YEAR(G$9),(DATE(YEAR(G$9),12,31)-G$9)*G$13,IF($A19=YEAR(G$10),(G$10-DATE(YEAR(G$10),1,0))*G$13,0)))) -> 0 | H19: =IF(AND($A19>YEAR(H$9),$A19<YEAR(H$10)),(DATE($A19,12,31)-DATE($A19,1,0))*H$13,IF(AND($A19=YEAR(H$9),$A19=YEAR(H$10)),(H$10-H$9)*H$13,IF($A19=YEAR(H$9),(DATE(YEAR(H$9),12,31)-H$9)*H$13,IF($A19=YEAR(H$10),(H$10-DATE(YEAR(H$10),1,0))*H$13,0)))) -> 0 | I19: =IF(AND($A19>YEAR(I$9),$A19<YEAR(I$10)),(DATE($A19,12,31)-DATE($A19,1,0))*I$13,IF(AND($A19=YEAR(I$9),$A19=YEAR(I$10)),(I$10-I$9)*I$13,IF($A19=YEAR(I$9),(DATE(YEAR(I$9),12,31)-I$9)*I$13,IF($A19=YEAR(I$10),(I$10-DATE(YEAR(I$10),1,0))*I$13,0)))) -> 0 | ... R19: =IF(AND($A19>YEAR(R$9),$A19<YEAR(R$10)),(DATE($A19,12,31)-DATE($A19,1,0))*R$13,IF(AND($A19=YEAR(R$9),$A19=YEAR(R$10)),(R$10-R$9)*R$13,IF($A19=YEAR(R$9),(DATE(YEAR(R$9),12,31)-R$9)*R$13,IF($A19=YEAR(R$10),(R$10-DATE(YEAR(R$10),1,0))*R$13,0)))) -> 0 | S19: =SUM(B19:R19) -> 0
A20: 2033 | B20: =IF(AND($A20>YEAR(B$9),$A20<YEAR(B$10)),(DATE($A20,12,31)-DATE($A20,1,0))*B$13,IF(AND($A20=YEAR(B$9),$A20=YEAR(B$10)),(B$10-B$9)*B$13,IF($A20=YEAR(B$9),(DATE(YEAR(B$9),12,31)-B$9)*B$13,IF($A20=YEAR(B$10),(B$10-DATE(YEAR(B$10),1,0))*B$13,0)))) -> 0 | C20: =IF(AND($A20>YEAR(C$9),$A20<YEAR(C$10)),(DATE($A20,12,31)-DATE($A20,1,0))*C$13,IF(AND($A20=YEAR(C$9),$A20=YEAR(C$10)),(C$10-C$9)*C$13,IF($A20=YEAR(C$9),(DATE(YEAR(C$9),12,31)-C$9)*C$13,IF($A20=YEAR(C$10),(C$10-DATE(YEAR(C$10),1,0))*C$13,0)))) -> 0 | D20: =IF(AND($A20>YEAR(D$9),$A20<YEAR(D$10)),(DATE($A20,12,31)-DATE($A20,1,0))*D$13,IF(AND($A20=YEAR(D$9),$A20=YEAR(D$10)),(D$10-D$9)*D$13,IF($A20=YEAR(D$9),(DATE(YEAR(D$9),12,31)-D$9)*D$13,IF($A20=YEAR(D$10),(D$10-DATE(YEAR(D$10),1,0))*D$13,0)))) -> 0 | E20: =IF(AND($A20>YEAR(E$9),$A20<YEAR(E$10)),(DATE($A20,12,31)-DATE($A20,1,0))*E$13,IF(AND($A20=YEAR(E$9),$A20=YEAR(E$10)),(E$10-E$9)*E$13,IF($A20=YEAR(E$9),(DATE(YEAR(E$9),12,31)-E$9)*E$13,IF($A20=YEAR(E$10),(E$10-DATE(YEAR(E$10),1,0))*E$13,0)))) -> 0 | F20: =IF(AND($A20>YEAR(F$9),$A20<YEAR(F$10)),(DATE($A20,12,31)-DATE($A20,1,0))*F$13,IF(AND($A20=YEAR(F$9),$A20=YEAR(F$10)),(F$10-F$9)*F$13,IF($A20=YEAR(F$9),(DATE(YEAR(F$9),12,31)-F$9)*F$13,IF($A20=YEAR(F$10),(F$10-DATE(YEAR(F$10),1,0))*F$13,0)))) -> 0 | G20: =IF(AND($A20>YEAR(G$9),$A20<YEAR(G$10)),(DATE($A20,12,31)-DATE($A20,1,0))*G$13,IF(AND($A20=YEAR(G$9),$A20=YEAR(G$10)),(G$10-G$9)*G$13,IF($A20=YEAR(G$9),(DATE(YEAR(G$9),12,31)-G$9)*G$13,IF($A20=YEAR(G$10),(G$10-DATE(YEAR(G$10),1,0))*G$13,0)))) -> 0 | H20: =IF(AND($A20>YEAR(H$9),$A20<YEAR(H$10)),(DATE($A20,12,31)-DATE($A20,1,0))*H$13,IF(AND($A20=YEAR(H$9),$A20=YEAR(H$10)),(H$10-H$9)*H$13,IF($A20=YEAR(H$9),(DATE(YEAR(H$9),12,31)-H$9)*H$13,IF($A20=YEAR(H$10),(H$10-DATE(YEAR(H$10),1,0))*H$13,0)))) -> 0 | I20: =IF(AND($A20>YEAR(I$9),$A20<YEAR(I$10)),(DATE($A20,12,31)-DATE($A20,1,0))*I$13,IF(AND($A20=YEAR(I$9),$A20=YEAR(I$10)),(I$10-I$9)*I$13,IF($A20=YEAR(I$9),(DATE(YEAR(I$9),12,31)-I$9)*I$13,IF($A20=YEAR(I$10),(I$10-DATE(YEAR(I$10),1,0))*I$13,0)))) -> 0 | ... R20: =IF(AND($A20>YEAR(R$9),$A20<YEAR(R$10)),(DATE($A20,12,31)-DATE($A20,1,0))*R$13,IF(AND($A20=YEAR(R$9),$A20=YEAR(R$10)),(R$10-R$9)*R$13,IF($A20=YEAR(R$9),(DATE(YEAR(R$9),12,31)-R$9)*R$13,IF($A20=YEAR(R$10),(R$10-DATE(YEAR(R$10),1,0))*R$13,0)))) -> 0 | S20: =SUM(B20:R20) -> 0
A21: 2034 | B21: =IF(AND($A21>YEAR(B$9),$A21<YEAR(B$10)),(DATE($A21,12,31)-DATE($A21,1,0))*B$13,IF(AND($A21=YEAR(B$9),$A21=YEAR(B$10)),(B$10-B$9)*B$13,IF($A21=YEAR(B$9),(DATE(YEAR(B$9),12,31)-B$9)*B$13,IF($A21=YEAR(B$10),(B$10-DATE(YEAR(B$10),1,0))*B$13,0)))) -> 0 | C21: =IF(AND($A21>YEAR(C$9),$A21<YEAR(C$10)),(DATE($A21,12,31)-DATE($A21,1,0))*C$13,IF(AND($A21=YEAR(C$9),$A21=YEAR(C$10)),(C$10-C$9)*C$13,IF($A21=YEAR(C$9),(DATE(YEAR(C$9),12,31)-C$9)*C$13,IF($A21=YEAR(C$10),(C$10-DATE(YEAR(C$10),1,0))*C$13,0)))) -> 0 | D21: =IF(AND($A21>YEAR(D$9),$A21<YEAR(D$10)),(DATE($A21,12,31)-DATE($A21,1,0))*D$13,IF(AND($A21=YEAR(D$9),$A21=YEAR(D$10)),(D$10-D$9)*D$13,IF($A21=YEAR(D$9),(DATE(YEAR(D$9),12,31)-D$9)*D$13,IF($A21=YEAR(D$10),(D$10-DATE(YEAR(D$10),1,0))*D$13,0)))) -> 0 | E21: =IF(AND($A21>YEAR(E$9),$A21<YEAR(E$10)),(DATE($A21,12,31)-DATE($A21,1,0))*E$13,IF(AND($A21=YEAR(E$9),$A21=YEAR(E$10)),(E$10-E$9)*E$13,IF($A21=YEAR(E$9),(DATE(YEAR(E$9),12,31)-E$9)*E$13,IF($A21=YEAR(E$10),(E$10-DATE(YEAR(E$10),1,0))*E$13,0)))) -> 0 | F21: =IF(AND($A21>YEAR(F$9),$A21<YEAR(F$10)),(DATE($A21,12,31)-DATE($A21,1,0))*F$13,IF(AND($A21=YEAR(F$9),$A21=YEAR(F$10)),(F$10-F$9)*F$13,IF($A21=YEAR(F$9),(DATE(YEAR(F$9),12,31)-F$9)*F$13,IF($A21=YEAR(F$10),(F$10-DATE(YEAR(F$10),1,0))*F$13,0)))) -> 0 | G21: =IF(AND($A21>YEAR(G$9),$A21<YEAR(G$10)),(DATE($A21,12,31)-DATE($A21,1,0))*G$13,IF(AND($A21=YEAR(G$9),$A21=YEAR(G$10)),(G$10-G$9)*G$13,IF($A21=YEAR(G$9),(DATE(YEAR(G$9),12,31)-G$9)*G$13,IF($A21=YEAR(G$10),(G$10-DATE(YEAR(G$10),1,0))*G$13,0)))) -> 0 | H21: =IF(AND($A21>YEAR(H$9),$A21<YEAR(H$10)),(DATE($A21,12,31)-DATE($A21,1,0))*H$13,IF(AND($A21=YEAR(H$9),$A21=YEAR(H$10)),(H$10-H$9)*H$13,IF($A21=YEAR(H$9),(DATE(YEAR(H$9),12,31)-H$9)*H$13,IF($A21=YEAR(H$10),(H$10-DATE(YEAR(H$10),1,0))*H$13,0)))) -> 0 | I21: =IF(AND($A21>YEAR(I$9),$A21<YEAR(I$10)),(DATE($A21,12,31)-DATE($A21,1,0))*I$13,IF(AND($A21=YEAR(I$9),$A21=YEAR(I$10)),(I$10-I$9)*I$13,IF($A21=YEAR(I$9),(DATE(YEAR(I$9),12,31)-I$9)*I$13,IF($A21=YEAR(I$10),(I$10-DATE(YEAR(I$10),1,0))*I$13,0)))) -> 0 | ... R21: =IF(AND($A21>YEAR(R$9),$A21<YEAR(R$10)),(DATE($A21,12,31)-DATE($A21,1,0))*R$13,IF(AND($A21=YEAR(R$9),$A21=YEAR(R$10)),(R$10-R$9)*R$13,IF($A21=YEAR(R$9),(DATE(YEAR(R$9),12,31)-R$9)*R$13,IF($A21=YEAR(R$10),(R$10-DATE(YEAR(R$10),1,0))*R$13,0)))) -> 0 | S21: =SUM(B21:R21) -> 0
A22: 2035 | B22: =IF(AND($A22>YEAR(B$9),$A22<YEAR(B$10)),(DATE($A22,12,31)-DATE($A22,1,0))*B$13,IF(AND($A22=YEAR(B$9),$A22=YEAR(B$10)),(B$10-B$9)*B$13,IF($A22=YEAR(B$9),(DATE(YEAR(B$9),12,31)-B$9)*B$13,IF($A22=YEAR(B$10),(B$10-DATE(YEAR(B$10),1,0))*B$13,0)))) -> 0 | C22: =IF(AND($A22>YEAR(C$9),$A22<YEAR(C$10)),(DATE($A22,12,31)-DATE($A22,1,0))*C$13,IF(AND($A22=YEAR(C$9),$A22=YEAR(C$10)),(C$10-C$9)*C$13,IF($A22=YEAR(C$9),(DATE(YEAR(C$9),12,31)-C$9)*C$13,IF($A22=YEAR(C$10),(C$10-DATE(YEAR(C$10),1,0))*C$13,0)))) -> 0 | D22: =IF(AND($A22>YEAR(D$9),$A22<YEAR(D$10)),(DATE($A22,12,31)-DATE($A22,1,0))*D$13,IF(AND($A22=YEAR(D$9),$A22=YEAR(D$10)),(D$10-D$9)*D$13,IF($A22=YEAR(D$9),(DATE(YEAR(D$9),12,31)-D$9)*D$13,IF($A22=YEAR(D$10),(D$10-DATE(YEAR(D$10),1,0))*D$13,0)))) -> 0 | E22: =IF(AND($A22>YEAR(E$9),$A22<YEAR(E$10)),(DATE($A22,12,31)-DATE($A22,1,0))*E$13,IF(AND($A22=YEAR(E$9),$A22=YEAR(E$10)),(E$10-E$9)*E$13,IF($A22=YEAR(E$9),(DATE(YEAR(E$9),12,31)-E$9)*E$13,IF($A22=YEAR(E$10),(E$10-DATE(YEAR(E$10),1,0))*E$13,0)))) -> 0 | F22: =IF(AND($A22>YEAR(F$9),$A22<YEAR(F$10)),(DATE($A22,12,31)-DATE($A22,1,0))*F$13,IF(AND($A22=YEAR(F$9),$A22=YEAR(F$10)),(F$10-F$9)*F$13,IF($A22=YEAR(F$9),(DATE(YEAR(F$9),12,31)-F$9)*F$13,IF($A22=YEAR(F$10),(F$10-DATE(YEAR(F$10),1,0))*F$13,0)))) -> 0 | G22: =IF(AND($A22>YEAR(G$9),$A22<YEAR(G$10)),(DATE($A22,12,31)-DATE($A22,1,0))*G$13,IF(AND($A22=YEAR(G$9),$A22=YEAR(G$10)),(G$10-G$9)*G$13,IF($A22=YEAR(G$9),(DATE(YEAR(G$9),12,31)-G$9)*G$13,IF($A22=YEAR(G$10),(G$10-DATE(YEAR(G$10),1,0))*G$13,0)))) -> 0 | H22: =IF(AND($A22>YEAR(H$9),$A22<YEAR(H$10)),(DATE($A22,12,31)-DATE($A22,1,0))*H$13,IF(AND($A22=YEAR(H$9),$A22=YEAR(H$10)),(H$10-H$9)*H$13,IF($A22=YEAR(H$9),(DATE(YEAR(H$9),12,31)-H$9)*H$13,IF($A22=YEAR(H$10),(H$10-DATE(YEAR(H$10),1,0))*H$13,0)))) -> 0 | I22: =IF(AND($A22>YEAR(I$9),$A22<YEAR(I$10)),(DATE($A22,12,31)-DATE($A22,1,0))*I$13,IF(AND($A22=YEAR(I$9),$A22=YEAR(I$10)),(I$10-I$9)*I$13,IF($A22=YEAR(I$9),(DATE(YEAR(I$9),12,31)-I$9)*I$13,IF($A22=YEAR(I$10),(I$10-DATE(YEAR(I$10),1,0))*I$13,0)))) -> 0 | ... R22: =IF(AND($A22>YEAR(R$9),$A22<YEAR(R$10)),(DATE($A22,12,31)-DATE($A22,1,0))*R$13,IF(AND($A22=YEAR(R$9),$A22=YEAR(R$10)),(R$10-R$9)*R$13,IF($A22=YEAR(R$9),(DATE(YEAR(R$9),12,31)-R$9)*R$13,IF($A22=YEAR(R$10),(R$10-DATE(YEAR(R$10),1,0))*R$13,0)))) -> 0 | S22: =SUM(B22:R22) -> 0
A23: 2036 | B23: =IF(AND($A23>YEAR(B$9),$A23<YEAR(B$10)),(DATE($A23,12,31)-DATE($A23,1,0))*B$13,IF(AND($A23=YEAR(B$9),$A23=YEAR(B$10)),(B$10-B$9)*B$13,IF($A23=YEAR(B$9),(DATE(YEAR(B$9),12,31)-B$9)*B$13,IF($A23=YEAR(B$10),(B$10-DATE(YEAR(B$10),1,0))*B$13,0)))) -> 0 | C23: =IF(AND($A23>YEAR(C$9),$A23<YEAR(C$10)),(DATE($A23,12,31)-DATE($A23,1,0))*C$13,IF(AND($A23=YEAR(C$9),$A23=YEAR(C$10)),(C$10-C$9)*C$13,IF($A23=YEAR(C$9),(DATE(YEAR(C$9),12,31)-C$9)*C$13,IF($A23=YEAR(C$10),(C$10-DATE(YEAR(C$10),1,0))*C$13,0)))) -> 0 | D23: =IF(AND($A23>YEAR(D$9),$A23<YEAR(D$10)),(DATE($A23,12,31)-DATE($A23,1,0))*D$13,IF(AND($A23=YEAR(D$9),$A23=YEAR(D$10)),(D$10-D$9)*D$13,IF($A23=YEAR(D$9),(DATE(YEAR(D$9),12,31)-D$9)*D$13,IF($A23=YEAR(D$10),(D$10-DATE(YEAR(D$10),1,0))*D$13,0)))) -> 0 | E23: =IF(AND($A23>YEAR(E$9),$A23<YEAR(E$10)),(DATE($A23,12,31)-DATE($A23,1,0))*E$13,IF(AND($A23=YEAR(E$9),$A23=YEAR(E$10)),(E$10-E$9)*E$13,IF($A23=YEAR(E$9),(DATE(YEAR(E$9),12,31)-E$9)*E$13,IF($A23=YEAR(E$10),(E$10-DATE(YEAR(E$10),1,0))*E$13,0)))) -> 0 | F23: =IF(AND($A23>YEAR(F$9),$A23<YEAR(F$10)),(DATE($A23,12,31)-DATE($A23,1,0))*F$13,IF(AND($A23=YEAR(F$9),$A23=YEAR(F$10)),(F$10-F$9)*F$13,IF($A23=YEAR(F$9),(DATE(YEAR(F$9),12,31)-F$9)*F$13,IF($A23=YEAR(F$10),(F$10-DATE(YEAR(F$10),1,0))*F$13,0)))) -> 0 | G23: =IF(AND($A23>YEAR(G$9),$A23<YEAR(G$10)),(DATE($A23,12,31)-DATE($A23,1,0))*G$13,IF(AND($A23=YEAR(G$9),$A23=YEAR(G$10)),(G$10-G$9)*G$13,IF($A23=YEAR(G$9),(DATE(YEAR(G$9),12,31)-G$9)*G$13,IF($A23=YEAR(G$10),(G$10-DATE(YEAR(G$10),1,0))*G$13,0)))) -> 0 | H23: =IF(AND($A23>YEAR(H$9),$A23<YEAR(H$10)),(DATE($A23,12,31)-DATE($A23,1,0))*H$13,IF(AND($A23=YEAR(H$9),$A23=YEAR(H$10)),(H$10-H$9)*H$13,IF($A23=YEAR(H$9),(DATE(YEAR(H$9),12,31)-H$9)*H$13,IF($A23=YEAR(H$10),(H$10-DATE(YEAR(H$10),1,0))*H$13,0)))) -> 0 | I23: =IF(AND($A23>YEAR(I$9),$A23<YEAR(I$10)),(DATE($A23,12,31)-DATE($A23,1,0))*I$13,IF(AND($A23=YEAR(I$9),$A23=YEAR(I$10)),(I$10-I$9)*I$13,IF($A23=YEAR(I$9),(DATE(YEAR(I$9),12,31)-I$9)*I$13,IF($A23=YEAR(I$10),(I$10-DATE(YEAR(I$10),1,0))*I$13,0)))) -> 0 | ... R23: =IF(AND($A23>YEAR(R$9),$A23<YEAR(R$10)),(DATE($A23,12,31)-DATE($A23,1,0))*R$13,IF(AND($A23=YEAR(R$9),$A23=YEAR(R$10)),(R$10-R$9)*R$13,IF($A23=YEAR(R$9),(DATE(YEAR(R$9),12,31)-R$9)*R$13,IF($A23=YEAR(R$10),(R$10-DATE(YEAR(R$10),1,0))*R$13,0)))) -> 0 | S23: =SUM(B23:R23) -> 0
A25: Totaal | B25: =SUM(B16:B23) -> 0 | C25: =SUM(C16:C23) -> 0 | D25: =SUM(D16:D23) -> 0 | E25: =SUM(E16:E23) -> 0 | F25: =SUM(F16:F23) -> 0 | G25: =SUM(G16:G23) -> 0 | H25: =SUM(H16:H23) -> 0 | I25: =SUM(I16:I23) -> 0 | ... R25: =SUM(R16:R23) -> 0
A27: VERWACHTE OVERNAMEWAARDE | B27: =B8-B25 -> 0 | C27: =C8-C25 -> 0 | D27: =D8-D25 -> 0 | E27: =E8-E25 -> 0 | F27: =F8-F25 -> 0 | G27: =G8-G25 -> 0 | H27: =H8-H25 -> 0 | I27: =I8-I25 -> 0 | ... R27: =R8-R25 -> 0
A28: Controle | B28: =(B11-B12)*B13-B27 -> 0 | C28: =(C11-C12)*C13-C27 -> 0 | D28: =(D11-D12)*D13-D27 -> 0 | E28: =(E11-E12)*E13-E27 -> 0 | F28: =(F11-F12)*F13-F27 -> 0 | G28: =(G11-G12)*G13-G27 -> 0 | H28: =(H11-H12)*H13-H27 -> 0 | I28: =(I11-I12)*I13-I27 -> 0 | ... R28: =(R11-R12)*R13-R27 -> 0

Sheet B.03
A1: B.03 Onderhoudskosten Laadinfrastructuur | F1: Instructie | G1: Vul de oranje cellen in
A2: terug
B4: Omschrijving Laadinfrastructuur | C4: … | D4: … | E4: … | F4: … | G4: … | H4: … | I4: …
A6: Totaal Onderhoudskosten op jaarbasis
A8: Nr | B8: Kalenderjaar | C8: =C4 -> … | D8: =D4 -> … | E8: =E4 -> … | F8: =F4 -> … | G8: =G4 -> … | H8: =H4 -> … | I8: =I4 -> … | J8: Totaal
A9: 1 | B9: 2029 | J9: =SUM(C9:I9) -> 0
A10: =A9+1 -> 2 | B10: =B9+1 -> 2030 | J10: =SUM(C10:I10) -> 0
A11: =A10+1 -> 3 | B11: =B10+1 -> 2031 | J11: =SUM(C11:I11) -> 0
A12: =A11+1 -> 4 | B12: =B11+1 -> 2032 | J12: =SUM(C12:I12) -> 0
A13: =A12+1 -> 5 | B13: =B12+1 -> 2033 | J13: =SUM(C13:I13) -> 0
A14: =A13+1 -> 6 | B14: =B13+1 -> 2034 | J14: =SUM(C14:I14) -> 0
A15: =A14+1 -> 7 | B15: =B14+1 -> 2035 | J15: =SUM(C15:I15) -> 0
A16: =A15+1 -> 8 | B16: =B15+1 -> 2036 | J16: =SUM(C16:I16) -> 0
A18: Totaal | C18: =SUM(C9:C16) -> 0 | D18: =SUM(D9:D16) -> 0 | E18: =SUM(E9:E16) -> 0 | F18: =SUM(F9:F16) -> 0 | G18: =SUM(G9:G16) -> 0 | H18: =SUM(H9:H16) -> 0 | I18: =SUM(I9:I16) -> 0 | J18: =SUM(J9:J16) -> 0

Sheet B.05
A1: B.05 Reguliere onderhoudskosten Schepen | F1: Instructie | G1: Vul de oranje cellen in
A2: terug
B4: Omschrijving type schip | C4: … | D4: … | E4: … | F4: … | G4: … | H4: … | I4: …
A6: Totaal Onderhoudskosten op jaarbasis
A8: Nr | B8: Kalenderjaar | C8: =C4 -> … | D8: =D4 -> … | E8: =E4 -> … | F8: =F4 -> … | G8: =G4 -> … | H8: =H4 -> … | I8: =I4 -> … | J8: Totaal
A9: 1 | B9: 2029 | J9: =SUM(C9:I9) -> 0
A10: =A9+1 -> 2 | B10: =B9+1 -> 2030 | J10: =SUM(C10:I10) -> 0
A11: =A10+1 -> 3 | B11: =B10+1 -> 2031 | J11: =SUM(C11:I11) -> 0
A12: =A11+1 -> 4 | B12: =B11+1 -> 2032 | J12: =SUM(C12:I12) -> 0
A13: =A12+1 -> 5 | B13: =B12+1 -> 2033 | J13: =SUM(C13:I13) -> 0
A14: =A13+1 -> 6 | B14: =B13+1 -> 2034 | J14: =SUM(C14:I14) -> 0
A15: =A14+1 -> 7 | B15: =B14+1 -> 2035 | J15: =SUM(C15:I15) -> 0
A16: =A15+1 -> 8 | B16: =B15+1 -> 2036 | J16: =SUM(C16:I16) -> 0
A18: Totaal | C18: =SUM(C9:C16) -> 0 | D18: =SUM(D9:D16) -> 0 | E18: =SUM(E9:E16) -> 0 | F18: =SUM(F9:F16) -> 0 | G18: =SUM(G9:G16) -> 0 | H18: =SUM(H9:H16) -> 0 | I18: =SUM(I9:I16) -> 0 | J18: =SUM(J9:J16) -> 0
A21: Totaal aantal draaiuren op jaarbasis
A23: Nr | B23: Kalenderjaar | C23: =C4 -> … | D23: =D4 -> … | E23: =E4 -> … | F23: =F4 -> … | G23: =G4 -> … | H23: =H4 -> … | I23: =I4 -> … | J23: Totaal
A24: 1 | B24: 2029 | J24: =SUM(C24:I24) -> 0
A25: =A24+1 -> 2 | B25: =B24+1 -> 2030 | J25: =SUM(C25:I25) -> 0
A26: =A25+1 -> 3 | B26: =B25+1 -> 2031 | J26: =SUM(C26:I26) -> 0
A27: =A26+1 -> 4 | B27: =B26+1 -> 2032 | J27: =SUM(C27:I27) -> 0
A28: =A27+1 -> 5 | B28: =B27+1 -> 2033 | J28: =SUM(C28:I28) -> 0
A29: =A28+1 -> 6 | B29: =B28+1 -> 2034 | J29: =SUM(C29:I29) -> 0
A30: =A29+1 -> 7 | B30: =B29+1 -> 2035 | J30: =SUM(C30:I30) -> 0
A31: =A30+1 -> 8 | B31: =B30+1 -> 2036 | J31: =SUM(C31:I31) -> 0
A33: Totaal | C33: =SUM(C24:C31) -> 0 | D33: =SUM(D24:D31) -> 0 | E33: =SUM(E24:E31) -> 0 | F33: =SUM(F24:F31) -> 0 | G33: =SUM(G24:G31) -> 0 | H33: =SUM(H24:H31) -> 0 | I33: =SUM(I24:I31) -> 0 | J33: =SUM(C33:I33) -> 0
A35: Gemiddeld onderhoudstarief per draaiuur per jaar
A36: Nr | B36: Kalenderjaar | C36: =C4 -> … | D36: =D4 -> … | E36: =E4 -> … | F36: =F4 -> … | G36: =G4 -> … | H36: =H4 -> … | I36: =I4 -> … | J36: Totaal
A37: 1 | B37: 2029 | C37: =IFERROR(C9/C24,0) -> 0 | D37: =IFERROR(D9/D24,0) -> 0 | E37: =IFERROR(E9/E24,0) -> 0 | F37: =IFERROR(F9/F24,0) -> 0 | G37: =IFERROR(G9/G24,0) -> 0 | H37: =IFERROR(H9/H24,0) -> 0 | I37: =IFERROR(I9/I24,0) -> 0 | J37: =SUM(C37:I37) -> 0
A38: =A37+1 -> 2 | B38: =B37+1 -> 2030 | C38: =IFERROR(C10/C25,0) -> 0 | D38: =IFERROR(D10/D25,0) -> 0 | E38: =IFERROR(E10/E25,0) -> 0 | F38: =IFERROR(F10/F25,0) -> 0 | G38: =IFERROR(G10/G25,0) -> 0 | H38: =IFERROR(H10/H25,0) -> 0 | I38: =IFERROR(I10/I25,0) -> 0 | J38: =SUM(C38:I38) -> 0
A39: =A38+1 -> 3 | B39: =B38+1 -> 2031 | C39: =IFERROR(C11/C26,0) -> 0 | D39: =IFERROR(D11/D26,0) -> 0 | E39: =IFERROR(E11/E26,0) -> 0 | F39: =IFERROR(F11/F26,0) -> 0 | G39: =IFERROR(G11/G26,0) -> 0 | H39: =IFERROR(H11/H26,0) -> 0 | I39: =IFERROR(I11/I26,0) -> 0 | J39: =SUM(C39:I39) -> 0
A40: =A39+1 -> 4 | B40: =B39+1 -> 2032 | C40: =IFERROR(C12/C27,0) -> 0 | D40: =IFERROR(D12/D27,0) -> 0 | E40: =IFERROR(E12/E27,0) -> 0 | F40: =IFERROR(F12/F27,0) -> 0 | G40: =IFERROR(G12/G27,0) -> 0 | H40: =IFERROR(H12/H27,0) -> 0 | I40: =IFERROR(I12/I27,0) -> 0 | J40: =SUM(C40:I40) -> 0
A41: =A40+1 -> 5 | B41: =B40+1 -> 2033 | C41: =IFERROR(C13/C28,0) -> 0 | D41: =IFERROR(D13/D28,0) -> 0 | E41: =IFERROR(E13/E28,0) -> 0 | F41: =IFERROR(F13/F28,0) -> 0 | G41: =IFERROR(G13/G28,0) -> 0 | H41: =IFERROR(H13/H28,0) -> 0 | I41: =IFERROR(I13/I28,0) -> 0 | J41: =SUM(C41:I41) -> 0
A42: =A41+1 -> 6 | B42: =B41+1 -> 2034 | C42: =IFERROR(C14/C29,0) -> 0 | D42: =IFERROR(D14/D29,0) -> 0 | E42: =IFERROR(E14/E29,0) -> 0 | F42: =IFERROR(F14/F29,0) -> 0 | G42: =IFERROR(G14/G29,0) -> 0 | H42: =IFERROR(H14/H29,0) -> 0 | I42: =IFERROR(I14/I29,0) -> 0 | J42: =SUM(C42:I42) -> 0
A43: =A42+1 -> 7 | B43: =B42+1 -> 2035 | C43: =IFERROR(C15/C30,0) -> 0 | D43: =IFERROR(D15/D30,0) -> 0 | E43: =IFERROR(E15/E30,0) -> 0 | F43: =IFERROR(F15/F30,0) -> 0 | G43: =IFERROR(G15/G30,0) -> 0 | H43: =IFERROR(H15/H30,0) -> 0 | I43: =IFERROR(I15/I30,0) -> 0 | J43: =SUM(C43:I43) -> 0
A44: =A43+1 -> 8 | B44: =B43+1 -> 2036 | C44: =IFERROR(C16/C31,0) -> 0 | D44: =IFERROR(D16/D31,0) -> 0 | E44: =IFERROR(E16/E31,0) -> 0 | F44: =IFERROR(F16/F31,0) -> 0 | G44: =IFERROR(G16/G31,0) -> 0 | H44: =IFERROR(H16/H31,0) -> 0 | I44: =IFERROR(I16/I31,0) -> 0 | J44: =SUM(C44:I44) -> 0
A46: Totaal | C46: =SUM(C37:C44) -> 0 | D46: =SUM(D37:D44) -> 0 | E46: =SUM(E37:E44) -> 0 | F46: =SUM(F37:F44) -> 0 | G46: =SUM(G37:G44) -> 0 | H46: =SUM(H37:H44) -> 0 | I46: =SUM(I37:I44) -> 0 | J46: =SUM(J37:J44) -> 0

Sheet B.06
A1: B.06 Brandstof Schepen | F1: Instructie | G1: Vul de oranje cellen in
A2: terug
A4: Brandstof
A5: Verwacht verbruik in liters | B5: 2029 | C5: =B5+1 -> 2030 | D5: =C5+1 -> 2031 | E5: =D5+1 -> 2032 | F5: =E5+1 -> 2033 | G5: =F5+1 -> 2034 | H5: =G5+1 -> 2035 | I5: =H5+1 -> 2036
A6: <type schip>
A7: <type schip>
A8: <type schip>
A9: <type schip>
A10: <type schip>
A11: <type schip>
A12: Totaal liters | B12: =SUM(B6:B11) -> 0 | C12: =SUM(C6:C11) -> 0 | D12: =SUM(D6:D11) -> 0 | E12: =SUM(E6:E11) -> 0 | F12: =SUM(F6:F11) -> 0 | G12: =SUM(G6:G11) -> 0 | H12: =SUM(H6:H11) -> 0 | I12: =SUM(I6:I11) -> 0
A14: Brandstofprijf per liter | B14: 0 | C14: 0 | D14: 0 | E14: 0 | F14: 0 | G14: 0 | H14: 0 | I14: 0
A15: Kosten brandstofverbruik | B15: =B14*B12 -> 0 | C15: =C14*C12 -> 0 | D15: =D14*D12 -> 0 | E15: =E14*E12 -> 0 | F15: =F14*F12 -> 0 | G15: =G14*G12 -> 0 | H15: =H14*H12 -> 0 | I15: =I14*I12 -> 0
A17: Brandstof
A18: Verwacht verbruik in liters | B18: 2029 | C18: =B18+1 -> 2030 | D18: =C18+1 -> 2031 | E18: =D18+1 -> 2032 | F18: =E18+1 -> 2033 | G18: =F18+1 -> 2034 | H18: =G18+1 -> 2035 | I18: =H18+1 -> 2036
A19: <type schip>
A20: <type schip>
A21: <type schip>
A22: Totaal liters | B22: =SUM(B19:B21) -> 0 | C22: =SUM(C19:C21) -> 0 | D22: =SUM(D19:D21) -> 0 | E22: =SUM(E19:E21) -> 0 | F22: =SUM(F19:F21) -> 0 | G22: =SUM(G19:G21) -> 0 | H22: =SUM(H19:H21) -> 0 | I22: =SUM(I19:I21) -> 0
A24: Brandstofprijf per liter | B24: 0 | C24: 0 | D24: 0 | E24: 0 | F24: 0 | G24: 0 | H24: 0 | I24: 0
A25: Kosten brandstofverbruik | B25: =B24*B22 -> 0 | C25: =C24*C22 -> 0 | D25: =D24*D22 -> 0 | E25: =E24*E22 -> 0 | F25: =F24*F22 -> 0 | G25: =G24*G22 -> 0 | H25: =H24*H22 -> 0 | I25: =I24*I22 -> 0
A27: Brandstof | B27: Elektriciteit
A28: Verwacht verbruik in KwH | B28: 2029 | C28: =B28+1 -> 2030 | D28: =C28+1 -> 2031 | E28: =D28+1 -> 2032 | F28: =E28+1 -> 2033 | G28: =F28+1 -> 2034 | H28: =G28+1 -> 2035 | I28: =H28+1 -> 2036
A29: <type schip>
A30: <type schip>
A31: <type schip>
A32: Totaal liters | B32: =SUM(B29:B31) -> 0 | C32: =SUM(C29:C31) -> 0 | D32: =SUM(D29:D31) -> 0 | E32: =SUM(E29:E31) -> 0 | F32: =SUM(F29:F31) -> 0 | G32: =SUM(G29:G31) -> 0 | H32: =SUM(H29:H31) -> 0 | I32: =SUM(I29:I31) -> 0
A34: Elektriciteitsprijs per KwH | B34: 0 | C34: 0 | D34: 0 | E34: 0 | F34: 0 | G34: 0 | H34: 0 | I34: 0
A35: Kosten elektriciteitsverbruik | B35: =B34*B32 -> 0 | C35: =C34*C32 -> 0 | D35: =D34*D32 -> 0 | E35: =E34*E32 -> 0 | F35: =F34*F32 -> 0 | G35: =G34*G32 -> 0 | H35: =H34*H32 -> 0 | I35: =I34*I32 -> 0
A37: Totaal | B37: =B15+B25+B35 -> 0 | C37: =C15+C25+C35 -> 0 | D37: =D15+D25+D35 -> 0 | E37: =E15+E25+E35 -> 0 | F37: =F15+F25+F35 -> 0 | G37: =G15+G25+G35 -> 0 | H37: =H15+H25+H35 -> 0 | I37: =I15+I25+I35 -> 0

Sheet C.03
A1: C.03 Onderhoudskosten Productiemiddelen | F1: Instructie | G1: Vul de oranje cellen in
A2: terug
B4: Omschrijving productiemiddel | C4: Productiemiddel X | D4: Productiemiddel X | E4: Productiemiddel X | F4: Productiemiddel X | G4: Productiemiddel X | H4: Productiemiddel X | I4: Productiemiddel X
A6: Totaal Onderhoudskosten op jaarbasis
A8: Nr | B8: Kalenderjaar | C8: =C4 -> Productiemiddel X | D8: =D4 -> Productiemiddel X | E8: =E4 -> Productiemiddel X | F8: =F4 -> Productiemiddel X | G8: =G4 -> Productiemiddel X | H8: =H4 -> Productiemiddel X | I8: =I4 -> Productiemiddel X | J8: Totaal
A9: 1 | B9: 2029 | J9: =SUM(C9:I9) -> 0
A10: =A9+1 -> 2 | B10: =B9+1 -> 2030 | J10: =SUM(C10:I10) -> 0
A11: =A10+1 -> 3 | B11: =B10+1 -> 2031 | J11: =SUM(C11:I11) -> 0
A12: =A11+1 -> 4 | B12: =B11+1 -> 2032 | J12: =SUM(C12:I12) -> 0
A13: =A12+1 -> 5 | B13: =B12+1 -> 2033 | J13: =SUM(C13:I13) -> 0
A14: =A13+1 -> 6 | B14: =B13+1 -> 2034 | J14: =SUM(C14:I14) -> 0
A15: =A14+1 -> 7 | B15: =B14+1 -> 2035 | J15: =SUM(C15:I15) -> 0
A16: =A15+1 -> 8 | B16: =B15+1 -> 2036 | J16: =SUM(C16:I16) -> 0
A18: Totaal | C18: =SUM(C9:C16) -> 0 | D18: =SUM(D9:D16) -> 0 | E18: =SUM(E9:E16) -> 0 | F18: =SUM(F9:F16) -> 0 | G18: =SUM(G9:G16) -> 0 | H18: =SUM(H9:H16) -> 0 | I18: =SUM(I9:I16) -> 0 | J18: =SUM(J9:J16) -> 0

Sheet D.01
A1: D.01 Loonkosten indirect Personeel | F1: Instructie | G1: Vul de oranje cellen in
A2: terug
A4: Jaar | B4: 2029 | C4: =B4+1 -> 2030 | D4: =C4+1 -> 2031 | E4: =D4+1 -> 2032 | F4: =E4+1 -> 2033 | G4: =F4+1 -> 2034 | H4: =G4+1 -> 2035 | I4: =H4+1 -> 2036
A5: Gemiddelde jaarloonsom per fte
A6: Aantal fte
A7: Totale loonsom | B7: =B5*B6 -> 0 | C7: =C5*C6 -> 0 | D7: =D5*D6 -> 0 | E7: =E5*E6 -> 0 | F7: =F5*F6 -> 0 | G7: =G5*G6 -> 0 | H7: =H5*H6 -> 0 | I7: =I5*I6 -> 0

Sheet E.02
A1: E.02 Implementatie- en overdracht | F1: Instructie | G1: Vul de oranje cellen in
A2: terug
A4: Omschrijving
A5: Type kosten
A6: …
A7: …
A8: …
A9: …
A10: …
A11: …
A12: …
A13: …
A14: …
... A28: Restwaarde
A29: Totaal investeringen | B29: =(SUM(B6:B27)-B28) -> 0 | C29: =(SUM(C6:C27)-C28) -> 0 | D29: =(SUM(C6:C27)-C28) -> 0 | E29: =(SUM(D6:D27)-D28) -> 0 | F29: =(SUM(E6:E27)-E28) -> 0 | G29: =(SUM(F6:F27)-F28) -> 0 | H29: =(SUM(G6:G27)-G28) -> 0 | I29: =(SUM(H6:H27)-H28) -> 0
A30: Datum start afschrijving
A31: Datum laatste termijn afschrijving
A32: Afschrijvingstermijn in dagen (dagen in concessie) | B32: =DATEDIF(B30,B31,"D") -> 0 | C32: =DATEDIF(C30,C31,"D") -> 0 | D32: =DATEDIF(D30,D31,"D") -> 0 | E32: =DATEDIF(E30,E31,"D") -> 0 | F32: =DATEDIF(F30,F31,"D") -> 0 | G32: =DATEDIF(G30,G31,"D") -> 0 | H32: =DATEDIF(H30,H31,"D") -> 0 | I32: =DATEDIF(I30,I31,"D") -> 0
A33: Afschrijving per dag | B33: =IFERROR(B29/B32,0) -> 0 | C33: =IFERROR(C29/C32,0) -> 0 | D33: =IFERROR(D29/D32,0) -> 0 | E33: =IFERROR(E29/E32,0) -> 0 | F33: =IFERROR(F29/F32,0) -> 0 | G33: =IFERROR(G29/G32,0) -> 0 | H33: =IFERROR(H29/H32,0) -> 0 | I33: =IFERROR(I29/I32,0) -> 0
A35: Jaren | J35: Totaal
A36: 2029 | B36: =IF(AND($A36>YEAR(B$30),$A36<YEAR(B$31)),(DATE($A36,12,31)-DATE($A36,1,0))*B$33,IF(AND($A36=YEAR(B$30),$A36=YEAR(B$31)),(B$31-B$30)*B$33,IF($A36=YEAR(B$30),(DATE(YEAR(B$30),12,31)-B$30)*B$33,IF($A36=YEAR(B$31),(B$31-DATE(YEAR(B$31),1,0))*B$33,0)))) -> 0 | C36: =IF(AND($A36>YEAR(C$30),$A36<YEAR(C$31)),(DATE($A36,12,31)-DATE($A36,1,0))*C$33,IF(AND($A36=YEAR(C$30),$A36=YEAR(C$31)),(C$31-C$30)*C$33,IF($A36=YEAR(C$30),(DATE(YEAR(C$30),12,31)-C$30)*C$33,IF($A36=YEAR(C$31),(C$31-DATE(YEAR(C$31),1,0))*C$33,0)))) -> 0 | D36: =IF(AND($A36>YEAR(D$30),$A36<YEAR(D$31)),(DATE($A36,12,31)-DATE($A36,1,0))*D$33,IF(AND($A36=YEAR(D$30),$A36=YEAR(D$31)),(D$31-D$30)*D$33,IF($A36=YEAR(D$30),(DATE(YEAR(D$30),12,31)-D$30)*D$33,IF($A36=YEAR(D$31),(D$31-DATE(YEAR(D$31),1,0))*D$33,0)))) -> 0 | E36: =IF(AND($A36>YEAR(E$30),$A36<YEAR(E$31)),(DATE($A36,12,31)-DATE($A36,1,0))*E$33,IF(AND($A36=YEAR(E$30),$A36=YEAR(E$31)),(E$31-E$30)*E$33,IF($A36=YEAR(E$30),(DATE(YEAR(E$30),12,31)-E$30)*E$33,IF($A36=YEAR(E$31),(E$31-DATE(YEAR(E$31),1,0))*E$33,0)))) -> 0 | F36: =IF(AND($A36>YEAR(F$30),$A36<YEAR(F$31)),(DATE($A36,12,31)-DATE($A36,1,0))*F$33,IF(AND($A36=YEAR(F$30),$A36=YEAR(F$31)),(F$31-F$30)*F$33,IF($A36=YEAR(F$30),(DATE(YEAR(F$30),12,31)-F$30)*F$33,IF($A36=YEAR(F$31),(F$31-DATE(YEAR(F$31),1,0))*F$33,0)))) -> 0 | G36: =IF(AND($A36>YEAR(G$30),$A36<YEAR(G$31)),(DATE($A36,12,31)-DATE($A36,1,0))*G$33,IF(AND($A36=YEAR(G$30),$A36=YEAR(G$31)),(G$31-G$30)*G$33,IF($A36=YEAR(G$30),(DATE(YEAR(G$30),12,31)-G$30)*G$33,IF($A36=YEAR(G$31),(G$31-DATE(YEAR(G$31),1,0))*G$33,0)))) -> 0 | H36: =IF(AND($A36>YEAR(H$30),$A36<YEAR(H$31)),(DATE($A36,12,31)-DATE($A36,1,0))*H$33,IF(AND($A36=YEAR(H$30),$A36=YEAR(H$31)),(H$31-H$30)*H$33,IF($A36=YEAR(H$30),(DATE(YEAR(H$30),12,31)-H$30)*H$33,IF($A36=YEAR(H$31),(H$31-DATE(YEAR(H$31),1,0))*H$33,0)))) -> 0 | I36: =IF(AND($A36>YEAR(I$30),$A36<YEAR(I$31)),(DATE($A36,12,31)-DATE($A36,1,0))*I$33,IF(AND($A36=YEAR(I$30),$A36=YEAR(I$31)),(I$31-I$30)*I$33,IF($A36=YEAR(I$30),(DATE(YEAR(I$30),12,31)-I$30)*I$33,IF($A36=YEAR(I$31),(I$31-DATE(YEAR(I$31),1,0))*I$33,0)))) -> 0 | J36: =SUM(B36:I36) -> 0
A37: =A36+1 -> 2030 | B37: =IF(AND($A37>YEAR(B$30),$A37<YEAR(B$31)),(DATE($A37,12,31)-DATE($A37,1,0))*B$33,IF(AND($A37=YEAR(B$30),$A37=YEAR(B$31)),(B$31-B$30)*B$33,IF($A37=YEAR(B$30),(DATE(YEAR(B$30),12,31)-B$30)*B$33,IF($A37=YEAR(B$31),(B$31-DATE(YEAR(B$31),1,0))*B$33,0)))) -> 0 | C37: =IF(AND($A37>YEAR(C$30),$A37<YEAR(C$31)),(DATE($A37,12,31)-DATE($A37,1,0))*C$33,IF(AND($A37=YEAR(C$30),$A37=YEAR(C$31)),(C$31-C$30)*C$33,IF($A37=YEAR(C$30),(DATE(YEAR(C$30),12,31)-C$30)*C$33,IF($A37=YEAR(C$31),(C$31-DATE(YEAR(C$31),1,0))*C$33,0)))) -> 0 | D37: =IF(AND($A37>YEAR(D$30),$A37<YEAR(D$31)),(DATE($A37,12,31)-DATE($A37,1,0))*D$33,IF(AND($A37=YEAR(D$30),$A37=YEAR(D$31)),(D$31-D$30)*D$33,IF($A37=YEAR(D$30),(DATE(YEAR(D$30),12,31)-D$30)*D$33,IF($A37=YEAR(D$31),(D$31-DATE(YEAR(D$31),1,0))*D$33,0)))) -> 0 | E37: =IF(AND($A37>YEAR(E$30),$A37<YEAR(E$31)),(DATE($A37,12,31)-DATE($A37,1,0))*E$33,IF(AND($A37=YEAR(E$30),$A37=YEAR(E$31)),(E$31-E$30)*E$33,IF($A37=YEAR(E$30),(DATE(YEAR(E$30),12,31)-E$30)*E$33,IF($A37=YEAR(E$31),(E$31-DATE(YEAR(E$31),1,0))*E$33,0)))) -> 0 | F37: =IF(AND($A37>YEAR(F$30),$A37<YEAR(F$31)),(DATE($A37,12,31)-DATE($A37,1,0))*F$33,IF(AND($A37=YEAR(F$30),$A37=YEAR(F$31)),(F$31-F$30)*F$33,IF($A37=YEAR(F$30),(DATE(YEAR(F$30),12,31)-F$30)*F$33,IF($A37=YEAR(F$31),(F$31-DATE(YEAR(F$31),1,0))*F$33,0)))) -> 0 | G37: =IF(AND($A37>YEAR(G$30),$A37<YEAR(G$31)),(DATE($A37,12,31)-DATE($A37,1,0))*G$33,IF(AND($A37=YEAR(G$30),$A37=YEAR(G$31)),(G$31-G$30)*G$33,IF($A37=YEAR(G$30),(DATE(YEAR(G$30),12,31)-G$30)*G$33,IF($A37=YEAR(G$31),(G$31-DATE(YEAR(G$31),1,0))*G$33,0)))) -> 0 | H37: =IF(AND($A37>YEAR(H$30),$A37<YEAR(H$31)),(DATE($A37,12,31)-DATE($A37,1,0))*H$33,IF(AND($A37=YEAR(H$30),$A37=YEAR(H$31)),(H$31-H$30)*H$33,IF($A37=YEAR(H$30),(DATE(YEAR(H$30),12,31)-H$30)*H$33,IF($A37=YEAR(H$31),(H$31-DATE(YEAR(H$31),1,0))*H$33,0)))) -> 0 | I37: =IF(AND($A37>YEAR(I$30),$A37<YEAR(I$31)),(DATE($A37,12,31)-DATE($A37,1,0))*I$33,IF(AND($A37=YEAR(I$30),$A37=YEAR(I$31)),(I$31-I$30)*I$33,IF($A37=YEAR(I$30),(DATE(YEAR(I$30),12,31)-I$30)*I$33,IF($A37=YEAR(I$31),(I$31-DATE(YEAR(I$31),1,0))*I$33,0)))) -> 0 | J37: =SUM(B37:I37) -> 0
A38: =A37+1 -> 2031 | B38: =IF(AND($A38>YEAR(B$30),$A38<YEAR(B$31)),(DATE($A38,12,31)-DATE($A38,1,0))*B$33,IF(AND($A38=YEAR(B$30),$A38=YEAR(B$31)),(B$31-B$30)*B$33,IF($A38=YEAR(B$30),(DATE(YEAR(B$30),12,31)-B$30)*B$33,IF($A38=YEAR(B$31),(B$31-DATE(YEAR(B$31),1,0))*B$33,0)))) -> 0 | C38: =IF(AND($A38>YEAR(C$30),$A38<YEAR(C$31)),(DATE($A38,12,31)-DATE($A38,1,0))*C$33,IF(AND($A38=YEAR(C$30),$A38=YEAR(C$31)),(C$31-C$30)*C$33,IF($A38=YEAR(C$30),(DATE(YEAR(C$30),12,31)-C$30)*C$33,IF($A38=YEAR(C$31),(C$31-DATE(YEAR(C$31),1,0))*C$33,0)))) -> 0 | D38: =IF(AND($A38>YEAR(D$30),$A38<YEAR(D$31)),(DATE($A38,12,31)-DATE($A38,1,0))*D$33,IF(AND($A38=YEAR(D$30),$A38=YEAR(D$31)),(D$31-D$30)*D$33,IF($A38=YEAR(D$30),(DATE(YEAR(D$30),12,31)-D$30)*D$33,IF($A38=YEAR(D$31),(D$31-DATE(YEAR(D$31),1,0))*D$33,0)))) -> 0 | E38: =IF(AND($A38>YEAR(E$30),$A38<YEAR(E$31)),(DATE($A38,12,31)-DATE($A38,1,0))*E$33,IF(AND($A38=YEAR(E$30),$A38=YEAR(E$31)),(E$31-E$30)*E$33,IF($A38=YEAR(E$30),(DATE(YEAR(E$30),12,31)-E$30)*E$33,IF($A38=YEAR(E$31),(E$31-DATE(YEAR(E$31),1,0))*E$33,0)))) -> 0 | F38: =IF(AND($A38>YEAR(F$30),$A38<YEAR(F$31)),(DATE($A38,12,31)-DATE($A38,1,0))*F$33,IF(AND($A38=YEAR(F$30),$A38=YEAR(F$31)),(F$31-F$30)*F$33,IF($A38=YEAR(F$30),(DATE(YEAR(F$30),12,31)-F$30)*F$33,IF($A38=YEAR(F$31),(F$31-DATE(YEAR(F$31),1,0))*F$33,0)))) -> 0 | G38: =IF(AND($A38>YEAR(G$30),$A38<YEAR(G$31)),(DATE($A38,12,31)-DATE($A38,1,0))*G$33,IF(AND($A38=YEAR(G$30),$A38=YEAR(G$31)),(G$31-G$30)*G$33,IF($A38=YEAR(G$30),(DATE(YEAR(G$30),12,31)-G$30)*G$33,IF($A38=YEAR(G$31),(G$31-DATE(YEAR(G$31),1,0))*G$33,0)))) -> 0 | H38: =IF(AND($A38>YEAR(H$30),$A38<YEAR(H$31)),(DATE($A38,12,31)-DATE($A38,1,0))*H$33,IF(AND($A38=YEAR(H$30),$A38=YEAR(H$31)),(H$31-H$30)*H$33,IF($A38=YEAR(H$30),(DATE(YEAR(H$30),12,31)-H$30)*H$33,IF($A38=YEAR(H$31),(H$31-DATE(YEAR(H$31),1,0))*H$33,0)))) -> 0 | I38: =IF(AND($A38>YEAR(I$30),$A38<YEAR(I$31)),(DATE($A38,12,31)-DATE($A38,1,0))*I$33,IF(AND($A38=YEAR(I$30),$A38=YEAR(I$31)),(I$31-I$30)*I$33,IF($A38=YEAR(I$30),(DATE(YEAR(I$30),12,31)-I$30)*I$33,IF($A38=YEAR(I$31),(I$31-DATE(YEAR(I$31),1,0))*I$33,0)))) -> 0 | J38: =SUM(B38:I38) -> 0
A39: =A38+1 -> 2032 | B39: =IF(AND($A39>YEAR(B$30),$A39<YEAR(B$31)),(DATE($A39,12,31)-DATE($A39,1,0))*B$33,IF(AND($A39=YEAR(B$30),$A39=YEAR(B$31)),(B$31-B$30)*B$33,IF($A39=YEAR(B$30),(DATE(YEAR(B$30),12,31)-B$30)*B$33,IF($A39=YEAR(B$31),(B$31-DATE(YEAR(B$31),1,0))*B$33,0)))) -> 0 | C39: =IF(AND($A39>YEAR(C$30),$A39<YEAR(C$31)),(DATE($A39,12,31)-DATE($A39,1,0))*C$33,IF(AND($A39=YEAR(C$30),$A39=YEAR(C$31)),(C$31-C$30)*C$33,IF($A39=YEAR(C$30),(DATE(YEAR(C$30),12,31)-C$30)*C$33,IF($A39=YEAR(C$31),(C$31-DATE(YEAR(C$31),1,0))*C$33,0)))) -> 0 | D39: =IF(AND($A39>YEAR(D$30),$A39<YEAR(D$31)),(DATE($A39,12,31)-DATE($A39,1,0))*D$33,IF(AND($A39=YEAR(D$30),$A39=YEAR(D$31)),(D$31-D$30)*D$33,IF($A39=YEAR(D$30),(DATE(YEAR(D$30),12,31)-D$30)*D$33,IF($A39=YEAR(D$31),(D$31-DATE(YEAR(D$31),1,0))*D$33,0)))) -> 0 | E39: =IF(AND($A39>YEAR(E$30),$A39<YEAR(E$31)),(DATE($A39,12,31)-DATE($A39,1,0))*E$33,IF(AND($A39=YEAR(E$30),$A39=YEAR(E$31)),(E$31-E$30)*E$33,IF($A39=YEAR(E$30),(DATE(YEAR(E$30),12,31)-E$30)*E$33,IF($A39=YEAR(E$31),(E$31-DATE(YEAR(E$31),1,0))*E$33,0)))) -> 0 | F39: =IF(AND($A39>YEAR(F$30),$A39<YEAR(F$31)),(DATE($A39,12,31)-DATE($A39,1,0))*F$33,IF(AND($A39=YEAR(F$30),$A39=YEAR(F$31)),(F$31-F$30)*F$33,IF($A39=YEAR(F$30),(DATE(YEAR(F$30),12,31)-F$30)*F$33,IF($A39=YEAR(F$31),(F$31-DATE(YEAR(F$31),1,0))*F$33,0)))) -> 0 | G39: =IF(AND($A39>YEAR(G$30),$A39<YEAR(G$31)),(DATE($A39,12,31)-DATE($A39,1,0))*G$33,IF(AND($A39=YEAR(G$30),$A39=YEAR(G$31)),(G$31-G$30)*G$33,IF($A39=YEAR(G$30),(DATE(YEAR(G$30),12,31)-G$30)*G$33,IF($A39=YEAR(G$31),(G$31-DATE(YEAR(G$31),1,0))*G$33,0)))) -> 0 | H39: =IF(AND($A39>YEAR(H$30),$A39<YEAR(H$31)),(DATE($A39,12,31)-DATE($A39,1,0))*H$33,IF(AND($A39=YEAR(H$30),$A39=YEAR(H$31)),(H$31-H$30)*H$33,IF($A39=YEAR(H$30),(DATE(YEAR(H$30),12,31)-H$30)*H$33,IF($A39=YEAR(H$31),(H$31-DATE(YEAR(H$31),1,0))*H$33,0)))) -> 0 | I39: =IF(AND($A39>YEAR(I$30),$A39<YEAR(I$31)),(DATE($A39,12,31)-DATE($A39,1,0))*I$33,IF(AND($A39=YEAR(I$30),$A39=YEAR(I$31)),(I$31-I$30)*I$33,IF($A39=YEAR(I$30),(DATE(YEAR(I$30),12,31)-I$30)*I$33,IF($A39=YEAR(I$31),(I$31-DATE(YEAR(I$31),1,0))*I$33,0)))) -> 0 | J39: =SUM(B39:I39) -> 0
A40: =A39+1 -> 2033 | B40: =IF(AND($A40>YEAR(B$30),$A40<YEAR(B$31)),(DATE($A40,12,31)-DATE($A40,1,0))*B$33,IF(AND($A40=YEAR(B$30),$A40=YEAR(B$31)),(B$31-B$30)*B$33,IF($A40=YEAR(B$30),(DATE(YEAR(B$30),12,31)-B$30)*B$33,IF($A40=YEAR(B$31),(B$31-DATE(YEAR(B$31),1,0))*B$33,0)))) -> 0 | C40: =IF(AND($A40>YEAR(C$30),$A40<YEAR(C$31)),(DATE($A40,12,31)-DATE($A40,1,0))*C$33,IF(AND($A40=YEAR(C$30),$A40=YEAR(C$31)),(C$31-C$30)*C$33,IF($A40=YEAR(C$30),(DATE(YEAR(C$30),12,31)-C$30)*C$33,IF($A40=YEAR(C$31),(C$31-DATE(YEAR(C$31),1,0))*C$33,0)))) -> 0 | D40: =IF(AND($A40>YEAR(D$30),$A40<YEAR(D$31)),(DATE($A40,12,31)-DATE($A40,1,0))*D$33,IF(AND($A40=YEAR(D$30),$A40=YEAR(D$31)),(D$31-D$30)*D$33,IF($A40=YEAR(D$30),(DATE(YEAR(D$30),12,31)-D$30)*D$33,IF($A40=YEAR(D$31),(D$31-DATE(YEAR(D$31),1,0))*D$33,0)))) -> 0 | E40: =IF(AND($A40>YEAR(E$30),$A40<YEAR(E$31)),(DATE($A40,12,31)-DATE($A40,1,0))*E$33,IF(AND($A40=YEAR(E$30),$A40=YEAR(E$31)),(E$31-E$30)*E$33,IF($A40=YEAR(E$30),(DATE(YEAR(E$30),12,31)-E$30)*E$33,IF($A40=YEAR(E$31),(E$31-DATE(YEAR(E$31),1,0))*E$33,0)))) -> 0 | F40: =IF(AND($A40>YEAR(F$30),$A40<YEAR(F$31)),(DATE($A40,12,31)-DATE($A40,1,0))*F$33,IF(AND($A40=YEAR(F$30),$A40=YEAR(F$31)),(F$31-F$30)*F$33,IF($A40=YEAR(F$30),(DATE(YEAR(F$30),12,31)-F$30)*F$33,IF($A40=YEAR(F$31),(F$31-DATE(YEAR(F$31),1,0))*F$33,0)))) -> 0 | G40: =IF(AND($A40>YEAR(G$30),$A40<YEAR(G$31)),(DATE($A40,12,31)-DATE($A40,1,0))*G$33,IF(AND($A40=YEAR(G$30),$A40=YEAR(G$31)),(G$31-G$30)*G$33,IF($A40=YEAR(G$30),(DATE(YEAR(G$30),12,31)-G$30)*G$33,IF($A40=YEAR(G$31),(G$31-DATE(YEAR(G$31),1,0))*G$33,0)))) -> 0 | H40: =IF(AND($A40>YEAR(H$30),$A40<YEAR(H$31)),(DATE($A40,12,31)-DATE($A40,1,0))*H$33,IF(AND($A40=YEAR(H$30),$A40=YEAR(H$31)),(H$31-H$30)*H$33,IF($A40=YEAR(H$30),(DATE(YEAR(H$30),12,31)-H$30)*H$33,IF($A40=YEAR(H$31),(H$31-DATE(YEAR(H$31),1,0))*H$33,0)))) -> 0 | I40: =IF(AND($A40>YEAR(I$30),$A40<YEAR(I$31)),(DATE($A40,12,31)-DATE($A40,1,0))*I$33,IF(AND($A40=YEAR(I$30),$A40=YEAR(I$31)),(I$31-I$30)*I$33,IF($A40=YEAR(I$30),(DATE(YEAR(I$30),12,31)-I$30)*I$33,IF($A40=YEAR(I$31),(I$31-DATE(YEAR(I$31),1,0))*I$33,0)))) -> 0 | J40: =SUM(B40:I40) -> 0
A41: =A40+1 -> 2034 | B41: =IF(AND($A41>YEAR(B$30),$A41<YEAR(B$31)),(DATE($A41,12,31)-DATE($A41,1,0))*B$33,IF(AND($A41=YEAR(B$30),$A41=YEAR(B$31)),(B$31-B$30)*B$33,IF($A41=YEAR(B$30),(DATE(YEAR(B$30),12,31)-B$30)*B$33,IF($A41=YEAR(B$31),(B$31-DATE(YEAR(B$31),1,0))*B$33,0)))) -> 0 | C41: =IF(AND($A41>YEAR(C$30),$A41<YEAR(C$31)),(DATE($A41,12,31)-DATE($A41,1,0))*C$33,IF(AND($A41=YEAR(C$30),$A41=YEAR(C$31)),(C$31-C$30)*C$33,IF($A41=YEAR(C$30),(DATE(YEAR(C$30),12,31)-C$30)*C$33,IF($A41=YEAR(C$31),(C$31-DATE(YEAR(C$31),1,0))*C$33,0)))) -> 0 | D41: =IF(AND($A41>YEAR(D$30),$A41<YEAR(D$31)),(DATE($A41,12,31)-DATE($A41,1,0))*D$33,IF(AND($A41=YEAR(D$30),$A41=YEAR(D$31)),(D$31-D$30)*D$33,IF($A41=YEAR(D$30),(DATE(YEAR(D$30),12,31)-D$30)*D$33,IF($A41=YEAR(D$31),(D$31-DATE(YEAR(D$31),1,0))*D$33,0)))) -> 0 | E41: =IF(AND($A41>YEAR(E$30),$A41<YEAR(E$31)),(DATE($A41,12,31)-DATE($A41,1,0))*E$33,IF(AND($A41=YEAR(E$30),$A41=YEAR(E$31)),(E$31-E$30)*E$33,IF($A41=YEAR(E$30),(DATE(YEAR(E$30),12,31)-E$30)*E$33,IF($A41=YEAR(E$31),(E$31-DATE(YEAR(E$31),1,0))*E$33,0)))) -> 0 | F41: =IF(AND($A41>YEAR(F$30),$A41<YEAR(F$31)),(DATE($A41,12,31)-DATE($A41,1,0))*F$33,IF(AND($A41=YEAR(F$30),$A41=YEAR(F$31)),(F$31-F$30)*F$33,IF($A41=YEAR(F$30),(DATE(YEAR(F$30),12,31)-F$30)*F$33,IF($A41=YEAR(F$31),(F$31-DATE(YEAR(F$31),1,0))*F$33,0)))) -> 0 | G41: =IF(AND($A41>YEAR(G$30),$A41<YEAR(G$31)),(DATE($A41,12,31)-DATE($A41,1,0))*G$33,IF(AND($A41=YEAR(G$30),$A41=YEAR(G$31)),(G$31-G$30)*G$33,IF($A41=YEAR(G$30),(DATE(YEAR(G$30),12,31)-G$30)*G$33,IF($A41=YEAR(G$31),(G$31-DATE(YEAR(G$31),1,0))*G$33,0)))) -> 0 | H41: =IF(AND($A41>YEAR(H$30),$A41<YEAR(H$31)),(DATE($A41,12,31)-DATE($A41,1,0))*H$33,IF(AND($A41=YEAR(H$30),$A41=YEAR(H$31)),(H$31-H$30)*H$33,IF($A41=YEAR(H$30),(DATE(YEAR(H$30),12,31)-H$30)*H$33,IF($A41=YEAR(H$31),(H$31-DATE(YEAR(H$31),1,0))*H$33,0)))) -> 0 | I41: =IF(AND($A41>YEAR(I$30),$A41<YEAR(I$31)),(DATE($A41,12,31)-DATE($A41,1,0))*I$33,IF(AND($A41=YEAR(I$30),$A41=YEAR(I$31)),(I$31-I$30)*I$33,IF($A41=YEAR(I$30),(DATE(YEAR(I$30),12,31)-I$30)*I$33,IF($A41=YEAR(I$31),(I$31-DATE(YEAR(I$31),1,0))*I$33,0)))) -> 0 | J41: =SUM(B41:I41) -> 0
A42: =A41+1 -> 2035 | B42: =IF(AND($A42>YEAR(B$30),$A42<YEAR(B$31)),(DATE($A42,12,31)-DATE($A42,1,0))*B$33,IF(AND($A42=YEAR(B$30),$A42=YEAR(B$31)),(B$31-B$30)*B$33,IF($A42=YEAR(B$30),(DATE(YEAR(B$30),12,31)-B$30)*B$33,IF($A42=YEAR(B$31),(B$31-DATE(YEAR(B$31),1,0))*B$33,0)))) -> 0 | C42: =IF(AND($A42>YEAR(C$30),$A42<YEAR(C$31)),(DATE($A42,12,31)-DATE($A42,1,0))*C$33,IF(AND($A42=YEAR(C$30),$A42=YEAR(C$31)),(C$31-C$30)*C$33,IF($A42=YEAR(C$30),(DATE(YEAR(C$30),12,31)-C$30)*C$33,IF($A42=YEAR(C$31),(C$31-DATE(YEAR(C$31),1,0))*C$33,0)))) -> 0 | D42: =IF(AND($A42>YEAR(D$30),$A42<YEAR(D$31)),(DATE($A42,12,31)-DATE($A42,1,0))*D$33,IF(AND($A42=YEAR(D$30),$A42=YEAR(D$31)),(D$31-D$30)*D$33,IF($A42=YEAR(D$30),(DATE(YEAR(D$30),12,31)-D$30)*D$33,IF($A42=YEAR(D$31),(D$31-DATE(YEAR(D$31),1,0))*D$33,0)))) -> 0 | E42: =IF(AND($A42>YEAR(E$30),$A42<YEAR(E$31)),(DATE($A42,12,31)-DATE($A42,1,0))*E$33,IF(AND($A42=YEAR(E$30),$A42=YEAR(E$31)),(E$31-E$30)*E$33,IF($A42=YEAR(E$30),(DATE(YEAR(E$30),12,31)-E$30)*E$33,IF($A42=YEAR(E$31),(E$31-DATE(YEAR(E$31),1,0))*E$33,0)))) -> 0 | F42: =IF(AND($A42>YEAR(F$30),$A42<YEAR(F$31)),(DATE($A42,12,31)-DATE($A42,1,0))*F$33,IF(AND($A42=YEAR(F$30),$A42=YEAR(F$31)),(F$31-F$30)*F$33,IF($A42=YEAR(F$30),(DATE(YEAR(F$30),12,31)-F$30)*F$33,IF($A42=YEAR(F$31),(F$31-DATE(YEAR(F$31),1,0))*F$33,0)))) -> 0 | G42: =IF(AND($A42>YEAR(G$30),$A42<YEAR(G$31)),(DATE($A42,12,31)-DATE($A42,1,0))*G$33,IF(AND($A42=YEAR(G$30),$A42=YEAR(G$31)),(G$31-G$30)*G$33,IF($A42=YEAR(G$30),(DATE(YEAR(G$30),12,31)-G$30)*G$33,IF($A42=YEAR(G$31),(G$31-DATE(YEAR(G$31),1,0))*G$33,0)))) -> 0 | H42: =IF(AND($A42>YEAR(H$30),$A42<YEAR(H$31)),(DATE($A42,12,31)-DATE($A42,1,0))*H$33,IF(AND($A42=YEAR(H$30),$A42=YEAR(H$31)),(H$31-H$30)*H$33,IF($A42=YEAR(H$30),(DATE(YEAR(H$30),12,31)-H$30)*H$33,IF($A42=YEAR(H$31),(H$31-DATE(YEAR(H$31),1,0))*H$33,0)))) -> 0 | I42: =IF(AND($A42>YEAR(I$30),$A42<YEAR(I$31)),(DATE($A42,12,31)-DATE($A42,1,0))*I$33,IF(AND($A42=YEAR(I$30),$A42=YEAR(I$31)),(I$31-I$30)*I$33,IF($A42=YEAR(I$30),(DATE(YEAR(I$30),12,31)-I$30)*I$33,IF($A42=YEAR(I$31),(I$31-DATE(YEAR(I$31),1,0))*I$33,0)))) -> 0 | J42: =SUM(B42:I42) -> 0
A43: =A42+1 -> 2036 | B43: =IF(AND($A43>YEAR(B$30),$A43<YEAR(B$31)),(DATE($A43,12,31)-DATE($A43,1,0))*B$33,IF(AND($A43=YEAR(B$30),$A43=YEAR(B$31)),(B$31-B$30)*B$33,IF($A43=YEAR(B$30),(DATE(YEAR(B$30),12,31)-B$30)*B$33,IF($A43=YEAR(B$31),(B$31-DATE(YEAR(B$31),1,0))*B$33,0)))) -> 0 | C43: =IF(AND($A43>YEAR(C$30),$A43<YEAR(C$31)),(DATE($A43,12,31)-DATE($A43,1,0))*C$33,IF(AND($A43=YEAR(C$30),$A43=YEAR(C$31)),(C$31-C$30)*C$33,IF($A43=YEAR(C$30),(DATE(YEAR(C$30),12,31)-C$30)*C$33,IF($A43=YEAR(C$31),(C$31-DATE(YEAR(C$31),1,0))*C$33,0)))) -> 0 | D43: =IF(AND($A43>YEAR(D$30),$A43<YEAR(D$31)),(DATE($A43,12,31)-DATE($A43,1,0))*D$33,IF(AND($A43=YEAR(D$30),$A43=YEAR(D$31)),(D$31-D$30)*D$33,IF($A43=YEAR(D$30),(DATE(YEAR(D$30),12,31)-D$30)*D$33,IF($A43=YEAR(D$31),(D$31-DATE(YEAR(D$31),1,0))*D$33,0)))) -> 0 | E43: =IF(AND($A43>YEAR(E$30),$A43<YEAR(E$31)),(DATE($A43,12,31)-DATE($A43,1,0))*E$33,IF(AND($A43=YEAR(E$30),$A43=YEAR(E$31)),(E$31-E$30)*E$33,IF($A43=YEAR(E$30),(DATE(YEAR(E$30),12,31)-E$30)*E$33,IF($A43=YEAR(E$31),(E$31-DATE(YEAR(E$31),1,0))*E$33,0)))) -> 0 | F43: =IF(AND($A43>YEAR(F$30),$A43<YEAR(F$31)),(DATE($A43,12,31)-DATE($A43,1,0))*F$33,IF(AND($A43=YEAR(F$30),$A43=YEAR(F$31)),(F$31-F$30)*F$33,IF($A43=YEAR(F$30),(DATE(YEAR(F$30),12,31)-F$30)*F$33,IF($A43=YEAR(F$31),(F$31-DATE(YEAR(F$31),1,0))*F$33,0)))) -> 0 | G43: =IF(AND($A43>YEAR(G$30),$A43<YEAR(G$31)),(DATE($A43,12,31)-DATE($A43,1,0))*G$33,IF(AND($A43=YEAR(G$30),$A43=YEAR(G$31)),(G$31-G$30)*G$33,IF($A43=YEAR(G$30),(DATE(YEAR(G$30),12,31)-G$30)*G$33,IF($A43=YEAR(G$31),(G$31-DATE(YEAR(G$31),1,0))*G$33,0)))) -> 0 | H43: =IF(AND($A43>YEAR(H$30),$A43<YEAR(H$31)),(DATE($A43,12,31)-DATE($A43,1,0))*H$33,IF(AND($A43=YEAR(H$30),$A43=YEAR(H$31)),(H$31-H$30)*H$33,IF($A43=YEAR(H$30),(DATE(YEAR(H$30),12,31)-H$30)*H$33,IF($A43=YEAR(H$31),(H$31-DATE(YEAR(H$31),1,0))*H$33,0)))) -> 0 | I43: =IF(AND($A43>YEAR(I$30),$A43<YEAR(I$31)),(DATE($A43,12,31)-DATE($A43,1,0))*I$33,IF(AND($A43=YEAR(I$30),$A43=YEAR(I$31)),(I$31-I$30)*I$33,IF($A43=YEAR(I$30),(DATE(YEAR(I$30),12,31)-I$30)*I$33,IF($A43=YEAR(I$31),(I$31-DATE(YEAR(I$31),1,0))*I$33,0)))) -> 0 | J43: =SUM(B43:I43) -> 0
A45: Totaal | B45: =SUM(B36:B43) -> 0 | C45: =SUM(C36:C43) -> 0 | D45: =SUM(D36:D43) -> 0 | E45: =SUM(E36:E43) -> 0 | F45: =SUM(F36:F43) -> 0 | G45: =SUM(G36:G43) -> 0 | H45: =SUM(H36:H43) -> 0 | I45: =SUM(I36:I43) -> 0

Sheet G.01
A1: G.01 Opbrengsten kaartverkoop Reguliere dienst | F1: Instructie | G1: Vul de oranje cellen in
A2: terug
A4: Jaar | B4: 2029
B5: Aantal | C5: Wintertarief | D5: Aantal | E5: Zomertarief | F5: Aantal | G5: Eilandbewonertarief | H5: Totaal Opbrengsten
A6: Soort Reisproduct personen
A7: Reguliere dienst kind 4 tot 11 jaar | C7: 0 | E7: 0 | G7: 0 | H7: =(B7*C7)+(D7*E7)+(F7*G7) -> 0
A8: Reguliere dienst vanaf 11 jaar | C8: 0 | E8: 0 | G8: 0 | H8: =(B8*C8)+(D8*E8)+(F8*G8) -> 0
A9: <tekst> | C9: 0 | E9: 0 | G9: 0 | H9: =(B9*C9)+(D9*E9)+(F9*G9) -> 0
A10: <tekst> | C10: 0 | E10: 0 | G10: 0 | H10: =(B10*C10)+(D10*E10)+(F10*G10) -> 0
A11: Totaal Reisproduct personen | H11: =SUM(H7:H10) -> 0
A13: Soort Reisproduct voertuigen
A14: Personenauto | C14: 0 | E14: 0 | G14: 0 | H14: =(B14*C14)+(D14*E14)+(F14*G14) -> 0
A15: Personenauto + aanhangwagen | C15: 0 | E15: 0 | G15: 0 | H15: =(B15*C15)+(D15*E15)+(F15*G15) -> 0
A16: Motor | C16: 0 | E16: 0 | G16: 0 | H16: =(B16*C16)+(D16*E16)+(F16*G16) -> 0
A17: Brommer | C17: 0 | E17: 0 | G17: 0 | H17: =(B17*C17)+(D17*E17)+(F17*G17) -> 0
A18: Fiets | C18: 0 | E18: 0 | G18: 0 | H18: =(B18*C18)+(D18*E18)+(F18*G18) -> 0
A19: <tekst> | C19: 0 | E19: 0 | G19: 0 | H19: =(B19*C19)+(D19*E19)+(F19*G19) -> 0
A20: <tekst> | C20: 0 | E20: 0 | G20: 0 | H20: =(B20*C20)+(D20*E20)+(F20*G20) -> 0
A21: Totaal Reisproduct voertuigen | H21: =SUM(H14:H20) -> 0
A23: Totaal Reisproduct Vrachtwagens | C23: 0 | E23: 0 | G23: 0 | H23: =(B23*C23)+(D23*E23)+(F23*G23) -> 0
A25: Soort Reisproduct overig
A26: <tekst> | C26: 0 | E26: 0 | G26: 0 | H26: =(B26*C26)+(D26*E26)+(F26*G26) -> 0
A27: <tekst> | C27: 0 | E27: 0 | G27: 0 | H27: =(B27*C27)+(D27*E27)+(F27*G27) -> 0
A28: Totaal Reisproduct overig | H28: =SUM(H26:H27) -> 0
A30: Totaal Opbrengsten | H30: =H11+H21+H23+H28 -> 0
A33: Jaar | B33: 2030
B34: Aantal | C34: Wintertarief | D34: Aantal | E34: Zomertarief | F34: Aantal | G34: Eilandbewonertarief | H34: Totaal Opbrengsten
A35: Soort Reisproduct personen
A36: Reguliere dienst kind 4 tot 11 jaar | C36: 0 | E36: 0 | G36: 0 | H36: =(B36*C36)+(D36*E36)+(F36*G36) -> 0
A37: Reguliere dienst vanaf 11 jaar | C37: 0 | E37: 0 | G37: 0 | H37: =(B37*C37)+(D37*E37)+(F37*G37) -> 0
A38: Sneldienst toeslag | C38: 0 | E38: 0 | G38: 0 | H38: =(B38*C38)+(D38*E38)+(F38*G38) -> 0
A39: <tekst> | C39: 0 | E39: 0 | G39: 0 | H39: =(B39*C39)+(D39*E39)+(F39*G39) -> 0
A40: Totaal Reisproduct personen | H40: =SUM(H36:H39) -> 0
A42: Soort Reisproduct voertuigen
A43: Personenauto | C43: 0 | E43: 0 | G43: 0 | H43: =(B43*C43)+(D43*E43)+(F43*G43) -> 0
A44: Personenauto + aanhangwagen | C44: 0 | E44: 0 | G44: 0 | H44: =(B44*C44)+(D44*E44)+(F44*G44) -> 0
A45: Motor | C45: 0 | E45: 0 | G45: 0 | H45: =(B45*C45)+(D45*E45)+(F45*G45) -> 0
A46: Brommer | C46: 0 | E46: 0 | G46: 0 | H46: =(B46*C46)+(D46*E46)+(F46*G46) -> 0
A47: Fiets | C47: 0 | E47: 0 | G47: 0 | H47: =(B47*C47)+(D47*E47)+(F47*G47) -> 0
A48: <tekst> | C48: 0 | E48: 0 | G48: 0 | H48: =(B48*C48)+(D48*E48)+(F48*G48) -> 0
A49: <tekst> | C49: 0 | E49: 0 | G49: 0 | H49: =(B49*C49)+(D49*E49)+(F49*G49) -> 0
A50: Totaal Reisproduct voertuigen | H50: =SUM(H43:H49) -> 0
A52: Totaal Reisproduct Vrachtwagens | C52: 0 | E52: 0 | G52: 0 | H52: =(B52*C52)+(D52*E52)+(F52*G52) -> 0
A54: Soort Reisproduct overig
A55: <tekst> | C55: 0 | E55: 0 | G55: 0 | H55: =(B55*C55)+(D55*E55)+(F55*G55) -> 0
A56: <tekst> | C56: 0 | E56: 0 | G56: 0 | H56: =(B56*C56)+(D56*E56)+(F56*G56) -> 0
A57: Totaal Reisproduct overig | H57: =SUM(H55:H56) -> 0
A59: Totaal Opbrengsten | H59: =H40+H50+H52+H57 -> 0
A62: Jaar | B62: 2031
B63: Aantal | C63: Wintertarief | D63: Aantal | E63: Zomertarief | F63: Aantal | G63: Eilandbewonertarief | H63: Totaal Opbrengsten
A64: Soort Reisproduct personen
A65: Reguliere dienst kind 4 tot 11 jaar | C65: 0 | E65: 0 | G65: 0 | H65: =(B65*C65)+(D65*E65)+(F65*G65) -> 0
A66: Reguliere dienst vanaf 11 jaar | C66: 0 | E66: 0 | G66: 0 | H66: =(B66*C66)+(D66*E66)+(F66*G66) -> 0
A67: Sneldienst toeslag | C67: 0 | E67: 0 | G67: 0 | H67: =(B67*C67)+(D67*E67)+(F67*G67) -> 0
A68: <tekst> | C68: 0 | E68: 0 | G68: 0 | H68: =(B68*C68)+(D68*E68)+(F68*G68) -> 0
A69: Totaal Reisproduct personen | H69: =SUM(H65:H68) -> 0
A71: Soort Reisproduct voertuigen
A72: Personenauto | C72: 0 | E72: 0 | G72: 0 | H72: =(B72*C72)+(D72*E72)+(F72*G72) -> 0
A73: Personenauto + aanhangwagen | C73: 0 | E73: 0 | G73: 0 | H73: =(B73*C73)+(D73*E73)+(F73*G73) -> 0
A74: Motor | C74: 0 | E74: 0 | G74: 0 | H74: =(B74*C74)+(D74*E74)+(F74*G74) -> 0
A75: Brommer | C75: 0 | E75: 0 | G75: 0 | H75: =(B75*C75)+(D75*E75)+(F75*G75) -> 0
A76: Fiets | C76: 0 | E76: 0 | G76: 0 | H76: =(B76*C76)+(D76*E76)+(F76*G76) -> 0
A77: <tekst> | C77: 0 | E77: 0 | G77: 0 | H77: =(B77*C77)+(D77*E77)+(F77*G77) -> 0
A78: <tekst> | C78: 0 | E78: 0 | G78: 0 | H78: =(B78*C78)+(D78*E78)+(F78*G78) -> 0
A79: Totaal Reisproduct voertuigen | H79: =SUM(H72:H78) -> 0
A81: Totaal Reisproduct Vrachtwagens | C81: 0 | E81: 0 | G81: 0 | H81: =(B81*C81)+(D81*E81)+(F81*G81) -> 0
A83: Soort Reisproduct overig
A84: <tekst> | C84: 0 | E84: 0 | G84: 0 | H84: =(B84*C84)+(D84*E84)+(F84*G84) -> 0
A85: <tekst> | C85: 0 | E85: 0 | G85: 0 | H85: =(B85*C85)+(D85*E85)+(F85*G85) -> 0
A86: Totaal Reisproduct overig | H86: =SUM(H84:H85) -> 0
A88: Totaal Opbrengsten | H88: =H69+H79+H81+H86 -> 0
A91: Jaar | B91: 2032
B92: Aantal | C92: Wintertarief | D92: Aantal | E92: Zomertarief | F92: Aantal | G92: Eilandbewonertarief | H92: Totaal Opbrengsten
A93: Soort Reisproduct personen
A94: Reguliere dienst kind 4 tot 11 jaar | C94: 0 | E94: 0 | G94: 0 | H94: =(B94*C94)+(D94*E94)+(F94*G94) -> 0
A95: Reguliere dienst vanaf 11 jaar | C95: 0 | E95: 0 | G95: 0 | H95: =(B95*C95)+(D95*E95)+(F95*G95) -> 0
A96: Sneldienst toeslag | C96: 0 | E96: 0 | G96: 0 | H96: =(B96*C96)+(D96*E96)+(F96*G96) -> 0
A97: <tekst> | C97: 0 | E97: 0 | G97: 0 | H97: =(B97*C97)+(D97*E97)+(F97*G97) -> 0
A98: Totaal Reisproduct personen | H98: =SUM(H94:H97) -> 0
A100: Soort Reisproduct voertuigen
A101: Personenauto | C101: 0 | E101: 0 | G101: 0 | H101: =(B101*C101)+(D101*E101)+(F101*G101) -> 0
A102: Personenauto + aanhangwagen | C102: 0 | E102: 0 | G102: 0 | H102: =(B102*C102)+(D102*E102)+(F102*G102) -> 0
A103: Motor | C103: 0 | E103: 0 | G103: 0 | H103: =(B103*C103)+(D103*E103)+(F103*G103) -> 0
A104: Brommer | C104: 0 | E104: 0 | G104: 0 | H104: =(B104*C104)+(D104*E104)+(F104*G104) -> 0
A105: Fiets | C105: 0 | E105: 0 | G105: 0 | H105: =(B105*C105)+(D105*E105)+(F105*G105) -> 0
A106: <tekst> | C106: 0 | E106: 0 | G106: 0 | H106: =(B106*C106)+(D106*E106)+(F106*G106) -> 0
A107: <tekst> | C107: 0 | E107: 0 | G107: 0 | H107: =(B107*C107)+(D107*E107)+(F107*G107) -> 0
A108: Totaal Reisproduct voertuigen | H108: =SUM(H101:H107) -> 0
A110: Totaal Reisproduct Vrachtwagens | C110: 0 | E110: 0 | G110: 0 | H110: =(B110*C110)+(D110*E110)+(F110*G110) -> 0
A112: Soort Reisproduct overig
A113: <tekst> | C113: 0 | E113: 0 | G113: 0 | H113: =(B113*C113)+(D113*E113)+(F113*G113) -> 0
A114: <tekst> | C114: 0 | E114: 0 | G114: 0 | H114: =(B114*C114)+(D114*E114)+(F114*G114) -> 0
A115: Totaal Reisproduct overig | H115: =SUM(H113:H114) -> 0
A117: Totaal Opbrengsten | H117: =H98+H108+H110+H115 -> 0
A120: Jaar | B120: 2033
B121: Aantal | C121: Wintertarief | D121: Aantal | E121: Zomertarief | F121: Aantal | G121: Eilandbewonertarief | H121: Totaal Opbrengsten
A122: Soort Reisproduct personen
A123: Reguliere dienst kind 4 tot 11 jaar | C123: 0 | E123: 0 | G123: 0 | H123: =(B123*C123)+(D123*E123)+(F123*G123) -> 0
A124: Reguliere dienst vanaf 11 jaar | C124: 0 | E124: 0 | G124: 0 | H124: =(B124*C124)+(D124*E124)+(F124*G124) -> 0
A125: Sneldienst toeslag | C125: 0 | E125: 0 | G125: 0 | H125: =(B125*C125)+(D125*E125)+(F125*G125) -> 0
...

Sheet G.02
A1: G.02 Opbrengsten kaartverkoop Sneldienst | F1: Instructie | G1: Vul de oranje cellen in
A2: terug
A6: Jaar | B6: 2029
B7: Aantal | C7: Wintertarief | D7: Aantal | E7: Zomertarief | F7: Aantal | G7: Eilandbewoner wintertarief | H7: Totaal opbrengsten
A8: Soort Reisproduct Sneldienst
A9: Sneldienst kind tot 4 jaar | C9: 0 | E9: 0 | G9: 0 | H9: =(B9*C9)+(D9*E9)+(F9*G9) -> 0
A10: Sneldienst kind 4 tot 11 jaar | C10: 0 | E10: 0 | G10: 0 | H10: =(B10*C10)+(D10*E10)+(F10*G10) -> 0
A11: Sneldienst vanaf 11 jaar | C11: 0 | E11: 0 | G11: 0 | H11: =(B11*C11)+(D11*E11)+(F11*G11) -> 0
A12: <tekst> | C12: 0 | E12: 0 | G12: 0 | H12: =(B12*C12)+(D12*E12)+(F12*G12) -> 0
A13: Totaal Opbrengsten Sneldienst | H13: =SUM(H9:H12) -> 0
A16: Jaar | B16: 2030
B17: Aantal | C17: Wintertarief | D17: Aantal | E17: Zomertarief | F17: Aantal | G17: Eilandbewoner wintertarief | H17: Totaal opbrengsten
A18: Soort Reisproduct Sneldienst
A19: Sneldienst kind tot 4 jaar | C19: 0 | E19: 0 | G19: 0 | H19: =(B19*C19)+(D19*E19)+(F19*G19) -> 0
A20: Sneldienst kind 4 tot 11 jaar | C20: 0 | E20: 0 | G20: 0 | H20: =(B20*C20)+(D20*E20)+(F20*G20) -> 0
A21: Sneldienst vanaf 11 jaar | C21: 0 | E21: 0 | G21: 0 | H21: =(B21*C21)+(D21*E21)+(F21*G21) -> 0
A22: <tekst> | C22: 0 | E22: 0 | G22: 0 | H22: =(B22*C22)+(D22*E22)+(F22*G22) -> 0
A23: Totaal Opbrengsten Sneldienst | H23: =SUM(H19:H22) -> 0
A26: Jaar | B26: 2031
B27: Aantal | C27: Wintertarief | D27: Aantal | E27: Zomertarief | F27: Aantal | G27: Eilandbewoner wintertarief | H27: Totaal opbrengsten
A28: Soort Reisproduct Sneldienst
A29: Sneldienst kind tot 4 jaar | C29: 0 | E29: 0 | G29: 0 | H29: =(B29*C29)+(D29*E29)+(F29*G29) -> 0
A30: Sneldienst kind 4 tot 11 jaar | C30: 0 | E30: 0 | G30: 0 | H30: =(B30*C30)+(D30*E30)+(F30*G30) -> 0
A31: Sneldienst vanaf 11 jaar | C31: 0 | E31: 0 | G31: 0 | H31: =(B31*C31)+(D31*E31)+(F31*G31) -> 0
A32: <tekst> | C32: 0 | E32: 0 | G32: 0 | H32: =(B32*C32)+(D32*E32)+(F32*G32) -> 0
A33: Totaal Opbrengsten Sneldienst | H33: =SUM(H29:H32) -> 0
A36: Jaar | B36: 2032
B37: Aantal | C37: Wintertarief | D37: Aantal | E37: Zomertarief | F37: Aantal | G37: Eilandbewoner wintertarief | H37: Totaal opbrengsten
A38: Soort Reisproduct Sneldienst
A39: Sneldienst kind tot 4 jaar | C39: 0 | E39: 0 | G39: 0 | H39: =(B39*C39)+(D39*E39)+(F39*G39) -> 0
A40: Sneldienst kind 4 tot 11 jaar | C40: 0 | E40: 0 | G40: 0 | H40: =(B40*C40)+(D40*E40)+(F40*G40) -> 0
A41: Sneldienst vanaf 11 jaar | C41: 0 | E41: 0 | G41: 0 | H41: =(B41*C41)+(D41*E41)+(F41*G41) -> 0
A42: <tekst> | C42: 0 | E42: 0 | G42: 0 | H42: =(B42*C42)+(D42*E42)+(F42*G42) -> 0
A43: Totaal Opbrengsten Sneldienst | H43: =SUM(H39:H42) -> 0
A46: Jaar | B46: 2033
B47: Aantal | C47: Wintertarief | D47: Aantal | E47: Zomertarief | F47: Aantal | G47: Eilandbewoner wintertarief | H47: Totaal opbrengsten
A48: Soort Reisproduct Sneldienst
A49: Sneldienst kind tot 4 jaar | C49: 0 | E49: 0 | G49: 0 | H49: =(B49*C49)+(D49*E49)+(F49*G49) -> 0
A50: Sneldienst kind 4 tot 11 jaar | C50: 0 | E50: 0 | G50: 0 | H50: =(B50*C50)+(D50*E50)+(F50*G50) -> 0
A51: Sneldienst vanaf 11 jaar | C51: 0 | E51: 0 | G51: 0 | H51: =(B51*C51)+(D51*E51)+(F51*G51) -> 0
A52: <tekst> | C52: 0 | E52: 0 | G52: 0 | H52: =(B52*C52)+(D52*E52)+(F52*G52) -> 0
A53: Totaal Opbrengsten Sneldienst | H53: =SUM(H49:H52) -> 0
A56: Jaar | B56: 2034
B57: Aantal | C57: Wintertarief | D57: Aantal | E57: Zomertarief | F57: Aantal | G57: Eilandbewoner wintertarief | H57: Totaal opbrengsten
A58: Soort Reisproduct Sneldienst
A59: Sneldienst kind tot 4 jaar | C59: 0 | E59: 0 | G59: 0 | H59: =(B59*C59)+(D59*E59)+(F59*G59) -> 0
A60: Sneldienst kind 4 tot 11 jaar | C60: 0 | E60: 0 | G60: 0 | H60: =(B60*C60)+(D60*E60)+(F60*G60) -> 0
A61: Sneldienst vanaf 11 jaar | C61: 0 | E61: 0 | G61: 0 | H61: =(B61*C61)+(D61*E61)+(F61*G61) -> 0
A62: <tekst> | C62: 0 | E62: 0 | G62: 0 | H62: =(B62*C62)+(D62*E62)+(F62*G62) -> 0
A63: Totaal Opbrengsten Sneldienst | H63: =SUM(H59:H62) -> 0
A66: Jaar | B66: 2035
B67: Aantal | C67: Wintertarief | D67: Aantal | E67: Zomertarief | F67: Aantal | G67: Eilandbewoner wintertarief | H67: Totaal opbrengsten
A68: Soort Reisproduct Sneldienst
A69: Sneldienst kind tot 4 jaar | C69: 0 | E69: 0 | G69: 0 | H69: =(B69*C69)+(D69*E69)+(F69*G69) -> 0
A70: Sneldienst kind 4 tot 11 jaar | C70: 0 | E70: 0 | G70: 0 | H70: =(B70*C70)+(D70*E70)+(F70*G70) -> 0
A71: Sneldienst vanaf 11 jaar | C71: 0 | E71: 0 | G71: 0 | H71: =(B71*C71)+(D71*E71)+(F71*G71) -> 0
A72: <tekst> | C72: 0 | E72: 0 | G72: 0 | H72: =(B72*C72)+(D72*E72)+(F72*G72) -> 0
A73: Totaal Opbrengsten Sneldienst | H73: =SUM(H69:H72) -> 0
A76: Jaar | B76: 2036
B77: Aantal | C77: Wintertarief | D77: Aantal | E77: Zomertarief | F77: Aantal | G77: Eilandbewoner wintertarief | H77: Totaal opbrengsten
A78: Soort Reisproduct Sneldienst
A79: Sneldienst kind tot 4 jaar | C79: 0 | E79: 0 | G79: 0 | H79: =(B79*C79)+(D79*E79)+(F79*G79) -> 0
A80: Sneldienst kind 4 tot 11 jaar | C80: 0 | E80: 0 | G80: 0 | H80: =(B80*C80)+(D80*E80)+(F80*G80) -> 0
A81: Sneldienst vanaf 11 jaar | C81: 0 | E81: 0 | G81: 0 | H81: =(B81*C81)+(D81*E81)+(F81*G81) -> 0
A82: <tekst> | C82: 0 | E82: 0 | G82: 0 | H82: =(B82*C82)+(D82*E82)+(F82*G82) -> 0
A83: Totaal Opbrengsten Sneldienst | H83: =SUM(H79:H82) -> 0

Sheet L.01
A1: M.01 Gemiddelde rendement over 3 jaar (RONA) | G1: Instructie | H1: Vul de oranje cellen in
A2: terug
B3: 2029 1 jan | C3: 2029 | D3: =C3+1 -> 2030 | E3: =D3+1 -> 2031 | F3: =E3+1 -> 2032 | G3: =F3+1 -> 2033 | H3: =G3+1 -> 2034 | I3: =H3+1 -> 2035 | J3: =I3+1 -> 2036
A4: EBIT | C4: ='Winst en verlies rekening'!F65 -> 0 | D4: ='Winst en verlies rekening'!G65 -> 0 | E4: ='Winst en verlies rekening'!H65 -> 0 | F4: ='Winst en verlies rekening'!I65 -> 0 | G4: ='Winst en verlies rekening'!J65 -> 0 | H4: ='Winst en verlies rekening'!K65 -> 0 | I4: ='Winst en verlies rekening'!L65 -> 0 | J4: ='Winst en verlies rekening'!M65 -> 0
A6: Materiele vaste activa | B6: =Balans!B11 -> 0 | C6: =Balans!C11 -> 0 | D6: =Balans!D11 -> 0 | E6: =Balans!E11 -> 0 | F6: =Balans!F11 -> 0 | G6: =Balans!G11 -> 0 | H6: =Balans!H11 -> 0 | I6: =Balans!I11 -> 0 | J6: =Balans!J11 -> 0
A7: Vorderingen deelnemingen
A8: Vlottende activa | B8: =Balans!B15 -> 0 | C8: =Balans!C15 -> 0 | D8: =Balans!D15 -> 0 | E8: =Balans!E15 -> 0 | F8: =Balans!F15 -> 0 | G8: =Balans!G15 -> 0 | H8: =Balans!H15 -> 0 | I8: =Balans!I15 -> 0 | J8: =Balans!J15 -> 0
A9: Liquide middelen | B9: =Balans!B17 -> 0 | C9: =Balans!C17 -> 0 | D9: =Balans!D17 -> 0 | E9: =Balans!E17 -> 0 | F9: =Balans!F17 -> 0 | G9: =Balans!G17 -> 0 | H9: =Balans!H17 -> 0 | I9: =Balans!I17 -> 0 | J9: =Balans!J17 -> 0
A10: Correctie excess cash
A11: Kortlopende schulden | B11: =Balans!B34 -> 0 | C11: =Balans!C34 -> 0 | D11: =Balans!D34 -> 0 | E11: =Balans!E34 -> 0 | F11: =Balans!F34 -> 0 | G11: =Balans!G34 -> 0 | H11: =Balans!H34 -> 0 | I11: =Balans!I34 -> 0 | J11: =Balans!J34 -> 0
A13: Netto activa waarde | B13: =SUM(B6:B11) -> 0 | C13: =SUM(C6:C11) -> 0 | D13: =SUM(D6:D11) -> 0 | E13: =SUM(E6:E11) -> 0 | F13: =SUM(F6:F11) -> 0 | G13: =SUM(G6:G11) -> 0 | H13: =SUM(H6:H11) -> 0 | I13: =SUM(I6:I11) -> 0 | J13: =SUM(J6:J11) -> 0
A15: Genormaliseerde activawaarde | E15: =(((B13+C13)/2)+((C13+D13)/2)+((D13+E13)/2))/3 -> 0 | F15: =(((C13+D13)/2)+((D13+E13)/2)+((E13+F13)/2))/3 -> 0 | G15: =(((D13+E13)/2)+((E13+F13)/2)+((F13+G13)/2))/3 -> 0 | H15: =(((E13+F13)/2)+((F13+G13)/2)+((G13+H13)/2))/3 -> 0 | I15: =(((F13+G13)/2)+((G13+H13)/2)+((H13+I13)/2))/3 -> 0 | J15: =(((G13+H13)/2)+((H13+I13)/2)+((I13+J13)/2))/3 -> 0
A17: Gemiddelde rendement jaar T (RONA) | E17: =IFERROR(((C4+D4+E4)/3) /((((B13+C13)/2) +((C13+D13)/2) + ((D13+E13)/2) ) / 3), 0) -> 0 | F17: =IFERROR(((D4+E4+F4)/3) /((((C13+D13)/2) +((D13+E13)/2) + ((E13+F13)/2) ) / 3), 0) -> 0 | G17: =IFERROR(((E4+F4+G4)/3) /((((D13+E13)/2) +((E13+F13)/2) + ((F13+G13)/2) ) / 3), 0) -> 0 | H17: =IFERROR(((F4+G4+H4)/3) /((((E13+F13)/2) +((F13+G13)/2) + ((G13+H13)/2) ) / 3), 0) -> 0 | I17: =IFERROR(((G4+H4+I4)/3) /((((F13+G13)/2) +((G13+H13)/2) + ((H13+I13)/2) ) / 3), 0) -> 0 | J17: =IFERROR(((H4+I4+J4)/3) /((((G13+H13)/2) +((H13+I13)/2) + ((I13+J13)/2) ) / 3), 0) -> 0
A19: Maximale rendement | E19: 0.13 | F19: 0.13 | G19: 0.13 | H19: 0.13 | I19: 0.13 | J19: 0.13

Sheet Balans
A1: Balans 31 december | F1: Instructie | G1: Vul de oranje cellen in
A2: Terug
A4: Activa | B4: 2029 1 jan | C4: 2029 | D4: =C4+1 -> 2030 | E4: =D4+1 -> 2031 | F4: =E4+1 -> 2032 | G4: =F4+1 -> 2033 | H4: =G4+1 -> 2034 | I4: =H4+1 -> 2035 | J4: =I4+1 -> 2036
A5: Materiële vaste activa
A6: Gebouwen en terreinen
A7: Schepen | B7: =B.01!O8 -> 0 | C7: =(B.01!O37) -> 0 | D7: =(B.01!O38) -> 0 | E7: =(B.01!O39) -> 0 | F7: =(B.01!O40) -> 0 | G7: =(B.01!O41) -> 0 | H7: =(B.01!O42) -> 0 | I7: =(B.01!O43) -> 0 | J7: =(B.01!O44) -> 0
A8: Installaties
A9: Inrichting
A10: Overige bedrijfsmiddelen
A11: Totaal materiële vaste activa | B11: =SUM(B6:B10) -> 0 | C11: =SUM(C6:C10) -> 0 | D11: =SUM(D6:D10) -> 0 | E11: =SUM(E6:E10) -> 0 | F11: =SUM(F6:F10) -> 0 | G11: =SUM(G6:G10) -> 0 | H11: =SUM(H6:H10) -> 0 | I11: =SUM(I6:I10) -> 0 | J11: =SUM(J6:J10) -> 0
A13: Financiële vaste activa
A15: Vlottende activa
A17: Liquide middelen
A19: Totaal activa | B19: =B11+B13+B15+B17 -> 0 | C19: =C11+C13+C15+C17 -> 0 | D19: =D11+D13+D15+D17 -> 0 | E19: =E11+E13+E15+E17 -> 0 | F19: =F11+F13+F15+F17 -> 0 | G19: =G11+G13+G15+G17 -> 0 | H19: =H11+H13+H15+H17 -> 0 | I19: =I11+I13+I15+I17 -> 0 | J19: =J11+J13+J15+J17 -> 0
A21: Credit (passiva) | B21: 2029 | C21: 2029 | D21: =C21+1 -> 2030 | E21: =D21+1 -> 2031 | F21: =E21+1 -> 2032 | G21: =F21+1 -> 2033 | H21: =G21+1 -> 2034 | I21: =H21+1 -> 2035 | J21: =I21+1 -> 2036
A22: Eigen vermogen
A23: Kapitaal en reserves
A24: Herwaarderingsreserve
A25: Totaal eigen vermogen | B25: =SUM(B23:B24) -> 0 | C25: =SUM(C23:C24) -> 0 | D25: =SUM(D23:D24) -> 0 | E25: =SUM(E23:E24) -> 0 | F25: =SUM(F23:F24) -> 0 | G25: =SUM(G23:G24) -> 0 | H25: =SUM(H23:H24) -> 0 | I25: =SUM(I23:I24) -> 0 | J25: =SUM(J23:J24) -> 0
A27: Lang vreemd vermogen
A28: Belastinglatentie
A29: Voorzieningen
A30: Langlopende schulden
A31: Aflossingsverplichting
A32: Totaal lang vreemd vermogen | B32: =SUM(B28:B31) -> 0 | C32: =SUM(C28:C31) -> 0 | D32: =SUM(D28:D31) -> 0 | E32: =SUM(E28:E31) -> 0 | F32: =SUM(F28:F31) -> 0 | G32: =SUM(G28:G31) -> 0 | H32: =SUM(H28:H31) -> 0 | I32: =SUM(I28:I31) -> 0 | J32: =SUM(J28:J31) -> 0
A34: Kort vreemd vermogen
A36: Totaal Passiva | B36: =(B25+B32+B34) -> 0 | C36: =(C25+C32+C34) -> 0 | D36: =(D25+D32+D34) -> 0 | E36: =(E25+E32+E34) -> 0 | F36: =(F25+F32+F34) -> 0 | G36: =(G25+G32+G34) -> 0 | H36: =(H25+H32+H34) -> 0 | I36: =(I25+I32+I34) -> 0 | J36: =(J25+J32+J34) -> 0
A38: Controle | B38: =B19-B36 -> 0 | C38: =C19-C36 -> 0 | D38: =D19-D36 -> 0 | E38: =E19-E36 -> 0 | F38: =F19-F36 -> 0 | G38: =G19-G36 -> 0 | H38: =H19-H36 -> 0 | I38: =I19-I36 -> 0 | J38: =J19-J36 -> 0

Sheet Kasstromenoverzicht
A1: Kasstromenoverzicht 31 december | F1: Instructie | G1: Vul de oranje cellen in
A2: terug
A4: Jaar | B4: 2029 | C4: =B4+1 -> 2030 | D4: =C4+1 -> 2031 | E4: =D4+1 -> 2032 | F4: =E4+1 -> 2033 | G4: =F4+1 -> 2034 | H4: =G4+1 -> 2035 | I4: =H4+1 -> 2036
A5: EBIT | B5: ='Winst en verlies rekening'!F65 -> 0 | C5: ='Winst en verlies rekening'!G65 -> 0 | D5: ='Winst en verlies rekening'!H65 -> 0 | E5: ='Winst en verlies rekening'!I65 -> 0 | F5: ='Winst en verlies rekening'!J65 -> 0 | G5: ='Winst en verlies rekening'!K65 -> 0 | H5: ='Winst en verlies rekening'!L65 -> 0 | I5: ='Winst en verlies rekening'!M65 -> 0
A7: Afschrijvingen schepen | B7: =B.01!O23 -> 0 | C7: =B.01!O24 -> 0 | D7: =B.01!O25 -> 0 | E7: =B.01!O26 -> 0 | F7: =B.01!O27 -> 0 | G7: =B.01!O28 -> 0 | H7: =B.01!O29 -> 0 | I7: =B.01!O30 -> 0
A8: Afschrijvingen installaties op locaties
A9: Afschrijvingen inrichting van locaties
A10: Mutaties
A11: <tekst>
A12: <tekst>
A13: Kastroom uit bedrijfsoperaties | B13: =B5+SUM(B7:B9)+SUM(B11:B12) -> 0 | C13: =C5+SUM(C7:C9)+SUM(C11:C12) -> 0 | D13: =D5+SUM(D7:D9)+SUM(D11:D12) -> 0 | E13: =E5+SUM(E7:E9)+SUM(E11:E12) -> 0 | F13: =F5+SUM(F7:F9)+SUM(F11:F12) -> 0 | G13: =G5+SUM(G7:G9)+SUM(G11:G12) -> 0 | H13: =H5+SUM(H7:H9)+SUM(H11:H12) -> 0 | I13: =I5+SUM(I7:I9)+SUM(I11:I12) -> 0
A15: Ontvangen interest
A16: Betaalde interest
A17: Betaalde vennootschapbelasting
A18: Kasstroom uit operationele activiteiten | B18: =B13+B15+B16+B17 -> 0 | C18: =C13+C15+C16+C17 -> 0 | D18: =D13+D15+D16+D17 -> 0 | E18: =E13+E15+E16+E17 -> 0 | F18: =F13+F15+F16+F17 -> 0 | G18: =G13+G15+G16+G17 -> 0 | H18: =H13+H15+H16+H17 -> 0 | I18: =I13+I15+I16+I17 -> 0
A20: Verstrekte langlopende leningen
A21: Investeringen materiële vaste activa
A22: Mutaties
A23: <tekst>
A24: <tekst>
A25: Kasstroom uit investeringsactiviteiten | B25: =SUM(B20:B24) -> 0 | C25: =SUM(C20:C24) -> 0 | D25: =SUM(D20:D24) -> 0 | E25: =SUM(E20:E24) -> 0 | F25: =SUM(F20:F24) -> 0 | G25: =SUM(G20:G24) -> 0 | H25: =SUM(H20:H24) -> 0 | I25: =SUM(I20:I24) -> 0
A27: Aflossingen langlopende schulden
A28: Kastroom uit financieringsactiviteiten | B28: =B27 -> 0 | C28: =C27 -> 0 | D28: =D27 -> 0 | E28: =E27 -> 0 | F28: =F27 -> 0 | G28: =G27 -> 0 | H28: =H27 -> 0 | I28: =I27 -> 0
A30: Nettokasstroom | B30: =B18+B25+B28 -> 0 | C30: =C18+C25+C28 -> 0 | D30: =D18+D25+D28 -> 0 | E30: =E18+E25+E28 -> 0 | F30: =F18+F25+F28 -> 0 | G30: =G18+G25+G28 -> 0 | H30: =H18+H25+H28 -> 0 | I30: =I18+I25+I28 -> 0

Sheet Verwachte afvaarten 
A1: Verwachte afvaarten | F1: Instructie | G1: Vul de oranje cellen in
A2: terug
A4: Ameland - Holwerd v.v
B5: 2029 | C5: =B5+1 -> 2030 | D5: =C5+1 -> 2031 | E5: =D5+1 -> 2032 | F5: =E5+1 -> 2033 | G5: =F5+1 -> 2034 | H5: =G5+1 -> 2035 | I5: =H5+1 -> 2036
A6: Reguliere Dienst | B6: =SUM(B7:B9) -> 0 | C6: =SUM(C7:C9) -> 0 | D6: =SUM(D7:D9) -> 0 | E6: =SUM(E7:E9) -> 0 | F6: =SUM(F7:F9) -> 0 | G6: =SUM(G7:G9) -> 0 | H6: =SUM(H7:H9) -> 0 | I6: =SUM(I7:I9) -> 0
A7: <Schip>
A8: <Schip>
A9: <Schip>
A10: Sneldienst | B10: =SUM(B11:B12) -> 0 | C10: =SUM(C11:C12) -> 0 | D10: =SUM(D11:D12) -> 0 | E10: =SUM(E11:E12) -> 0 | F10: =SUM(F11:F12) -> 0 | G10: =SUM(G11:G12) -> 0 | H10: =SUM(H11:H12) -> 0 | I10: =SUM(I11:I12) -> 0
A11: <Schip>
A12: <Schip>
A13: Extra Reguliere Dienst | B13: =SUM(B14:B16) -> 0 | C13: =SUM(C14:C16) -> 0 | D13: =SUM(D14:D16) -> 0 | E13: =SUM(E14:E16) -> 0 | F13: =SUM(F14:F16) -> 0 | G13: =SUM(G14:G16) -> 0 | H13: =SUM(H14:H16) -> 0 | I13: =SUM(I14:I16) -> 0
A14: <Schip>
A15: <Schip>
A16: <Schip>
A17: Extra Sneldienst | B17: =SUM(B18:B19) -> 0 | C17: =SUM(C18:C19) -> 0 | D17: =SUM(D18:D19) -> 0 | E17: =SUM(E18:E19) -> 0 | F17: =SUM(F18:F19) -> 0 | G17: =SUM(G18:G19) -> 0 | H17: =SUM(H18:H19) -> 0 | I17: =SUM(I18:I19) -> 0
A18: <Schip>
A19: <Schip>
A20: Totaal | B20: =B6+B10+B13+B17 -> 0 | C20: =C6+C10+C13+C17 -> 0 | D20: =D6+D10+D13+D17 -> 0 | E20: =E6+E10+E13+E17 -> 0 | F20: =F6+F10+F13+F17 -> 0 | G20: =G6+G10+G13+G17 -> 0 | H20: =H6+H10+H13+H17 -> 0 | I20: =I6+I10+I13+I17 -> 0
A23: Schiermonnikoog - Lauwersoog v.v.
B24: 2029 | C24: =B24+1 -> 2030 | D24: =C24+1 -> 2031 | E24: =D24+1 -> 2032 | F24: =E24+1 -> 2033 | G24: =F24+1 -> 2034 | H24: =G24+1 -> 2035 | I24: =H24+1 -> 2036
A25: Reguliere Dienst | B25: =SUM(B26:B28) -> 0 | C25: =SUM(C26:C28) -> 0 | D25: =SUM(D26:D28) -> 0 | E25: =SUM(E26:E28) -> 0 | F25: =SUM(F26:F28) -> 0 | G25: =SUM(G26:G28) -> 0 | H25: =SUM(H26:H28) -> 0 | I25: =SUM(I26:I28) -> 0
A26: <Schip>
A27: <Schip>
A28: <Schip>
A29: Sneldienst | B29: =SUM(B30:B31) -> 0 | C29: =SUM(C30:C31) -> 0 | D29: =SUM(D30:D31) -> 0 | E29: =SUM(E30:E31) -> 0 | F29: =SUM(F30:F31) -> 0 | G29: =SUM(G30:G31) -> 0 | H29: =SUM(H30:H31) -> 0 | I29: =SUM(I30:I31) -> 0
A30: <Schip>
A31: <Schip>
A32: Extra Reguliere Dienst | B32: =SUM(B33:B35) -> 0 | C32: =SUM(C33:C35) -> 0 | D32: =SUM(D33:D35) -> 0 | E32: =SUM(E33:E35) -> 0 | F32: =SUM(F33:F35) -> 0 | G32: =SUM(G33:G35) -> 0 | H32: =SUM(H33:H35) -> 0 | I32: =SUM(I33:I35) -> 0
A33: <Schip>
A34: <Schip>
A35: <Schip>
A36: Extra Sneldienst | B36: =SUM(B37:B38) -> 0 | C36: =SUM(C37:C38) -> 0 | D36: =SUM(D37:D38) -> 0 | E36: =SUM(E37:E38) -> 0 | F36: =SUM(F37:F38) -> 0 | G36: =SUM(G37:G38) -> 0 | H36: =SUM(H37:H38) -> 0 | I36: =SUM(I37:I38) -> 0
A37: <Schip>
A38: <Schip>
A39: Totaal | B39: =B25+B29+B32+B36 -> 0 | C39: =C25+C29+C32+C36 -> 0 | D39: =D25+D29+D32+D36 -> 0 | E39: =E25+E29+E32+E36 -> 0 | F39: =F25+F29+F32+F36 -> 0 | G39: =G25+G29+G32+G36 -> 0 | H39: =H25+H29+H32+H36 -> 0 | I39: =I25+I29+I32+I36 -> 0
A42: Vlieland - Terschelling v.v.
B43: 2029 | C43: =B43+1 -> 2030 | D43: =C43+1 -> 2031 | E43: =D43+1 -> 2032 | F43: =E43+1 -> 2033 | G43: =F43+1 -> 2034 | H43: =G43+1 -> 2035 | I43: =H43+1 -> 2036
A44: <Schip>
A45: Totaal | B45: =SUM(B44) -> 0 | C45: =SUM(C44) -> 0 | D45: =SUM(D44) -> 0 | E45: =SUM(E44) -> 0 | F45: =SUM(F44) -> 0 | G45: =SUM(G44) -> 0 | H45: =SUM(H44) -> 0 | I45: =SUM(I44) -> 0
